Workbook
Name Slicer_Economy3: #N/A
Name Slicer_Type: #N/A
Name Slicer_Type1: #N/A
Name Slicer_Type2: #N/A
Name vActivity: '[1]Auxiliary Tables'!$O$7:$O$100
Name vContract: '[1]Auxiliary Tables'!$H$7:$H$16
Name vCostFinan: '[1]Auxiliary Tables'!$G$7:$G$26
Name vCostSource: '[1]Auxiliary Tables'!$E$7:$E$10
Name vCosttype: '[1]Auxiliary Tables'!$D$7:$D$9
Name vCurrency: '[2]Auxiliary Tables'!$F$7:$F$212
Name vReportType: '[1]Auxiliary Tables'!$C$7:$C$20
Name vTerrain: '[1]Auxiliary Tables'!$P$7:$P$11
Name vType: '[1]Auxiliary Tables'!$N$7:$N$44

Sheet Home
C31: version November 2024
C33: Developed with the support of: Asian Development Bank and Asian Infrastructure Investment Bank
C39: See terms of use at https://asiantransportoutlook.com/termsofservice

Sheet Subregion
A2: < Home
C3: Cost of projects per subregion
C20: Average | D20: Minimum | E20: Maximum
B21: Central and West Asia | C21: 2.2514276 | D21: 0.0066515792 | E21: 23.005702 | F21: mln. USD (constant 2015) per km
B22: East Asia | C22: 61.648952 | D22: 0.039780414 | E22: 642.48167
B23: Pacific | C23: 50.15021 | D23: 0.0032152339 | E23: 838.8071
B24: South Asia | C24: 11.080432 | D24: 0.0012428374 | E24: 44.984376
B25: South East Asia | C25: 11.465041 | D25: 0.00036623889 | E25: 421.77454
B26: Iran & Russia | C26: 17.21009 | D26: 0.0049993192 | E26: 61.299853

Sheet Income
A2: < Home
C3: Cost of projects per income level
C20: Average | D20: Minimum | E20: Maximum
B21: High income | C21: 192.66991 | D21: 0.28492635 | E21: 838.8071 | F21: mln. USD (constant 2015) per km
B22: Upper middle income | C22: 44.236389 | D22: 0.0066515792 | E22: 105.74086
B23: Low and lower middle income | C23: 6.573396 | D23: 0.00036623889 | E23: 69.463026

Sheet Economy
A2: < Home
C3: Cost of projects per economy
C20: Average | D20: Minimum | E20: Maximum
B21: Afghanistan | C21: 0.42323899 | D21: 0.021636639 | E21: 2.1572666 | F21: mln. USD (constant 2015) per km
B22: Armenia | C22: 0.26748 | D22: 0.1647583 | E22: 0.3664949
B23: Australia | C23: 51.194047 | D23: 0.47616279 | E23: 202.15634
B24: Azerbaijan | C24: 1.1590775 | D24: 0.43829497 | E24: 2.3504643
B25: Bangladesh | C25: 1.2577783 | D25: 0.11270036 | E25: 2.0612762
B26: Cambodia | C26: 0.21059021 | D26: 0.04010478 | E26: 2.4572758
B27: Georgia | C27: 2.8970597 | D27: 0.072879414 | E27: 10.055679
B28: Hong Kong, China | C28: 462.74499 | D28: 254.80869 | E28: 642.48167
B29: India | C29: 12.955702 | D29: 0.021240759 | E29: 44.984376
B30: Indonesia | C30: 2.6441989 | D30: 0.051197475 | E30: 45.977011
B31: Iran (Islamic Republic of) | C31: 10.350928 | D31: 0.0049993192 | E31: 33.382551
B32: Japan | C32: 185.40698 | D32: 0.28492635 | E32: 478.25863
B33: Kazakhstan | C33: 0.35557776 | D33: 0.0066515792 | E33: 1.0524242
... B57: Kiribati | C57: 1.5705229 | D57: 1.5705229 | E57: 1.5705229

Sheet Typology
A2: < Home
C3: Cost of projects per project type
C20: Average | D20: Minimum | E20: Maximum
B21: Rail Transport (non-urban) | C21: 10.558212 | D21: 0.021240759 | E21: 73.895175 | F21: mln. USD (constant 2015) per km
B22: Heavy Railway Construction | C22: 7.0804927 | D22: 0.021240759 | E22: 51.689924
B23: Heavy Railway Electrification | C23: 0.19698357 | D23: 0.19698357 | E23: 0.19698357
B24: High Speed Railway | C24: 16.693952 | D24: 0.28492635 | E24: 73.895175
B25: Road Asset Management | C25: 0.16241653 | D25: 0.00036623889 | E25: 2.2155164
B26: Asphalt Mix Resurfacing | C26: 0.064550456 | D26: 0.01798452 | E26: 0.26225919
B27: Bituminous Pavement Preventive Treatment | C27: 0.022068798 | D27: 0.018612524 | E27: 0.024838552
B28: Gravel Resurfacing | C28: 0.0059326783 | D28: 0.0028683459 | E28: 0.0080696845
B29: Partial Widening and Reconstruction | C29: 0.38108645 | D29: 0.38108645 | E29: 0.38108645
B30: Reconstruction | C30: 0.28257642 | D30: 0.021636639 | E30: 1.0524242
B31: Routine Maintenance | C31: 0.0028500017 | D31: 0.00036623889 | E31: 0.0074469405
B32: Strengthening | C32: 0.25748731 | D32: 0.072879414 | E32: 0.63178095
B33: Surface Treatment Resurfacing | C33: 0.011036335 | D33: 0.0063958003 | E33: 0.016241215
... B47: Metro | C47: 88.570468 | D47: 0.0049993192 | E47: 838.8071

Sheet Output
A1: < Home
A2: ATO Country Code | B2: Economy | C2: City | D2: Region | E2: Income Level | F2: ADB Subregion | G2: Name of Project | H2: Project Type | I2: Typology (predominant) | J2: Type | K2: Length (km) | L2: Cost in Local Currency (M) | M2: Cost (M), USD 2015 constant | N2: Cost (M)/km, USD 2015 constant | O2: Year | P2: Remarks | Q2: Link/Source | R2: Link/Source2
A3: AFG | B3: Afghanistan | D3: Southern Asia | E3: Low and lower middle income | F3: Central and West Asia | G3: Afghanistan: Hairatan to Mazar-e-Sharif Railway Project | H3: Heavy Railway Construction | I3: Rail Transport (non-urban) | J3: Rail Transport (non-urban) - Heavy Railway Construction | K3: 75 | M3: 161.79499 | N3: 2.1572666 | Q3: AIIB Cost Database
A4: AFG | B4: Afghanistan | D4: Southern Asia | E4: Low and lower middle income | F4: Central and West Asia | G4: Afghanistan: Rural Access Project | H4: Widening and Reconstruction | I4: Road Construction | J4: Road Construction - Widening and Reconstruction | K4: 2550 | M4: 120.77544 | N4: 0.047362918 | Q4: AIIB Cost Database
A5: AFG | B5: Afghanistan | D5: Southern Asia | E5: Low and lower middle income | F5: Central and West Asia | G5: Afghanistan: Rural Access Project | H5: Widening and Reconstruction | I5: Road Construction | J5: Road Construction - Widening and Reconstruction | K5: 2550 | M5: 122.64594 | N5: 0.048096448 | Q5: AIIB Cost Database
A6: AFG | B6: Afghanistan | D6: Southern Asia | E6: Low and lower middle income | F6: Central and West Asia | G6: P078284 | H6: Strengthening | I6: Road Asset Management | J6: Road Asset Management - Strengthening | K6: 345 | L6: 4950.0895 | M6: 124.64476 | N6: 0.36128915 | O6: 39448 | Q6: https://www.doingbusiness.org/en/reports/thematic-reports/road-costs-knowledge-system
A7: AFG | B7: Afghanistan | D7: Southern Asia | E7: Low and lower middle income | F7: Central and West Asia | G7: P078284 | H7: Strengthening | I7: Road Asset Management | J7: Road Asset Management - Strengthening | K7: 175 | L7: 3383.8091 | M7: 85.205338 | N7: 0.48688765 | O7: 39448 | Q7: https://www.doingbusiness.org/en/reports/thematic-reports/road-costs-knowledge-system
A8: AFG | B8: Afghanistan | D8: Southern Asia | E8: Low and lower middle income | F8: Central and West Asia | G8: P078284 | H8: Strengthening | I8: Road Asset Management | J8: Road Asset Management - Strengthening | K8: 170 | L8: 1566.2805 | M8: 39.439418 | N8: 0.23199657 | O8: 39448 | Q8: https://www.doingbusiness.org/en/reports/thematic-reports/road-costs-knowledge-system
A9: AFG | B9: Afghanistan | D9: Southern Asia | E9: Low and lower middle income | F9: Central and West Asia | G9: P082472 | H9: Reconstruction | I9: Road Asset Management | J9: Road Asset Management - Reconstruction | K9: 2000 | L9: 1718.5368 | M9: 43.273278 | N9: 0.021636639 | O9: 39448 | Q9: https://www.doingbusiness.org/en/reports/thematic-reports/road-costs-knowledge-system
A10: AFG | B10: Afghanistan | D10: Southern Asia | E10: Low and lower middle income | F10: Central and West Asia | G10: P082472 | H10: Reconstruction | I10: Road Asset Management | J10: Road Asset Management - Reconstruction | K10: 1516.7 | L10: 1889.888 | M10: 47.587953 | N10: 0.031375983 | O10: 39448 | Q10: https://www.doingbusiness.org/en/reports/thematic-reports/road-costs-knowledge-system
A11: ARM | B11: Armenia | D11: Western Asia | E11: Upper middle income | F11: Central and West Asia | G11: P044829 | H11: Asphalt Mix Resurfacing | I11: Road Asset Management | J11: Road Asset Management - Asphalt Mix Resurfacing | K11: 11.6 | L11: 535.49372 | M11: 1.9111963 | N11: 0.1647583 | O11: 38353 | Q11: https://www.doingbusiness.org/en/reports/thematic-reports/road-costs-knowledge-system
A12: ARM | B12: Armenia | D12: Western Asia | E12: Upper middle income | F12: Central and West Asia | G12: P115486 | H12: Reconstruction | I12: Road Asset Management | J12: Road Asset Management - Reconstruction | K12: 99.8 | L12: 9844.977 | M12: 36.576191 | N12: 0.3664949 | O12: 39814 | Q12: https://www.doingbusiness.org/en/reports/thematic-reports/road-costs-knowledge-system
A13: ARM | B13: Armenia | D13: Western Asia | E13: Upper middle income | F13: Central and West Asia | G13: P115486 | H13: Reconstruction | I13: Road Asset Management | J13: Road Asset Management - Reconstruction | K13: 446 | L13: 47761.636 | M13: 120.94931 | N13: 0.2711868 | O13: 41640 | Q13: https://www.doingbusiness.org/en/reports/thematic-reports/road-costs-knowledge-system
A14: AUS | B14: Australia | D14: Australia and New Zealand | E14: High income | F14: Pacific | G14: Ballarat Line Duplication (Deer Park - Melton) | H14: Heavy Railway Construction | I14: Rail Transport (non-urban) | J14: Rail Transport (non-urban) - Heavy Railway Construction | K14: 18 | M14: 384.71779 | N14: 21.373211 | Q14: AIIB Cost Database
A15: AUS | B15: Australia | C15: Brisbane | D15: Australia and New Zealand | E15: High income | F15: Pacific | G15: Brisbane,BRTS | H15: BRTS | I15: Urban Public Transport | J15: Urban Public Transport - BRTS | K15: 28.4 | L15: 1735.1348 | M15: 1560.5062 | N15: 54.947403 | O15: 39814 | P15: Total System Cost (System's total planning and capital costs) | Q15: https://brtdata.org/
A16: AUS | B16: Australia | D16: Australia and New Zealand | E16: High income | F16: Pacific | G16: Eliwana Railway (Solomon Mine - Eliwana Iron Ore Mine) | H16: Heavy Railway Construction | I16: Rail Transport (non-urban) | J16: Rail Transport (non-urban) - Heavy Railway Construction | K16: 143 | M16: 736.97756 | N16: 5.1536892 | Q16: AIIB Cost Database
A17: AUS | B17: Australia | D17: Australia and New Zealand | E17: High income | F17: Pacific | G17: Mernda (Victoria) Extension | H17: Heavy Railway Construction | I17: Rail Transport (non-urban) | J17: Rail Transport (non-urban) - Heavy Railway Construction | K17: 8 | M17: 357.65403 | N17: 44.706754 | Q17: AIIB Cost Database
A18: AUS | B18: Australia | D18: Australia and New Zealand | E18: High income | F18: Pacific | G18: Moreton Bay Rail Link (Brisbane) | H18: Heavy Railway Construction | I18: Rail Transport (non-urban) | J18: Rail Transport (non-urban) - Heavy Railway Construction | K18: 14 | M18: 723.65894 | N18: 51.689924 | Q18: AIIB Cost Database
A19: AUS | B19: Australia | D19: Australia and New Zealand | E19: High income | F19: Pacific | G19: Roy Hill Mine - Port Hedland Railway | H19: Heavy Railway Construction | I19: Rail Transport (non-urban) | J19: Rail Transport (non-urban) - Heavy Railway Construction | K19: 344 | M19: 163.8 | N19: 0.47616279 | Q19: AIIB Cost Database
A20: AUS | B20: Australia | D20: Australia and New Zealand | E20: High income | F20: Pacific | G20: Sydney Metro Phase 1 Northwest (Northwest Rail Link) | H20: Metro | I20: Urban Public Transport | J20: Urban Public Transport - Metro | K20: 23 | M20: 4649.5959 | N20: 202.15634 | Q20: AIIB Cost Database
A21: AUS | B21: Australia | D21: Australia and New Zealand | E21: High income | F21: Pacific | G21: Victoria Regional Rail Link | H21: Heavy Railway Construction | I21: Rail Transport (non-urban) | J21: Rail Transport (non-urban) - Heavy Railway Construction | K21: 90 | M21: 2614.4 | N21: 29.048889 | Q21: AIIB Cost Database
A22: AZE | B22: Azerbaijan | D22: Western Asia | E22: Upper middle income | F22: Central and West Asia | G22: Azerbaijan: MFF-Road Network Development Program | H22: New 4L Expressway | I22: Road Construction | J22: Road Construction - New 4L Expressway | K22: 177 | M22: 416.03218 | N22: 2.3504643 | Q22: AIIB Cost Database
A23: AZE | B23: Azerbaijan | D23: Western Asia | E23: Upper middle income | F23: Central and West Asia | G23: Azerbaijan: Railway Sector Development Program | H23: Heavy Railway Construction | I23: Rail Transport (non-urban) | J23: Rail Transport (non-urban) - Heavy Railway Construction | K23: 166 | M23: 219.15291 | N23: 1.3201983 | Q23: AIIB Cost Database
A24: AZE | B24: Azerbaijan | D24: Western Asia | E24: Upper middle income | F24: Central and West Asia | G24: P040716 | H24: Reconstruction | I24: Road Asset Management | J24: Road Asset Management - Reconstruction | K24: 21.3 | L24: 6.028375 | M24: 9.3356828 | N24: 0.43829497 | O24: 39814 | Q24: https://www.doingbusiness.org/en/reports/thematic-reports/road-costs-knowledge-system
A25: AZE | B25: Azerbaijan | D25: Western Asia | E25: Upper middle income | F25: Central and West Asia | G25: P040716 | H25: Reconstruction | I25: Road Asset Management | J25: Road Asset Management - Reconstruction | K25: 72.7 | L25: 24.756527 | M25: 38.338537 | N25: 0.52735265 | O25: 39814 | Q25: https://www.doingbusiness.org/en/reports/thematic-reports/road-costs-knowledge-system
A26: BGD | B26: Bangladesh | D26: Southern Asia | E26: Low and lower middle income | F26: South Asia | G26: Bangladesh: City Region Development Project | H26: Widening and Reconstruction | I26: Road Construction | J26: Road Construction - Widening and Reconstruction | K26: 258.76 | M26: 234.27207 | N26: 0.90536433 | Q26: AIIB Cost Database
A27: BGD | B27: Bangladesh | D27: Southern Asia | E27: Low and lower middle income | F27: South Asia | G27: Bangladesh: Sylhet to Tamabil Road Upgrade Project | H27: Widening | I27: Road Construction | J27: Road Construction - Widening | K27: 286 | M27: 348.48401 | N27: 1.2184756 | Q27: AIIB Cost Database
A28: BGD | B28: Bangladesh | D28: Southern Asia | E28: Low and lower middle income | F28: South Asia | G28: Dhaka MRT-5 (Southern Route) | H28: Metro | I28: Urban Public Transport | J28: Urban Public Transport - Metro | K28: 17.4 | M28: 35.866206 | N28: 2.0612762 | Q28: AIIB Cost Database
A29: BGD | B29: Bangladesh | D29: Southern Asia | E29: Low and lower middle income | F29: South Asia | G29: Dohazari - Ramu - Cox's Bazar Phase 1 | H29: Heavy Railway Construction | I29: Rail Transport (non-urban) | J29: Rail Transport (non-urban) - Heavy Railway Construction | K29: 128 | L29: 25039.861 | M29: 254.85763 | N29: 1.9910752 | O29: 43101 | P29: Construction starting year is considered as year of study | Q29: https://irjpro.com/#/app/home
A30: BGD | B30: Bangladesh | D30: Southern Asia | E30: Low and lower middle income | F30: South Asia | G30: Rural Transport Improvement Project | H30: Partial Widening | I30: Road Construction | J30: Road Construction - Partial Widening | K30: 1115 | M30: 125.6609 | N30: 0.11270036 | Q30: AIIB Cost Database
A31: CHN | B31: People's Republic of China | D31: Eastern Asia | E31: Upper middle income | F31: East Asia | G31: Anhui Highway Rehabilitation and Improvement Project (P099112) | H31: Widening and Reconstruction | I31: Road Construction | J31: Road Construction - Widening and Reconstruction | K31: 320.6 | M31: 262.70838 | N31: 0.81942727 | Q31: AIIB Cost Database
A32: CHN | B32: People's Republic of China | C32: Baotou | D32: Eastern Asia | E32: Upper middle income | F32: East Asia | G32: Baotou Metro Line 2 | H32: Metro | I32: Urban Public Transport | J32: Urban Public Transport - Metro | K32: 14.3 | L32: 10360 | M32: 1386.7171 | N32: 96.973221 | O32: 43101 | P32: Construction starting year is considered as year of study | Q32: https://irjpro.com/#/app/home
A33: CHN | B33: People's Republic of China | D33: Eastern Asia | E33: Upper middle income | F33: East Asia | G33: Beijing - Harbin | H33: High Speed Railway | I33: Rail Transport (non-urban) | J33: Rail Transport (non-urban) - High Speed Railway | K33: 1700 | M33: 2515.5329 | N33: 1.4797252 | Q33: AIIB Cost Database
A34: CHN | B34: People's Republic of China | D34: Eastern Asia | E34: Upper middle income | F34: East Asia | G34: Beijing - Shenyang HSL | H34: High Speed Railway | I34: Rail Transport (non-urban) | J34: Rail Transport (non-urban) - High Speed Railway | K34: 698 | L34: 66986.162 | M34: 11060.389 | N34: 15.845829 | O34: 41640 | P34: Construction starting year is considered as year of study | Q34: https://irjpro.com/#/app/home
A35: CHN | B35: People's Republic of China | C35: Beijing | D35: Eastern Asia | E35: Upper middle income | F35: East Asia | G35: Beijing Line 17 (Express Line) | H35: Metro | I35: Urban Public Transport | J35: Urban Public Transport - Metro | K35: 49.7 | L35: 10585 | M35: 1469.3137 | N35: 29.563656 | O35: 42370 | P35: Construction starting year is considered as year of study | Q35: https://irjpro.com/#/app/home
A36: CHN | B36: People's Republic of China | D36: Eastern Asia | E36: Upper middle income | F36: East Asia | G36: Beijing Western Suburban Line (Bagou - Fragrant Hills) | H36: Metro | I36: Urban Public Transport | J36: Urban Public Transport - Metro | K36: 9.1 | M36: 478.16646 | N36: 52.545765 | Q36: AIIB Cost Database
A37: CHN | B37: People's Republic of China | C37: Beijing | D37: Eastern Asia | E37: Upper middle income | F37: East Asia | G37: Beijing Yanfang line | H37: Metro | I37: Urban Public Transport | J37: Urban Public Transport - Metro | K37: 14.4 | L37: 8840 | M37: 1227.0588 | N37: 85.212417 | O37: 42370 | P37: Construction starting year is considered as year of study | Q37: https://irjpro.com/#/app/home
A38: CHN | B38: People's Republic of China | D38: Eastern Asia | E38: Upper middle income | F38: East Asia | G38: Beijing Yanfang line | H38: Metro | I38: Urban Public Transport | J38: Urban Public Transport - Metro | K38: 14.4 | M38: 1207.8166 | N38: 83.876156 | Q38: AIIB Cost Database
A39: CHN | B39: People's Republic of China | C39: Beijing | D39: Eastern Asia | E39: Upper middle income | F39: East Asia | G39: Beijing,Daxing Airport Express Phase 1 | H39: Metro | I39: Urban Public Transport | J39: Urban Public Transport - Metro | K39: 44 | L39: 27820 | M39: 3699.861 | N39: 84.08775 | O39: 43466 | P39: Costs include all construction and construction-related expenditures, but not rolling stock | Q39: http://www.tzxm.gov.cn/flfg/law/201912/t20191220_12825.html | R39: https://transitcosts.com/data/
A40: CHN | B40: People's Republic of China | C40: Beijing | D40: Eastern Asia | E40: Upper middle income | F40: East Asia | G40: Beijing,Line 13 | H40: Metro | I40: Urban Public Transport | J40: Urban Public Transport - Metro | K40: 40.85 | L40: 6570 | M40: 1130.3531 | N40: 27.670822 | O40: 36161 | P40: Costs include all construction and construction-related expenditures, but not rolling stock | Q40: http://www.wikiwand.com/zh-sg/%E5%8C%97%E4%BA%AC%E5%9C%B0%E9%93%8113%E5%8F%B7%E7%BA%BF | R40: https://transitcosts.com/data/
A41: CHN | B41: People's Republic of China | C41: Beijing | D41: Eastern Asia | E41: Upper middle income | F41: East Asia | G41: Beijing,Line 13B | H41: Metro | I41: Urban Public Transport | J41: Urban Public Transport - Metro | K41: 32.2 | L41: 12640 | M41: 1681.0296 | N41: 52.205888 | O41: 43466 | P41: Costs include all construction and construction-related expenditures, but not rolling stock | Q41: http://www.tzxm.gov.cn/flfg/law/201912/t20191220_12825.html | R41: https://transitcosts.com/data/
A42: CHN | B42: People's Republic of China | C42: Beijing | D42: Eastern Asia | E42: Upper middle income | F42: East Asia | G42: Beijing,Line 15 Phase 1 | H42: Metro | I42: Urban Public Transport | J42: Urban Public Transport - Metro | K42: 41.4 | L42: 18100 | M42: 3072.3896 | N42: 74.212309 | O42: 40179 | P42: Costs include all construction and construction-related expenditures, but not rolling stock | Q42: http://finance.ifeng.com/city/bj/20101117/2902241.shtml | R42: https://transitcosts.com/data/
A43: CHN | B43: People's Republic of China | C43: Beijing | D43: Eastern Asia | E43: Upper middle income | F43: East Asia | G43: Beijing,Line 5 | H43: Metro | I43: Urban Public Transport | J43: Urban Public Transport - Metro | K43: 27.6 | L43: 12000 | M43: 1960.2282 | N43: 71.022762 | O43: 37987 | P43: Costs include all construction and construction-related expenditures, but not rolling stock | Q43: http://finance.sina.com.cn/b/20040419/0854725033.shtml | R43: https://transitcosts.com/data/
A44: CHN | B44: People's Republic of China | C44: Beijing | D44: Eastern Asia | E44: Upper middle income | F44: East Asia | G44: Beijing,Line 8 Northern Extension | H44: Metro | I44: Urban Public Transport | J44: Urban Public Transport - Metro | K44: 6.328 | L44: 3212.2 | M44: 541.25409 | N44: 85.533199 | O44: 40544 | P44: Costs include all construction and construction-related expenditures, but not rolling stock | Q44: https://max.book118.com/html/2017/1209/143431974.shtm | R44: https://transitcosts.com/data/
A45: CHN | B45: People's Republic of China | D45: Eastern Asia | E45: Upper middle income | F45: East Asia | G45: Central Sichuan Roads Development Project | H45: Widening and Reconstruction | I45: Road Construction | J45: Road Construction - Widening and Reconstruction | K45: 678 | M45: 73.748122 | N45: 0.10877304 | Q45: AIIB Cost Database
A46: CHN | B46: People's Republic of China | D46: Eastern Asia | E46: Upper middle income | F46: East Asia | G46: Central Yunnan Roads Development Project | H46: Widening and Reconstruction | I46: Road Construction | J46: Road Construction - Widening and Reconstruction | K46: 190 | M46: 22.766734 | N46: 0.11982492 | Q46: AIIB Cost Database
A47: CHN | B47: People's Republic of China | D47: Eastern Asia | E47: Upper middle income | F47: East Asia | G47: Changchun City Rail Line 6 | H47: Metro | I47: Urban Public Transport | J47: Urban Public Transport - Metro | K47: 29.7 | M47: 2637.2866 | N47: 88.79753 | Q47: AIIB Cost Database
A48: CHN | B48: People's Republic of China | D48: Eastern Asia | E48: Upper middle income | F48: East Asia | G48: Changchun City Rail Line 7 | H48: Metro | I48: Urban Public Transport | J48: Urban Public Transport - Metro | K48: 23.16 | M48: 2102.5195 | N48: 90.78236 | Q48: AIIB Cost Database
A49: CHN | B49: People's Republic of China | C49: Changchun | D49: Eastern Asia | E49: Upper middle income | F49: East Asia | G49: Changchun,Line 2 Eastern Extension | H49: Metro | I49: Urban Public Transport | J49: Urban Public Transport - Metro | K49: 9.1 | L49: 5131 | M49: 733.20647 | N49: 80.572139 | O49: 43101 | P49: Costs include all construction and construction-related expenditures, but not rolling stock | Q49: https://www.ndrc.gov.cn/xxgk/zcfb/tz/201812/W020190905514226164270.pdf | R49: https://transitcosts.com/data/
A50: CHN | B50: People's Republic of China | C50: Changchun | D50: Eastern Asia | E50: Upper middle income | F50: East Asia | G50: Changchun,Line 3 Southern Extension | H50: Metro | I50: Urban Public Transport | J50: Urban Public Transport - Metro | K50: 3 | L50: 839 | M50: 119.8909 | N50: 39.963634 | O50: 43101 | P50: Costs include all construction and construction-related expenditures, but not rolling stock | Q50: https://www.ndrc.gov.cn/xxgk/zcfb/tz/201812/W020190905514226164270.pdf | R50: https://transitcosts.com/data/
A51: CHN | B51: People's Republic of China | C51: Changchun | D51: Eastern Asia | E51: Upper middle income | F51: East Asia | G51: Changchun,Line 4 Southern Extension | H51: Metro | I51: Urban Public Transport | J51: Urban Public Transport - Metro | K51: 4 | L51: 2013 | M51: 287.65243 | N51: 71.913107 | O51: 43101 | P51: Costs include all construction and construction-related expenditures, but not rolling stock | Q51: https://www.ndrc.gov.cn/xxgk/zcfb/tz/201812/W020190905514226164270.pdf | R51: https://transitcosts.com/data/
A52: CHN | B52: People's Republic of China | C52: Changchun | D52: Eastern Asia | E52: Upper middle income | F52: East Asia | G52: Changchun,Line 6 | H52: Metro | I52: Urban Public Transport | J52: Urban Public Transport - Metro | K52: 29.7 | L52: 19549 | M52: 2793.5009 | N52: 94.05727 | O52: 43101 | P52: Costs include all construction and construction-related expenditures, but not rolling stock | Q52: https://www.ndrc.gov.cn/xxgk/zcfb/tz/201812/W020190905514226164270.pdf | R52: https://transitcosts.com/data/
A53: CHN | B53: People's Republic of China | C53: Changchun | D53: Eastern Asia | E53: Upper middle income | F53: East Asia | G53: Changchun,Line 7 Phase 1 | H53: Metro | I53: Urban Public Transport | J53: Urban Public Transport - Metro | K53: 22.5 | L53: 15583 | M53: 2226.7699 | N53: 98.967551 | O53: 43101 | P53: Costs include all construction and construction-related expenditures, but not rolling stock | Q53: https://www.ndrc.gov.cn/xxgk/zcfb/tz/201812/W020190905514226164270.pdf; https://baike.baidu.com/item/%E9%95%BF%E6%98%A5%E8%BD%A8%E9%81%93%E4%BA%A4%E9%80%9A7%E5%8F%B7%E7%BA%BF/17545289 | R53: https://transitcosts.com/data/
A54: CHN | B54: People's Republic of China | C54: Changchun | D54: Eastern Asia | E54: Upper middle income | F54: East Asia | G54: Changchun,Line 9 (Konggang) | H54: Metro | I54: Urban Public Transport | J54: Urban Public Transport - Metro | K54: 28.2 | L54: 12640 | M54: 1806.2229 | N54: 64.050458 | O54: 43101 | P54: Costs include all construction and construction-related expenditures, but not rolling stock | Q54: https://www.ndrc.gov.cn/xxgk/zcfb/tz/201812/W020190905514226164270.pdf | R54: https://transitcosts.com/data/
A55: CHN | B55: People's Republic of China | D55: Eastern Asia | E55: Upper middle income | F55: East Asia | G55: Changsha - Kunming HSL | H55: High Speed Railway | I55: Rail Transport (non-urban) | J55: Rail Transport (non-urban) - High Speed Railway | K55: 1175 | M55: 9290.9047 | N55: 7.9071529 | Q55: AIIB Cost Database
A56: CHN | B56: People's Republic of China | D56: Eastern Asia | E56: Upper middle income | F56: East Asia | G56: Changsha Maglev link (Changsa south - Airport) | H56: Metro | I56: Urban Public Transport | J56: Urban Public Transport - Metro | K56: 18.6 | M56: 426.37254 | N56: 22.923255 | Q56: AIIB Cost Database
A57: CHN | B57: People's Republic of China | D57: Eastern Asia | E57: Upper middle income | F57: East Asia | G57: Changsha Metro Line 1 | H57: Metro | I57: Urban Public Transport | J57: Urban Public Transport - Metro | K57: 23.6 | M57: 1971.0784 | N57: 83.520271 | Q57: AIIB Cost Database
A58: CHN | B58: People's Republic of China | C58: Changsha | D58: Eastern Asia | E58: Upper middle income | F58: East Asia | G58: Changsha Metro Line 3 | H58: Metro | I58: Urban Public Transport | J58: Urban Public Transport - Metro | K58: 42.8 | L58: 23000 | M58: 3303.1952 | N58: 77.177459 | O58: 41640 | P58: Construction starting year is considered as year of study | Q58: https://irjpro.com/#/app/home
A59: CHN | B59: People's Republic of China | D59: Eastern Asia | E59: Upper middle income | F59: East Asia | G59: Changsha Metro Line 3 | H59: Metro | I59: Urban Public Transport | J59: Urban Public Transport - Metro | K59: 42.8 | M59: 2921.1929 | N59: 68.252171 | Q59: AIIB Cost Database
A60: CHN | B60: People's Republic of China | D60: Eastern Asia | E60: Upper middle income | F60: East Asia | G60: Changsha Metro Line 4 Phase 1 | H60: Metro | I60: Urban Public Transport | J60: Urban Public Transport - Metro | K60: 33.5 | M60: 3239.0169 | N60: 96.687072 | Q60: AIIB Cost Database
A61: CHN | B61: People's Republic of China | D61: Eastern Asia | E61: Upper middle income | F61: East Asia | G61: Changsha Metro Line 5 Phase 1 | H61: Metro | I61: Urban Public Transport | J61: Urban Public Transport - Metro | K61: 22.7 | M61: 2120.2062 | N61: 93.401154 | Q61: AIIB Cost Database
A62: CHN | B62: People's Republic of China | C62: Changsha | D62: Eastern Asia | E62: Upper middle income | F62: East Asia | G62: Changsha,Line 1 North Extension Phase 1 | H62: Metro | I62: Urban Public Transport | J62: Urban Public Transport - Metro | K62: 9.93 | L62: 5337 | M62: 762.01926 | N62: 76.7391 | O62: 42736 | P62: Costs include all construction and construction-related expenditures, but not rolling stock | Q62: https://www.ndrc.gov.cn/xxgk/zcfb/ghwb/201703/t20170323_962232.html | R62: https://transitcosts.com/data/
A63: CHN | B63: People's Republic of China | C63: Changsha | D63: Eastern Asia | E63: Upper middle income | F63: East Asia | G63: Changsha,Line 2 West Extension | H63: Metro | I63: Urban Public Transport | J63: Urban Public Transport - Metro | K63: 14.72 | L63: 9513 | M63: 1358.2704 | N63: 92.273805 | O63: 42736 | P63: Costs include all construction and construction-related expenditures, but not rolling stock | Q63: https://www.ndrc.gov.cn/xxgk/zcfb/ghwb/201703/W020190905497919692262.pdf | R63: https://transitcosts.com/data/
A64: CHN | B64: People's Republic of China | C64: Changsha | D64: Eastern Asia | E64: Upper middle income | F64: East Asia | G64: Changsha,Line 2 West Extension Phase 1 | H64: Metro | I64: Urban Public Transport | J64: Urban Public Transport - Metro | K64: 4.5 | L64: 2466 | M64: 414.47901 | N64: 92.106447 | O64: 40909 | P64: Costs include all construction and construction-related expenditures, but not rolling stock | Q64: https://www.ndrc.gov.cn/fzggw/jgsj/zcs/sjdt/201212/t20121224_1145294.html | R64: https://transitcosts.com/data/
A65: CHN | B65: People's Republic of China | C65: Changsha | D65: Eastern Asia | E65: Upper middle income | F65: East Asia | G65: Changsha,Line 4 North Extension | H65: Metro | I65: Urban Public Transport | J65: Urban Public Transport - Metro | K65: 14.26 | L65: 6831 | M65: 975.33325 | N65: 68.396441 | O65: 42736 | P65: Costs include all construction and construction-related expenditures, but not rolling stock | Q65: https://www.ndrc.gov.cn/xxgk/zcfb/ghwb/201703/W020190905497919692262.pdf | R65: https://transitcosts.com/data/
A66: CHN | B66: People's Republic of China | C66: Changsha | D66: Eastern Asia | E66: Upper middle income | F66: East Asia | G66: Changsha,Line 5 North Extension | H66: Metro | I66: Urban Public Transport | J66: Urban Public Transport - Metro | K66: 3.65 | L66: 1409 | M66: 201.17765 | N66: 55.117165 | O66: 42736 | P66: Costs include all construction and construction-related expenditures, but not rolling stock | Q66: https://www.ndrc.gov.cn/xxgk/zcfb/ghwb/201703/W020190905497919692262.pdf | R66: https://transitcosts.com/data/
A67: CHN | B67: People's Republic of China | C67: Changsha | D67: Eastern Asia | E67: Upper middle income | F67: East Asia | G67: Changsha,Line 6 East | H67: Metro | I67: Urban Public Transport | J67: Urban Public Transport - Metro | K67: 12.15 | L67: 6140 | M67: 876.67196 | N67: 72.154071 | O67: 42736 | P67: Costs include all construction and construction-related expenditures, but not rolling stock | Q67: https://www.ndrc.gov.cn/xxgk/zcfb/ghwb/201703/W020190905497919692262.pdf | R67: https://transitcosts.com/data/
A68: CHN | B68: People's Republic of China | C68: Changzhou | D68: Eastern Asia | E68: Upper middle income | F68: East Asia | G68: Changzhou,BRTS | H68: BRTS | I68: Urban Public Transport | J68: Urban Public Transport - BRTS | K68: 49.9 | L68: 1418.6784 | M68: 239.04661 | N68: 4.7905131 | O68: 40544 | P68: Total System Cost (System's total planning and capital costs) | Q68: https://brtdata.org/
A69: CHN | B69: People's Republic of China | D69: Eastern Asia | E69: Upper middle income | F69: East Asia | G69: Chengdu - Kunming (Emei - Miyi section) | H69: Heavy Railway Construction | I69: Rail Transport (non-urban) | J69: Rail Transport (non-urban) - Heavy Railway Construction | K69: 386 | L69: 45300 | M69: 6287.9411 | N69: 16.290003 | O69: 42370 | P69: Construction starting year is considered as year of study | Q69: https://irjpro.com/#/app/home
A70: CHN | B70: People's Republic of China | D70: Eastern Asia | E70: Upper middle income | F70: East Asia | G70: Chengdu Line 1 Phase 3 | H70: Metro | I70: Urban Public Transport | J70: Urban Public Transport - Metro | K70: 18.7 | M70: 1030.6783 | N70: 55.116487 | Q70: AIIB Cost Database
A71: CHN | B71: People's Republic of China | D71: Eastern Asia | E71: Upper middle income | F71: East Asia | G71: Chengdu Line 10 | H71: Metro | I71: Urban Public Transport | J71: Urban Public Transport - Metro | K71: 38.2 | M71: 710.44632 | N71: 18.598071 | Q71: AIIB Cost Database
A72: CHN | B72: People's Republic of China | C72: Chengdu | D72: Eastern Asia | E72: Upper middle income | F72: East Asia | G72: Chengdu Line 10 - Phase 2 - (Airport Terminal 2 – Taipingsi) | H72: Metro | I72: Urban Public Transport | J72: Urban Public Transport - Metro | K72: 27.6 | L72: 13600 | M72: 1858.1423 | N72: 67.323997 | O72: 42736 | P72: Construction starting year is considered as year of study | Q72: https://irjpro.com/#/app/home
A73: CHN | B73: People's Republic of China | D73: Eastern Asia | E73: Upper middle income | F73: East Asia | G73: Chengdu Line 10 - Phase 2 - (Airport Terminal 2 â€“ Taipingsi) | H73: Metro | I73: Urban Public Transport | J73: Urban Public Transport - Metro | K73: 27.6 | M73: 1727.293 | N73: 62.58308 | Q73: AIIB Cost Database
A74: CHN | B74: People's Republic of China | D74: Eastern Asia | E74: Upper middle income | F74: East Asia | G74: Chengdu Line 17 Phase 1 (Jitouqiao - Jinxing) | H74: Metro | I74: Urban Public Transport | J74: Urban Public Transport - Metro | K74: 25.3 | M74: 2103.5209 | N74: 83.143117 | Q74: AIIB Cost Database
A75: CHN | B75: People's Republic of China | C75: Chengdu | D75: Eastern Asia | E75: Upper middle income | F75: East Asia | G75: Chengdu Line 18 | H75: Metro | I75: Urban Public Transport | J75: Urban Public Transport - Metro | K75: 66.8 | L75: 23000 | M75: 3185.2941 | N75: 47.684043 | O75: 42370 | P75: Construction starting year is considered as year of study | Q75: https://irjpro.com/#/app/home
A76: CHN | B76: People's Republic of China | D76: Eastern Asia | E76: Upper middle income | F76: East Asia | G76: Chengdu Line 18 | H76: Metro | I76: Urban Public Transport | J76: Urban Public Transport - Metro | K76: 66.8 | M76: 2914.5547 | N76: 43.631058 | Q76: AIIB Cost Database
A77: CHN | B77: People's Republic of China | D77: Eastern Asia | E77: Upper middle income | F77: East Asia | G77: Chengdu Line 3 Phase 1 | H77: Metro | I77: Urban Public Transport | J77: Urban Public Transport - Metro | K77: 20.3 | M77: 1812.8431 | N77: 89.302616 | Q77: AIIB Cost Database
A78: CHN | B78: People's Republic of China | D78: Eastern Asia | E78: Upper middle income | F78: East Asia | G78: Chengdu Line 4 Phase 1 | H78: Metro | I78: Urban Public Transport | J78: Urban Public Transport - Metro | K78: 22.1 | M78: 1774 | N78: 80.271493 | Q78: AIIB Cost Database
A79: CHN | B79: People's Republic of China | D79: Eastern Asia | E79: Upper middle income | F79: East Asia | G79: Chengdu Line 4 Phase 2 | H79: Metro | I79: Urban Public Transport | J79: Urban Public Transport - Metro | K79: 17.3 | M79: 1353.6309 | N79: 78.244559 | Q79: AIIB Cost Database
A80: CHN | B80: People's Republic of China | C80: Chengdu | D80: Eastern Asia | E80: Upper middle income | F80: East Asia | G80: Chengdu Line 6 Phase 2 | H80: Metro | I80: Urban Public Transport | J80: Urban Public Transport - Metro | K80: 18.7 | L80: 12300 | M80: 1707.3529 | N80: 91.302295 | O80: 42370 | P80: Construction starting year is considered as year of study | Q80: https://irjpro.com/#/app/home
A81: CHN | B81: People's Republic of China | D81: Eastern Asia | E81: Upper middle income | F81: East Asia | G81: Chengdu Line 6 Phase 2 | H81: Metro | I81: Urban Public Transport | J81: Urban Public Transport - Metro | K81: 18.7 | M81: 1562.2336 | N81: 83.541904 | Q81: AIIB Cost Database
A82: CHN | B82: People's Republic of China | D82: Eastern Asia | E82: Upper middle income | F82: East Asia | G82: Chengdu line 7 (Shengtai - Longtandong) | H82: Metro | I82: Urban Public Transport | J82: Urban Public Transport - Metro | K82: 38.6 | M82: 3689.0711 | N82: 95.571791 | Q82: AIIB Cost Database
A83: CHN | B83: People's Republic of China | D83: Eastern Asia | E83: Upper middle income | F83: East Asia | G83: Chengdu Line 8 - Phase 1 - (Changchenglu â€“ Shilidian) | H83: Metro | I83: Urban Public Transport | J83: Urban Public Transport - Metro | K83: 28.8 | M83: 2768.7821 | N83: 96.138267 | Q83: AIIB Cost Database
A84: CHN | B84: People's Republic of China | C84: Chengdu | D84: Eastern Asia | E84: Upper middle income | F84: East Asia | G84: Chengdu LRT Phase 1 Branch Line | H84: Light Rail | I84: Urban Public Transport | J84: Urban Public Transport - Light Rail | K84: 11.9 | L84: 5458 | M84: 757.64705 | N84: 63.667819 | O84: 42370 | P84: Construction starting year is considered as year of study | Q84: https://irjpro.com/#/app/home
A85: CHN | B85: People's Republic of China | D85: Eastern Asia | E85: Upper middle income | F85: East Asia | G85: Chengdu Metro Line 27 Phase I | H85: Metro | I85: Urban Public Transport | J85: Urban Public Transport - Metro | K85: 22.2 | M85: 2039.8263 | N85: 91.884067 | Q85: AIIB Cost Database
A86: CHN | B86: People's Republic of China | C86: Chengdu | D86: Eastern Asia | E86: Upper middle income | F86: East Asia | G86: Chengdu,BRTS | H86: BRTS | I86: Urban Public Transport | J86: Urban Public Transport - BRTS | K86: 28.8 | L86: 3384.9658 | M86: 554.18698 | N86: 19.242603 | O86: 41640 | P86: Total System Cost (System's total planning and capital costs) | Q86: https://brtdata.org/
A87: CHN | B87: People's Republic of China | C87: Chengdu | D87: Eastern Asia | E87: Upper middle income | F87: East Asia | G87: Chengdu,Line 10 Phase 2 | H87: Metro | I87: Urban Public Transport | J87: Urban Public Transport - Metro | K87: 26.7 | L87: 13156 | M87: 1941.1667 | N87: 72.702872 | O87: 42370 | P87: Costs include all construction and construction-related expenditures, but not rolling stock | Q87: https://www.ndrc.gov.cn/fggz/zcssfz/zdgc/201607/W020190910671924062945.pdf | R87: https://transitcosts.com/data/
A88: CHN | B88: People's Republic of China | C88: Chengdu | D88: Eastern Asia | E88: Upper middle income | F88: East Asia | G88: Chengdu,Line 10 Phase 3 | H88: Metro | I88: Urban Public Transport | J88: Urban Public Transport - Metro | K88: 5.5 | L88: 3716 | M88: 494.20142 | N88: 89.854803 | O88: 43466 | P88: Costs include all construction and construction-related expenditures, but not rolling stock | Q88: https://www.ndrc.gov.cn/xxgk/zcfb/ghwb/201908/W020190905497973740066.pdf | R88: https://transitcosts.com/data/
A89: CHN | B89: People's Republic of China | C89: Chengdu | D89: Eastern Asia | E89: Upper middle income | F89: East Asia | G89: Chengdu,Line 17 Phase 2 | H89: Metro | I89: Urban Public Transport | J89: Urban Public Transport - Metro | K89: 27.6 | L89: 20014 | M89: 2661.7188 | N89: 96.439088 | O89: 43466 | P89: Costs include all construction and construction-related expenditures, but not rolling stock | Q89: https://www.ndrc.gov.cn/xxgk/zcfb/ghwb/201908/W020190905497973740066.pdf | R89: https://transitcosts.com/data/
A90: CHN | B90: People's Republic of China | C90: Chengdu | D90: Eastern Asia | E90: Upper middle income | F90: East Asia | G90: Chengdu,Line 19 Phase 2 | H90: Metro | I90: Urban Public Transport | J90: Urban Public Transport - Metro | K90: 45.6 | L90: 28425 | M90: 3780.3217 | N90: 82.901791 | O90: 43466 | P90: Costs include all construction and construction-related expenditures, but not rolling stock | Q90: https://www.ndrc.gov.cn/xxgk/zcfb/ghwb/201908/W020190905497973740066.pdf | R90: https://transitcosts.com/data/
A91: CHN | B91: People's Republic of China | C91: Chengdu | D91: Eastern Asia | E91: Upper middle income | F91: East Asia | G91: Chengdu,Line 27 Phase 1 | H91: Metro | I91: Urban Public Transport | J91: Urban Public Transport - Metro | K91: 22.2 | L91: 14813 | M91: 1970.023 | N91: 88.739776 | O91: 43466 | P91: Costs include all construction and construction-related expenditures, but not rolling stock | Q91: https://www.ndrc.gov.cn/xxgk/zcfb/ghwb/201908/W020190905497973740066.pdf | R91: https://transitcosts.com/data/
A92: CHN | B92: People's Republic of China | D92: Eastern Asia | E92: Upper middle income | F92: East Asia | G92: China - Fujian Highway Sector Investment Project | H92: New 4L Expressway | I92: Road Construction | J92: Road Construction - New 4L Expressway | K92: 195 | M92: 1281.0261 | N92: 6.5693647 | Q92: AIIB Cost Database
A93: CHN | B93: People's Republic of China | D93: Eastern Asia | E93: Upper middle income | F93: East Asia | G93: China Chongqing-Lichuan Railway Development Project | H93: High Speed Railway | I93: Rail Transport (non-urban) | J93: Rail Transport (non-urban) - High Speed Railway | K93: 675.3 | M93: 4331.76 | N93: 6.4145713 | Q93: AIIB Cost Database
A94: CHN | B94: People's Republic of China | D94: Eastern Asia | E94: Upper middle income | F94: East Asia | G94: China, People's Republic of: Inner Mongolia Road Development Project | H94: Widening and Reconstruction | I94: Road Construction | J94: Road Construction - Widening and Reconstruction | K94: 288.53 | M94: 61.921546 | N94: 0.21461042 | Q94: AIIB Cost Database
A95: CHN | B95: People's Republic of China | D95: Eastern Asia | E95: Upper middle income | F95: East Asia | G95: China, People's Republic of: Second Heilongjiang Road Network Development Project | H95: New 4L Expressway | I95: Road Construction | J95: Road Construction - New 4L Expressway | K95: 206.26 | M95: 97.710369 | N95: 0.47372428 | Q95: AIIB Cost Database
A96: CHN | B96: People's Republic of China | D96: Eastern Asia | E96: Upper middle income | F96: East Asia | G96: China, People's Republic of: Second Heilongjiang Road Network Development Project | H96: New 2L Highway | I96: Road Construction | J96: Road Construction - New 2L Highway | K96: 12.9 | M96: 14.622197 | N96: 1.1335036 | Q96: AIIB Cost Database
A97: CHN | B97: People's Republic of China | D97: Eastern Asia | E97: Upper middle income | F97: East Asia | G97: China, People's Republic of: Shandong Spring City Green Modern Trolley Bus Demonstration Project | H97: BRTS | I97: Urban Public Transport | J97: Urban Public Transport - BRTS | K97: 111.2 | M97: 342.45597 | N97: 3.07964 | Q97: AIIB Cost Database
A98: CHN | B98: People's Republic of China | D98: Eastern Asia | E98: Upper middle income | F98: East Asia | G98: China, People's Republic of: Yunnan Sustainable Road Maintenance (Sector) Project | H98: Widening and Reconstruction | I98: Road Construction | J98: Road Construction - Widening and Reconstruction | K98: 906.3 | M98: 264.99397 | N98: 0.292391 | Q98: AIIB Cost Database
A99: CHN | B99: People's Republic of China | D99: Eastern Asia | E99: Upper middle income | F99: East Asia | G99: China: HaJia Railway | H99: Heavy Railway Construction | I99: Rail Transport (non-urban) | J99: Rail Transport (non-urban) - Heavy Railway Construction | K99: 343 | M99: 4937.7287 | N99: 14.395711 | Q99: AIIB Cost Database
A100: CHN | B100: People's Republic of China | D100: Eastern Asia | E100: Upper middle income | F100: East Asia | G100: China: Hubei Shiman Highway Project | H100: New 4L Expressway | I100: Road Construction | J100: Road Construction - New 4L Expressway | K100: 106.4 | M100: 833.60026 | N100: 7.8345889 | Q100: AIIB Cost Database
...

Sheet Cost Analysis
A2: Asia-Pacific | D2: Active Mobility Project | E2: Air Transport | F2: Rail Transport (non-urban) | I2: Road Asset Management | S2: Road Construction | AA2: Urban Public Transport
D3: Elevated walkway | E3: Airport Infrastructure | F3: Heavy Railway Electrification | G3: High Speed Railway | H3: Heavy Railway Construction | I3: Reconstruction | J3: Strengthening | K3: Upgrading | L3: Asphalt Mix Resurfacing | M3: Surface Treatment Resurfacing | N3: Partial Widening and Reconstruction | O3: Bituminous Pavement Preventive Treatment | P3: Gravel Resurfacing | Q3: Routine Maintenance | R3: Upgrading and Climate Proofing | S3: Widening | T3: Partial Widening | U3: New 1L Road | V3: New 6L Expressway | W3: New 4L Expressway | X3: Widening and Reconstruction | Y3: New 2L Highway | Z3: New 2L Highway with Climate Proofing | AA3: Metro | AB3: Light Rail | AC3: BRTS | AD3: Primary | AE3: Secondary | AF3: Tertiary
A4: AVERAGE | D4: =AVERAGEIFS(Output!$N$3:$N$992,Output!$H$3:$H$992,D$3,Output!#REF!,1) -> #REF! | E4: =AVERAGEIFS(Output!$N$3:$N$992,Output!$H$3:$H$992,E$3,Output!#REF!,1) -> #REF! | F4: =AVERAGEIFS(Output!$N$3:$N$992,Output!$H$3:$H$992,F$3,Output!#REF!,1) -> #REF! | G4: =AVERAGEIFS(Output!$N$3:$N$992,Output!$H$3:$H$992,G$3,Output!#REF!,1) -> #REF! | H4: =AVERAGEIFS(Output!$N$3:$N$992,Output!$H$3:$H$992,H$3,Output!#REF!,1) -> #REF! | I4: =AVERAGEIFS(Output!$N$3:$N$992,Output!$H$3:$H$992,I$3,Output!#REF!,1) -> #REF! | J4: =AVERAGEIFS(Output!$N$3:$N$992,Output!$H$3:$H$992,J$3,Output!#REF!,1) -> #REF! | K4: =AVERAGEIFS(Output!$N$3:$N$992,Output!$H$3:$H$992,K$3,Output!#REF!,1) -> #REF! | ... AC4: =AVERAGEIFS(Output!$N$3:$N$992,Output!$H$3:$H$992,AC$3,Output!#REF!,1) -> #REF! | AD4: {=AVERAGE(IF(((Output!$H$3:$H$992="New 6L Expressway")+(Output!$H$3:$H$992="New 4L Expressway"))*(Output!#REF!=1),Output!$N$3:$N$992))} -> #REF! | AE4: =AVERAGEIFS(Output!$N$3:$N$992,Output!$H$3:$H$992,"New 2L Highway",Output!#REF!,1) -> #REF! | AF4: =AVERAGEIFS(Output!$N$3:$N$992,Output!$H$3:$H$992,"New 1L Road",Output!#REF!,1) -> #REF!
A5: MIN | D5: =_xlfn.MINIFS(Output!$N$3:$N$992,Output!$H$3:$H$992,D$3,Output!#REF!,1) -> #REF! | E5: =_xlfn.MINIFS(Output!$N$3:$N$992,Output!$H$3:$H$992,E$3,Output!#REF!,1) -> #REF! | F5: =_xlfn.MINIFS(Output!$N$3:$N$992,Output!$H$3:$H$992,F$3,Output!#REF!,1) -> #REF! | G5: =_xlfn.MINIFS(Output!$N$3:$N$992,Output!$H$3:$H$992,G$3,Output!#REF!,1) -> #REF! | H5: =_xlfn.MINIFS(Output!$N$3:$N$992,Output!$H$3:$H$992,H$3,Output!#REF!,1) -> #REF! | I5: =_xlfn.MINIFS(Output!$N$3:$N$992,Output!$H$3:$H$992,I$3,Output!#REF!,1) -> #REF! | J5: =_xlfn.MINIFS(Output!$N$3:$N$992,Output!$H$3:$H$992,J$3,Output!#REF!,1) -> #REF! | K5: =_xlfn.MINIFS(Output!$N$3:$N$992,Output!$H$3:$H$992,K$3,Output!#REF!,1) -> #REF! | ... AC5: =_xlfn.MINIFS(Output!$N$3:$N$992,Output!$H$3:$H$992,AC$3,Output!#REF!,1) -> #REF!
A6: MAX | D6: =_xlfn.MAXIFS(Output!$N$3:$N$992,Output!$H$3:$H$992,D$3,Output!#REF!,1) -> #REF! | E6: =_xlfn.MAXIFS(Output!$N$3:$N$992,Output!$H$3:$H$992,E$3,Output!#REF!,1) -> #REF! | F6: =_xlfn.MAXIFS(Output!$N$3:$N$992,Output!$H$3:$H$992,F$3,Output!#REF!,1) -> #REF! | G6: =_xlfn.MAXIFS(Output!$N$3:$N$992,Output!$H$3:$H$992,G$3,Output!#REF!,1) -> #REF! | H6: =_xlfn.MAXIFS(Output!$N$3:$N$992,Output!$H$3:$H$992,H$3,Output!#REF!,1) -> #REF! | I6: =_xlfn.MAXIFS(Output!$N$3:$N$992,Output!$H$3:$H$992,I$3,Output!#REF!,1) -> #REF! | J6: =_xlfn.MAXIFS(Output!$N$3:$N$992,Output!$H$3:$H$992,J$3,Output!#REF!,1) -> #REF! | K6: =_xlfn.MAXIFS(Output!$N$3:$N$992,Output!$H$3:$H$992,K$3,Output!#REF!,1) -> #REF! | ... AC6: =_xlfn.MAXIFS(Output!$N$3:$N$992,Output!$H$3:$H$992,AC$3,Output!#REF!,1) -> #REF!
A8: AVERAGE
A9: Eastern Europe | D9: =IFERROR(ROUND(AVERAGEIFS(Output!$N$3:$N$992,Output!$H$3:$H$992,D$3,Output!#REF!,1,Output!$F$3:$F$992,$A9),1)&" ["&ROUND(_xlfn.MINIFS(Output!$N$3:$N$992,Output!$H$3:$H$992,D$3,Output!#REF!,1,Output!$F$3:$F$992,$A9),1)&"-"&ROUND(_xlfn.MAXIFS(Output!$N$3:$N$992,Output!$H$3:$H$992,D$3,Output!#REF!,1,Output!$F$3:$F$992,$A9),1)&"]","") | E9: =IFERROR(ROUND(AVERAGEIFS(Output!$N$3:$N$992,Output!$H$3:$H$992,E$3,Output!#REF!,1,Output!$F$3:$F$992,$A9),1)&" ["&ROUND(_xlfn.MINIFS(Output!$N$3:$N$992,Output!$H$3:$H$992,E$3,Output!#REF!,1,Output!$F$3:$F$992,$A9),1)&"-"&ROUND(_xlfn.MAXIFS(Output!$N$3:$N$992,Output!$H$3:$H$992,E$3,Output!#REF!,1,Output!$F$3:$F$992,$A9),1)&"]","") | F9: =IFERROR(ROUND(AVERAGEIFS(Output!$N$3:$N$992,Output!$H$3:$H$992,F$3,Output!#REF!,1,Output!$F$3:$F$992,$A9),1)&" ["&ROUND(_xlfn.MINIFS(Output!$N$3:$N$992,Output!$H$3:$H$992,F$3,Output!#REF!,1,Output!$F$3:$F$992,$A9),1)&"-"&ROUND(_xlfn.MAXIFS(Output!$N$3:$N$992,Output!$H$3:$H$992,F$3,Output!#REF!,1,Output!$F$3:$F$992,$A9),1)&"]","") | G9: =IFERROR(ROUND(AVERAGEIFS(Output!$N$3:$N$992,Output!$H$3:$H$992,G$3,Output!#REF!,1,Output!$F$3:$F$992,$A9),0)&" ["&ROUND(_xlfn.MINIFS(Output!$N$3:$N$992,Output!$H$3:$H$992,G$3,Output!#REF!,1,Output!$F$3:$F$992,$A9),0)&"-"&ROUND(_xlfn.MAXIFS(Output!$N$3:$N$992,Output!$H$3:$H$992,G$3,Output!#REF!,1,Output!$F$3:$F$992,$A9),0)&"]","") | H9: =IFERROR(ROUND(AVERAGEIFS(Output!$N$3:$N$992,Output!$H$3:$H$992,H$3,Output!#REF!,1,Output!$F$3:$F$992,$A9),0)&" ["&ROUND(_xlfn.MINIFS(Output!$N$3:$N$992,Output!$H$3:$H$992,H$3,Output!#REF!,1,Output!$F$3:$F$992,$A9),0)&"-"&ROUND(_xlfn.MAXIFS(Output!$N$3:$N$992,Output!$H$3:$H$992,H$3,Output!#REF!,1,Output!$F$3:$F$992,$A9),0)&"]","") | I9: =IFERROR(ROUND(AVERAGEIFS(Output!$N$3:$N$992,Output!$H$3:$H$992,I$3,Output!#REF!,1,Output!$F$3:$F$992,$A9),1)&" ["&ROUND(_xlfn.MINIFS(Output!$N$3:$N$992,Output!$H$3:$H$992,I$3,Output!#REF!,1,Output!$F$3:$F$992,$A9),1)&"-"&ROUND(_xlfn.MAXIFS(Output!$N$3:$N$992,Output!$H$3:$H$992,I$3,Output!#REF!,1,Output!$F$3:$F$992,$A9),1)&"]","") | J9: =IFERROR(ROUND(AVERAGEIFS(Output!$N$3:$N$992,Output!$H$3:$H$992,J$3,Output!#REF!,1,Output!$F$3:$F$992,$A9),1)&" ["&ROUND(_xlfn.MINIFS(Output!$N$3:$N$992,Output!$H$3:$H$992,J$3,Output!#REF!,1,Output!$F$3:$F$992,$A9),1)&"-"&ROUND(_xlfn.MAXIFS(Output!$N$3:$N$992,Output!$H$3:$H$992,J$3,Output!#REF!,1,Output!$F$3:$F$992,$A9),1)&"]","") | K9: =IFERROR(ROUND(AVERAGEIFS(Output!$N$3:$N$992,Output!$H$3:$H$992,K$3,Output!#REF!,1,Output!$F$3:$F$992,$A9),1)&" ["&ROUND(_xlfn.MINIFS(Output!$N$3:$N$992,Output!$H$3:$H$992,K$3,Output!#REF!,1,Output!$F$3:$F$992,$A9),1)&"-"&ROUND(_xlfn.MAXIFS(Output!$N$3:$N$992,Output!$H$3:$H$992,K$3,Output!#REF!,1,Output!$F$3:$F$992,$A9),1)&"]","") | L9: =IFERROR(ROUND(AVERAGEIFS(Output!$N$3:$N$992,Output!$H$3:$H$992,L$3,Output!#REF!,1,Output!$F$3:$F$992,$A9),1)&" ["&ROUND(_xlfn.MINIFS(Output!$N$3:$N$992,Output!$H$3:$H$992,L$3,Output!#REF!,1,Output!$F$3:$F$992,$A9),1)&"-"&ROUND(_xlfn.MAXIFS(Output!$N$3:$N$992,Output!$H$3:$H$992,L$3,Output!#REF!,1,Output!$F$3:$F$992,$A9),1)&"]","") | M9: =IFERROR(ROUND(AVERAGEIFS(Output!$N$3:$N$992,Output!$H$3:$H$992,M$3,Output!#REF!,1,Output!$F$3:$F$992,$A9),1)&" ["&ROUND(_xlfn.MINIFS(Output!$N$3:$N$992,Output!$H$3:$H$992,M$3,Output!#REF!,1,Output!$F$3:$F$992,$A9),1)&"-"&ROUND(_xlfn.MAXIFS(Output!$N$3:$N$992,Output!$H$3:$H$992,M$3,Output!#REF!,1,Output!$F$3:$F$992,$A9),1)&"]","") | N9: =IFERROR(ROUND(AVERAGEIFS(Output!$N$3:$N$992,Output!$H$3:$H$992,N$3,Output!#REF!,1,Output!$F$3:$F$992,$A9),1)&" ["&ROUND(_xlfn.MINIFS(Output!$N$3:$N$992,Output!$H$3:$H$992,N$3,Output!#REF!,1,Output!$F$3:$F$992,$A9),1)&"-"&ROUND(_xlfn.MAXIFS(Output!$N$3:$N$992,Output!$H$3:$H$992,N$3,Output!#REF!,1,Output!$F$3:$F$992,$A9),1)&"]","") | O9: =IFERROR(ROUND(AVERAGEIFS(Output!$N$3:$N$992,Output!$H$3:$H$992,O$3,Output!#REF!,1,Output!$F$3:$F$992,$A9),1)&" ["&ROUND(_xlfn.MINIFS(Output!$N$3:$N$992,Output!$H$3:$H$992,O$3,Output!#REF!,1,Output!$F$3:$F$992,$A9),1)&"-"&ROUND(_xlfn.MAXIFS(Output!$N$3:$N$992,Output!$H$3:$H$992,O$3,Output!#REF!,1,Output!$F$3:$F$992,$A9),1)&"]","") | P9: =IFERROR(ROUND(AVERAGEIFS(Output!$N$3:$N$992,Output!$H$3:$H$992,P$3,Output!#REF!,1,Output!$F$3:$F$992,$A9),1)&" ["&ROUND(_xlfn.MINIFS(Output!$N$3:$N$992,Output!$H$3:$H$992,P$3,Output!#REF!,1,Output!$F$3:$F$992,$A9),1)&"-"&ROUND(_xlfn.MAXIFS(Output!$N$3:$N$992,Output!$H$3:$H$992,P$3,Output!#REF!,1,Output!$F$3:$F$992,$A9),1)&"]","") | ... Z9: =IFERROR(ROUND(AVERAGEIFS(Output!$N$3:$N$992,Output!$H$3:$H$992,Z$3,Output!#REF!,1,Output!$F$3:$F$992,$A9),1)&" ["&ROUND(_xlfn.MINIFS(Output!$N$3:$N$992,Output!$H$3:$H$992,Z$3,Output!#REF!,1,Output!$F$3:$F$992,$A9),1)&"-"&ROUND(_xlfn.MAXIFS(Output!$N$3:$N$992,Output!$H$3:$H$992,Z$3,Output!#REF!,1,Output!$F$3:$F$992,$A9),1)&"]","") | AA9: =IFERROR(ROUND(AVERAGEIFS(Output!$N$3:$N$992,Output!$H$3:$H$992,AA$3,Output!#REF!,1,Output!$F$3:$F$992,$A9),0)&" ["&ROUND(_xlfn.MINIFS(Output!$N$3:$N$992,Output!$H$3:$H$992,AA$3,Output!#REF!,1,Output!$F$3:$F$992,$A9),0)&"-"&ROUND(_xlfn.MAXIFS(Output!$N$3:$N$992,Output!$H$3:$H$992,AA$3,Output!#REF!,1,Output!$F$3:$F$992,$A9),0)&"]","") | AB9: =IFERROR(ROUND(AVERAGEIFS(Output!$N$3:$N$992,Output!$H$3:$H$992,AB$3,Output!#REF!,1,Output!$F$3:$F$992,$A9),0)&" ["&ROUND(_xlfn.MINIFS(Output!$N$3:$N$992,Output!$H$3:$H$992,AB$3,Output!#REF!,1,Output!$F$3:$F$992,$A9),0)&"-"&ROUND(_xlfn.MAXIFS(Output!$N$3:$N$992,Output!$H$3:$H$992,AB$3,Output!#REF!,1,Output!$F$3:$F$992,$A9),0)&"]","") | AC9: =IFERROR(ROUND(AVERAGEIFS(Output!$N$3:$N$992,Output!$H$3:$H$992,AC$3,Output!#REF!,1,Output!$F$3:$F$992,$A9),0)&" ["&ROUND(_xlfn.MINIFS(Output!$N$3:$N$992,Output!$H$3:$H$992,AC$3,Output!#REF!,1,Output!$F$3:$F$992,$A9),0)&"-"&ROUND(_xlfn.MAXIFS(Output!$N$3:$N$992,Output!$H$3:$H$992,AC$3,Output!#REF!,1,Output!$F$3:$F$992,$A9),0)&"]","")
A10: South East Asia | D10: =IFERROR(ROUND(AVERAGEIFS(Output!$N$3:$N$992,Output!$H$3:$H$992,D$3,Output!#REF!,1,Output!$F$3:$F$992,$A10),1)&" ["&ROUND(_xlfn.MINIFS(Output!$N$3:$N$992,Output!$H$3:$H$992,D$3,Output!#REF!,1,Output!$F$3:$F$992,$A10),1)&"-"&ROUND(_xlfn.MAXIFS(Output!$N$3:$N$992,Output!$H$3:$H$992,D$3,Output!#REF!,1,Output!$F$3:$F$992,$A10),1)&"]","") | E10: =IFERROR(ROUND(AVERAGEIFS(Output!$N$3:$N$992,Output!$H$3:$H$992,E$3,Output!#REF!,1,Output!$F$3:$F$992,$A10),1)&" ["&ROUND(_xlfn.MINIFS(Output!$N$3:$N$992,Output!$H$3:$H$992,E$3,Output!#REF!,1,Output!$F$3:$F$992,$A10),1)&"-"&ROUND(_xlfn.MAXIFS(Output!$N$3:$N$992,Output!$H$3:$H$992,E$3,Output!#REF!,1,Output!$F$3:$F$992,$A10),1)&"]","") | F10: =IFERROR(ROUND(AVERAGEIFS(Output!$N$3:$N$992,Output!$H$3:$H$992,F$3,Output!#REF!,1,Output!$F$3:$F$992,$A10),1)&" ["&ROUND(_xlfn.MINIFS(Output!$N$3:$N$992,Output!$H$3:$H$992,F$3,Output!#REF!,1,Output!$F$3:$F$992,$A10),1)&"-"&ROUND(_xlfn.MAXIFS(Output!$N$3:$N$992,Output!$H$3:$H$992,F$3,Output!#REF!,1,Output!$F$3:$F$992,$A10),1)&"]","") | G10: =IFERROR(ROUND(AVERAGEIFS(Output!$N$3:$N$992,Output!$H$3:$H$992,G$3,Output!#REF!,1,Output!$F$3:$F$992,$A10),0)&" ["&ROUND(_xlfn.MINIFS(Output!$N$3:$N$992,Output!$H$3:$H$992,G$3,Output!#REF!,1,Output!$F$3:$F$992,$A10),0)&"-"&ROUND(_xlfn.MAXIFS(Output!$N$3:$N$992,Output!$H$3:$H$992,G$3,Output!#REF!,1,Output!$F$3:$F$992,$A10),0)&"]","") | H10: =IFERROR(ROUND(AVERAGEIFS(Output!$N$3:$N$992,Output!$H$3:$H$992,H$3,Output!#REF!,1,Output!$F$3:$F$992,$A10),0)&" ["&ROUND(_xlfn.MINIFS(Output!$N$3:$N$992,Output!$H$3:$H$992,H$3,Output!#REF!,1,Output!$F$3:$F$992,$A10),0)&"-"&ROUND(_xlfn.MAXIFS(Output!$N$3:$N$992,Output!$H$3:$H$992,H$3,Output!#REF!,1,Output!$F$3:$F$992,$A10),0)&"]","") | I10: =IFERROR(ROUND(AVERAGEIFS(Output!$N$3:$N$992,Output!$H$3:$H$992,I$3,Output!#REF!,1,Output!$F$3:$F$992,$A10),1)&" ["&ROUND(_xlfn.MINIFS(Output!$N$3:$N$992,Output!$H$3:$H$992,I$3,Output!#REF!,1,Output!$F$3:$F$992,$A10),1)&"-"&ROUND(_xlfn.MAXIFS(Output!$N$3:$N$992,Output!$H$3:$H$992,I$3,Output!#REF!,1,Output!$F$3:$F$992,$A10),1)&"]","") | J10: =IFERROR(ROUND(AVERAGEIFS(Output!$N$3:$N$992,Output!$H$3:$H$992,J$3,Output!#REF!,1,Output!$F$3:$F$992,$A10),1)&" ["&ROUND(_xlfn.MINIFS(Output!$N$3:$N$992,Output!$H$3:$H$992,J$3,Output!#REF!,1,Output!$F$3:$F$992,$A10),1)&"-"&ROUND(_xlfn.MAXIFS(Output!$N$3:$N$992,Output!$H$3:$H$992,J$3,Output!#REF!,1,Output!$F$3:$F$992,$A10),1)&"]","") | K10: =IFERROR(ROUND(AVERAGEIFS(Output!$N$3:$N$992,Output!$H$3:$H$992,K$3,Output!#REF!,1,Output!$F$3:$F$992,$A10),1)&" ["&ROUND(_xlfn.MINIFS(Output!$N$3:$N$992,Output!$H$3:$H$992,K$3,Output!#REF!,1,Output!$F$3:$F$992,$A10),1)&"-"&ROUND(_xlfn.MAXIFS(Output!$N$3:$N$992,Output!$H$3:$H$992,K$3,Output!#REF!,1,Output!$F$3:$F$992,$A10),1)&"]","") | L10: =IFERROR(ROUND(AVERAGEIFS(Output!$N$3:$N$992,Output!$H$3:$H$992,L$3,Output!#REF!,1,Output!$F$3:$F$992,$A10),1)&" ["&ROUND(_xlfn.MINIFS(Output!$N$3:$N$992,Output!$H$3:$H$992,L$3,Output!#REF!,1,Output!$F$3:$F$992,$A10),1)&"-"&ROUND(_xlfn.MAXIFS(Output!$N$3:$N$992,Output!$H$3:$H$992,L$3,Output!#REF!,1,Output!$F$3:$F$992,$A10),1)&"]","") | M10: =IFERROR(ROUND(AVERAGEIFS(Output!$N$3:$N$992,Output!$H$3:$H$992,M$3,Output!#REF!,1,Output!$F$3:$F$992,$A10),1)&" ["&ROUND(_xlfn.MINIFS(Output!$N$3:$N$992,Output!$H$3:$H$992,M$3,Output!#REF!,1,Output!$F$3:$F$992,$A10),1)&"-"&ROUND(_xlfn.MAXIFS(Output!$N$3:$N$992,Output!$H$3:$H$992,M$3,Output!#REF!,1,Output!$F$3:$F$992,$A10),1)&"]","") | N10: =IFERROR(ROUND(AVERAGEIFS(Output!$N$3:$N$992,Output!$H$3:$H$992,N$3,Output!#REF!,1,Output!$F$3:$F$992,$A10),1)&" ["&ROUND(_xlfn.MINIFS(Output!$N$3:$N$992,Output!$H$3:$H$992,N$3,Output!#REF!,1,Output!$F$3:$F$992,$A10),1)&"-"&ROUND(_xlfn.MAXIFS(Output!$N$3:$N$992,Output!$H$3:$H$992,N$3,Output!#REF!,1,Output!$F$3:$F$992,$A10),1)&"]","") | O10: =IFERROR(ROUND(AVERAGEIFS(Output!$N$3:$N$992,Output!$H$3:$H$992,O$3,Output!#REF!,1,Output!$F$3:$F$992,$A10),1)&" ["&ROUND(_xlfn.MINIFS(Output!$N$3:$N$992,Output!$H$3:$H$992,O$3,Output!#REF!,1,Output!$F$3:$F$992,$A10),1)&"-"&ROUND(_xlfn.MAXIFS(Output!$N$3:$N$992,Output!$H$3:$H$992,O$3,Output!#REF!,1,Output!$F$3:$F$992,$A10),1)&"]","") | P10: =IFERROR(ROUND(AVERAGEIFS(Output!$N$3:$N$992,Output!$H$3:$H$992,P$3,Output!#REF!,1,Output!$F$3:$F$992,$A10),1)&" ["&ROUND(_xlfn.MINIFS(Output!$N$3:$N$992,Output!$H$3:$H$992,P$3,Output!#REF!,1,Output!$F$3:$F$992,$A10),1)&"-"&ROUND(_xlfn.MAXIFS(Output!$N$3:$N$992,Output!$H$3:$H$992,P$3,Output!#REF!,1,Output!$F$3:$F$992,$A10),1)&"]","") | ... Z10: =IFERROR(ROUND(AVERAGEIFS(Output!$N$3:$N$992,Output!$H$3:$H$992,Z$3,Output!#REF!,1,Output!$F$3:$F$992,$A10),1)&" ["&ROUND(_xlfn.MINIFS(Output!$N$3:$N$992,Output!$H$3:$H$992,Z$3,Output!#REF!,1,Output!$F$3:$F$992,$A10),1)&"-"&ROUND(_xlfn.MAXIFS(Output!$N$3:$N$992,Output!$H$3:$H$992,Z$3,Output!#REF!,1,Output!$F$3:$F$992,$A10),1)&"]","") | AA10: =IFERROR(ROUND(AVERAGEIFS(Output!$N$3:$N$992,Output!$H$3:$H$992,AA$3,Output!#REF!,1,Output!$F$3:$F$992,$A10),0)&" ["&ROUND(_xlfn.MINIFS(Output!$N$3:$N$992,Output!$H$3:$H$992,AA$3,Output!#REF!,1,Output!$F$3:$F$992,$A10),0)&"-"&ROUND(_xlfn.MAXIFS(Output!$N$3:$N$992,Output!$H$3:$H$992,AA$3,Output!#REF!,1,Output!$F$3:$F$992,$A10),0)&"]","") | AB10: =IFERROR(ROUND(AVERAGEIFS(Output!$N$3:$N$992,Output!$H$3:$H$992,AB$3,Output!#REF!,1,Output!$F$3:$F$992,$A10),0)&" ["&ROUND(_xlfn.MINIFS(Output!$N$3:$N$992,Output!$H$3:$H$992,AB$3,Output!#REF!,1,Output!$F$3:$F$992,$A10),0)&"-"&ROUND(_xlfn.MAXIFS(Output!$N$3:$N$992,Output!$H$3:$H$992,AB$3,Output!#REF!,1,Output!$F$3:$F$992,$A10),0)&"]","") | AC10: =IFERROR(ROUND(AVERAGEIFS(Output!$N$3:$N$992,Output!$H$3:$H$992,AC$3,Output!#REF!,1,Output!$F$3:$F$992,$A10),0)&" ["&ROUND(_xlfn.MINIFS(Output!$N$3:$N$992,Output!$H$3:$H$992,AC$3,Output!#REF!,1,Output!$F$3:$F$992,$A10),0)&"-"&ROUND(_xlfn.MAXIFS(Output!$N$3:$N$992,Output!$H$3:$H$992,AC$3,Output!#REF!,1,Output!$F$3:$F$992,$A10),0)&"]","")
A11: East Asia | D11: =IFERROR(ROUND(AVERAGEIFS(Output!$N$3:$N$992,Output!$H$3:$H$992,D$3,Output!#REF!,1,Output!$F$3:$F$992,$A11),1)&" ["&ROUND(_xlfn.MINIFS(Output!$N$3:$N$992,Output!$H$3:$H$992,D$3,Output!#REF!,1,Output!$F$3:$F$992,$A11),1)&"-"&ROUND(_xlfn.MAXIFS(Output!$N$3:$N$992,Output!$H$3:$H$992,D$3,Output!#REF!,1,Output!$F$3:$F$992,$A11),1)&"]","") | E11: =IFERROR(ROUND(AVERAGEIFS(Output!$N$3:$N$992,Output!$H$3:$H$992,E$3,Output!#REF!,1,Output!$F$3:$F$992,$A11),1)&" ["&ROUND(_xlfn.MINIFS(Output!$N$3:$N$992,Output!$H$3:$H$992,E$3,Output!#REF!,1,Output!$F$3:$F$992,$A11),1)&"-"&ROUND(_xlfn.MAXIFS(Output!$N$3:$N$992,Output!$H$3:$H$992,E$3,Output!#REF!,1,Output!$F$3:$F$992,$A11),1)&"]","") | F11: =IFERROR(ROUND(AVERAGEIFS(Output!$N$3:$N$992,Output!$H$3:$H$992,F$3,Output!#REF!,1,Output!$F$3:$F$992,$A11),1)&" ["&ROUND(_xlfn.MINIFS(Output!$N$3:$N$992,Output!$H$3:$H$992,F$3,Output!#REF!,1,Output!$F$3:$F$992,$A11),1)&"-"&ROUND(_xlfn.MAXIFS(Output!$N$3:$N$992,Output!$H$3:$H$992,F$3,Output!#REF!,1,Output!$F$3:$F$992,$A11),1)&"]","") | G11: =IFERROR(ROUND(AVERAGEIFS(Output!$N$3:$N$992,Output!$H$3:$H$992,G$3,Output!#REF!,1,Output!$F$3:$F$992,$A11),0)&" ["&ROUND(_xlfn.MINIFS(Output!$N$3:$N$992,Output!$H$3:$H$992,G$3,Output!#REF!,1,Output!$F$3:$F$992,$A11),0)&"-"&ROUND(_xlfn.MAXIFS(Output!$N$3:$N$992,Output!$H$3:$H$992,G$3,Output!#REF!,1,Output!$F$3:$F$992,$A11),0)&"]","") | H11: =IFERROR(ROUND(AVERAGEIFS(Output!$N$3:$N$992,Output!$H$3:$H$992,H$3,Output!#REF!,1,Output!$F$3:$F$992,$A11),0)&" ["&ROUND(_xlfn.MINIFS(Output!$N$3:$N$992,Output!$H$3:$H$992,H$3,Output!#REF!,1,Output!$F$3:$F$992,$A11),0)&"-"&ROUND(_xlfn.MAXIFS(Output!$N$3:$N$992,Output!$H$3:$H$992,H$3,Output!#REF!,1,Output!$F$3:$F$992,$A11),0)&"]","") | I11: =IFERROR(ROUND(AVERAGEIFS(Output!$N$3:$N$992,Output!$H$3:$H$992,I$3,Output!#REF!,1,Output!$F$3:$F$992,$A11),1)&" ["&ROUND(_xlfn.MINIFS(Output!$N$3:$N$992,Output!$H$3:$H$992,I$3,Output!#REF!,1,Output!$F$3:$F$992,$A11),1)&"-"&ROUND(_xlfn.MAXIFS(Output!$N$3:$N$992,Output!$H$3:$H$992,I$3,Output!#REF!,1,Output!$F$3:$F$992,$A11),1)&"]","") | J11: =IFERROR(ROUND(AVERAGEIFS(Output!$N$3:$N$992,Output!$H$3:$H$992,J$3,Output!#REF!,1,Output!$F$3:$F$992,$A11),1)&" ["&ROUND(_xlfn.MINIFS(Output!$N$3:$N$992,Output!$H$3:$H$992,J$3,Output!#REF!,1,Output!$F$3:$F$992,$A11),1)&"-"&ROUND(_xlfn.MAXIFS(Output!$N$3:$N$992,Output!$H$3:$H$992,J$3,Output!#REF!,1,Output!$F$3:$F$992,$A11),1)&"]","") | K11: =IFERROR(ROUND(AVERAGEIFS(Output!$N$3:$N$992,Output!$H$3:$H$992,K$3,Output!#REF!,1,Output!$F$3:$F$992,$A11),1)&" ["&ROUND(_xlfn.MINIFS(Output!$N$3:$N$992,Output!$H$3:$H$992,K$3,Output!#REF!,1,Output!$F$3:$F$992,$A11),1)&"-"&ROUND(_xlfn.MAXIFS(Output!$N$3:$N$992,Output!$H$3:$H$992,K$3,Output!#REF!,1,Output!$F$3:$F$992,$A11),1)&"]","") | L11: =IFERROR(ROUND(AVERAGEIFS(Output!$N$3:$N$992,Output!$H$3:$H$992,L$3,Output!#REF!,1,Output!$F$3:$F$992,$A11),1)&" ["&ROUND(_xlfn.MINIFS(Output!$N$3:$N$992,Output!$H$3:$H$992,L$3,Output!#REF!,1,Output!$F$3:$F$992,$A11),1)&"-"&ROUND(_xlfn.MAXIFS(Output!$N$3:$N$992,Output!$H$3:$H$992,L$3,Output!#REF!,1,Output!$F$3:$F$992,$A11),1)&"]","") | M11: =IFERROR(ROUND(AVERAGEIFS(Output!$N$3:$N$992,Output!$H$3:$H$992,M$3,Output!#REF!,1,Output!$F$3:$F$992,$A11),1)&" ["&ROUND(_xlfn.MINIFS(Output!$N$3:$N$992,Output!$H$3:$H$992,M$3,Output!#REF!,1,Output!$F$3:$F$992,$A11),1)&"-"&ROUND(_xlfn.MAXIFS(Output!$N$3:$N$992,Output!$H$3:$H$992,M$3,Output!#REF!,1,Output!$F$3:$F$992,$A11),1)&"]","") | N11: =IFERROR(ROUND(AVERAGEIFS(Output!$N$3:$N$992,Output!$H$3:$H$992,N$3,Output!#REF!,1,Output!$F$3:$F$992,$A11),1)&" ["&ROUND(_xlfn.MINIFS(Output!$N$3:$N$992,Output!$H$3:$H$992,N$3,Output!#REF!,1,Output!$F$3:$F$992,$A11),1)&"-"&ROUND(_xlfn.MAXIFS(Output!$N$3:$N$992,Output!$H$3:$H$992,N$3,Output!#REF!,1,Output!$F$3:$F$992,$A11),1)&"]","") | O11: =IFERROR(ROUND(AVERAGEIFS(Output!$N$3:$N$992,Output!$H$3:$H$992,O$3,Output!#REF!,1,Output!$F$3:$F$992,$A11),1)&" ["&ROUND(_xlfn.MINIFS(Output!$N$3:$N$992,Output!$H$3:$H$992,O$3,Output!#REF!,1,Output!$F$3:$F$992,$A11),1)&"-"&ROUND(_xlfn.MAXIFS(Output!$N$3:$N$992,Output!$H$3:$H$992,O$3,Output!#REF!,1,Output!$F$3:$F$992,$A11),1)&"]","") | P11: =IFERROR(ROUND(AVERAGEIFS(Output!$N$3:$N$992,Output!$H$3:$H$992,P$3,Output!#REF!,1,Output!$F$3:$F$992,$A11),1)&" ["&ROUND(_xlfn.MINIFS(Output!$N$3:$N$992,Output!$H$3:$H$992,P$3,Output!#REF!,1,Output!$F$3:$F$992,$A11),1)&"-"&ROUND(_xlfn.MAXIFS(Output!$N$3:$N$992,Output!$H$3:$H$992,P$3,Output!#REF!,1,Output!$F$3:$F$992,$A11),1)&"]","") | ... Z11: =IFERROR(ROUND(AVERAGEIFS(Output!$N$3:$N$992,Output!$H$3:$H$992,Z$3,Output!#REF!,1,Output!$F$3:$F$992,$A11),1)&" ["&ROUND(_xlfn.MINIFS(Output!$N$3:$N$992,Output!$H$3:$H$992,Z$3,Output!#REF!,1,Output!$F$3:$F$992,$A11),1)&"-"&ROUND(_xlfn.MAXIFS(Output!$N$3:$N$992,Output!$H$3:$H$992,Z$3,Output!#REF!,1,Output!$F$3:$F$992,$A11),1)&"]","") | AA11: =IFERROR(ROUND(AVERAGEIFS(Output!$N$3:$N$992,Output!$H$3:$H$992,AA$3,Output!#REF!,1,Output!$F$3:$F$992,$A11),0)&" ["&ROUND(_xlfn.MINIFS(Output!$N$3:$N$992,Output!$H$3:$H$992,AA$3,Output!#REF!,1,Output!$F$3:$F$992,$A11),0)&"-"&ROUND(_xlfn.MAXIFS(Output!$N$3:$N$992,Output!$H$3:$H$992,AA$3,Output!#REF!,1,Output!$F$3:$F$992,$A11),0)&"]","") | AB11: =IFERROR(ROUND(AVERAGEIFS(Output!$N$3:$N$992,Output!$H$3:$H$992,AB$3,Output!#REF!,1,Output!$F$3:$F$992,$A11),0)&" ["&ROUND(_xlfn.MINIFS(Output!$N$3:$N$992,Output!$H$3:$H$992,AB$3,Output!#REF!,1,Output!$F$3:$F$992,$A11),0)&"-"&ROUND(_xlfn.MAXIFS(Output!$N$3:$N$992,Output!$H$3:$H$992,AB$3,Output!#REF!,1,Output!$F$3:$F$992,$A11),0)&"]","") | AC11: =IFERROR(ROUND(AVERAGEIFS(Output!$N$3:$N$992,Output!$H$3:$H$992,AC$3,Output!#REF!,1,Output!$F$3:$F$992,$A11),0)&" ["&ROUND(_xlfn.MINIFS(Output!$N$3:$N$992,Output!$H$3:$H$992,AC$3,Output!#REF!,1,Output!$F$3:$F$992,$A11),0)&"-"&ROUND(_xlfn.MAXIFS(Output!$N$3:$N$992,Output!$H$3:$H$992,AC$3,Output!#REF!,1,Output!$F$3:$F$992,$A11),0)&"]","")
A12: South Asia | D12: =IFERROR(ROUND(AVERAGEIFS(Output!$N$3:$N$992,Output!$H$3:$H$992,D$3,Output!#REF!,1,Output!$F$3:$F$992,$A12),1)&" ["&ROUND(_xlfn.MINIFS(Output!$N$3:$N$992,Output!$H$3:$H$992,D$3,Output!#REF!,1,Output!$F$3:$F$992,$A12),1)&"-"&ROUND(_xlfn.MAXIFS(Output!$N$3:$N$992,Output!$H$3:$H$992,D$3,Output!#REF!,1,Output!$F$3:$F$992,$A12),1)&"]","") | E12: =IFERROR(ROUND(AVERAGEIFS(Output!$N$3:$N$992,Output!$H$3:$H$992,E$3,Output!#REF!,1,Output!$F$3:$F$992,$A12),1)&" ["&ROUND(_xlfn.MINIFS(Output!$N$3:$N$992,Output!$H$3:$H$992,E$3,Output!#REF!,1,Output!$F$3:$F$992,$A12),1)&"-"&ROUND(_xlfn.MAXIFS(Output!$N$3:$N$992,Output!$H$3:$H$992,E$3,Output!#REF!,1,Output!$F$3:$F$992,$A12),1)&"]","") | F12: =IFERROR(ROUND(AVERAGEIFS(Output!$N$3:$N$992,Output!$H$3:$H$992,F$3,Output!#REF!,1,Output!$F$3:$F$992,$A12),1)&" ["&ROUND(_xlfn.MINIFS(Output!$N$3:$N$992,Output!$H$3:$H$992,F$3,Output!#REF!,1,Output!$F$3:$F$992,$A12),1)&"-"&ROUND(_xlfn.MAXIFS(Output!$N$3:$N$992,Output!$H$3:$H$992,F$3,Output!#REF!,1,Output!$F$3:$F$992,$A12),1)&"]","") | G12: =IFERROR(ROUND(AVERAGEIFS(Output!$N$3:$N$992,Output!$H$3:$H$992,G$3,Output!#REF!,1,Output!$F$3:$F$992,$A12),0)&" ["&ROUND(_xlfn.MINIFS(Output!$N$3:$N$992,Output!$H$3:$H$992,G$3,Output!#REF!,1,Output!$F$3:$F$992,$A12),0)&"-"&ROUND(_xlfn.MAXIFS(Output!$N$3:$N$992,Output!$H$3:$H$992,G$3,Output!#REF!,1,Output!$F$3:$F$992,$A12),0)&"]","") | H12: =IFERROR(ROUND(AVERAGEIFS(Output!$N$3:$N$992,Output!$H$3:$H$992,H$3,Output!#REF!,1,Output!$F$3:$F$992,$A12),0)&" ["&ROUND(_xlfn.MINIFS(Output!$N$3:$N$992,Output!$H$3:$H$992,H$3,Output!#REF!,1,Output!$F$3:$F$992,$A12),0)&"-"&ROUND(_xlfn.MAXIFS(Output!$N$3:$N$992,Output!$H$3:$H$992,H$3,Output!#REF!,1,Output!$F$3:$F$992,$A12),0)&"]","") | I12: =IFERROR(ROUND(AVERAGEIFS(Output!$N$3:$N$992,Output!$H$3:$H$992,I$3,Output!#REF!,1,Output!$F$3:$F$992,$A12),1)&" ["&ROUND(_xlfn.MINIFS(Output!$N$3:$N$992,Output!$H$3:$H$992,I$3,Output!#REF!,1,Output!$F$3:$F$992,$A12),1)&"-"&ROUND(_xlfn.MAXIFS(Output!$N$3:$N$992,Output!$H$3:$H$992,I$3,Output!#REF!,1,Output!$F$3:$F$992,$A12),1)&"]","") | J12: =IFERROR(ROUND(AVERAGEIFS(Output!$N$3:$N$992,Output!$H$3:$H$992,J$3,Output!#REF!,1,Output!$F$3:$F$992,$A12),1)&" ["&ROUND(_xlfn.MINIFS(Output!$N$3:$N$992,Output!$H$3:$H$992,J$3,Output!#REF!,1,Output!$F$3:$F$992,$A12),1)&"-"&ROUND(_xlfn.MAXIFS(Output!$N$3:$N$992,Output!$H$3:$H$992,J$3,Output!#REF!,1,Output!$F$3:$F$992,$A12),1)&"]","") | K12: =IFERROR(ROUND(AVERAGEIFS(Output!$N$3:$N$992,Output!$H$3:$H$992,K$3,Output!#REF!,1,Output!$F$3:$F$992,$A12),1)&" ["&ROUND(_xlfn.MINIFS(Output!$N$3:$N$992,Output!$H$3:$H$992,K$3,Output!#REF!,1,Output!$F$3:$F$992,$A12),1)&"-"&ROUND(_xlfn.MAXIFS(Output!$N$3:$N$992,Output!$H$3:$H$992,K$3,Output!#REF!,1,Output!$F$3:$F$992,$A12),1)&"]","") | L12: =IFERROR(ROUND(AVERAGEIFS(Output!$N$3:$N$992,Output!$H$3:$H$992,L$3,Output!#REF!,1,Output!$F$3:$F$992,$A12),1)&" ["&ROUND(_xlfn.MINIFS(Output!$N$3:$N$992,Output!$H$3:$H$992,L$3,Output!#REF!,1,Output!$F$3:$F$992,$A12),1)&"-"&ROUND(_xlfn.MAXIFS(Output!$N$3:$N$992,Output!$H$3:$H$992,L$3,Output!#REF!,1,Output!$F$3:$F$992,$A12),1)&"]","") | M12: =IFERROR(ROUND(AVERAGEIFS(Output!$N$3:$N$992,Output!$H$3:$H$992,M$3,Output!#REF!,1,Output!$F$3:$F$992,$A12),1)&" ["&ROUND(_xlfn.MINIFS(Output!$N$3:$N$992,Output!$H$3:$H$992,M$3,Output!#REF!,1,Output!$F$3:$F$992,$A12),1)&"-"&ROUND(_xlfn.MAXIFS(Output!$N$3:$N$992,Output!$H$3:$H$992,M$3,Output!#REF!,1,Output!$F$3:$F$992,$A12),1)&"]","") | N12: =IFERROR(ROUND(AVERAGEIFS(Output!$N$3:$N$992,Output!$H$3:$H$992,N$3,Output!#REF!,1,Output!$F$3:$F$992,$A12),1)&" ["&ROUND(_xlfn.MINIFS(Output!$N$3:$N$992,Output!$H$3:$H$992,N$3,Output!#REF!,1,Output!$F$3:$F$992,$A12),1)&"-"&ROUND(_xlfn.MAXIFS(Output!$N$3:$N$992,Output!$H$3:$H$992,N$3,Output!#REF!,1,Output!$F$3:$F$992,$A12),1)&"]","") | O12: =IFERROR(ROUND(AVERAGEIFS(Output!$N$3:$N$992,Output!$H$3:$H$992,O$3,Output!#REF!,1,Output!$F$3:$F$992,$A12),1)&" ["&ROUND(_xlfn.MINIFS(Output!$N$3:$N$992,Output!$H$3:$H$992,O$3,Output!#REF!,1,Output!$F$3:$F$992,$A12),1)&"-"&ROUND(_xlfn.MAXIFS(Output!$N$3:$N$992,Output!$H$3:$H$992,O$3,Output!#REF!,1,Output!$F$3:$F$992,$A12),1)&"]","") | P12: =IFERROR(ROUND(AVERAGEIFS(Output!$N$3:$N$992,Output!$H$3:$H$992,P$3,Output!#REF!,1,Output!$F$3:$F$992,$A12),1)&" ["&ROUND(_xlfn.MINIFS(Output!$N$3:$N$992,Output!$H$3:$H$992,P$3,Output!#REF!,1,Output!$F$3:$F$992,$A12),1)&"-"&ROUND(_xlfn.MAXIFS(Output!$N$3:$N$992,Output!$H$3:$H$992,P$3,Output!#REF!,1,Output!$F$3:$F$992,$A12),1)&"]","") | ... Z12: =IFERROR(ROUND(AVERAGEIFS(Output!$N$3:$N$992,Output!$H$3:$H$992,Z$3,Output!#REF!,1,Output!$F$3:$F$992,$A12),1)&" ["&ROUND(_xlfn.MINIFS(Output!$N$3:$N$992,Output!$H$3:$H$992,Z$3,Output!#REF!,1,Output!$F$3:$F$992,$A12),1)&"-"&ROUND(_xlfn.MAXIFS(Output!$N$3:$N$992,Output!$H$3:$H$992,Z$3,Output!#REF!,1,Output!$F$3:$F$992,$A12),1)&"]","") | AA12: =IFERROR(ROUND(AVERAGEIFS(Output!$N$3:$N$992,Output!$H$3:$H$992,AA$3,Output!#REF!,1,Output!$F$3:$F$992,$A12),0)&" ["&ROUND(_xlfn.MINIFS(Output!$N$3:$N$992,Output!$H$3:$H$992,AA$3,Output!#REF!,1,Output!$F$3:$F$992,$A12),0)&"-"&ROUND(_xlfn.MAXIFS(Output!$N$3:$N$992,Output!$H$3:$H$992,AA$3,Output!#REF!,1,Output!$F$3:$F$992,$A12),0)&"]","") | AB12: =IFERROR(ROUND(AVERAGEIFS(Output!$N$3:$N$992,Output!$H$3:$H$992,AB$3,Output!#REF!,1,Output!$F$3:$F$992,$A12),0)&" ["&ROUND(_xlfn.MINIFS(Output!$N$3:$N$992,Output!$H$3:$H$992,AB$3,Output!#REF!,1,Output!$F$3:$F$992,$A12),0)&"-"&ROUND(_xlfn.MAXIFS(Output!$N$3:$N$992,Output!$H$3:$H$992,AB$3,Output!#REF!,1,Output!$F$3:$F$992,$A12),0)&"]","") | AC12: =IFERROR(ROUND(AVERAGEIFS(Output!$N$3:$N$992,Output!$H$3:$H$992,AC$3,Output!#REF!,1,Output!$F$3:$F$992,$A12),0)&" ["&ROUND(_xlfn.MINIFS(Output!$N$3:$N$992,Output!$H$3:$H$992,AC$3,Output!#REF!,1,Output!$F$3:$F$992,$A12),0)&"-"&ROUND(_xlfn.MAXIFS(Output!$N$3:$N$992,Output!$H$3:$H$992,AC$3,Output!#REF!,1,Output!$F$3:$F$992,$A12),0)&"]","")
A13: Pacific | D13: =IFERROR(ROUND(AVERAGEIFS(Output!$N$3:$N$992,Output!$H$3:$H$992,D$3,Output!#REF!,1,Output!$F$3:$F$992,$A13),1)&" ["&ROUND(_xlfn.MINIFS(Output!$N$3:$N$992,Output!$H$3:$H$992,D$3,Output!#REF!,1,Output!$F$3:$F$992,$A13),1)&"-"&ROUND(_xlfn.MAXIFS(Output!$N$3:$N$992,Output!$H$3:$H$992,D$3,Output!#REF!,1,Output!$F$3:$F$992,$A13),1)&"]","") | E13: =IFERROR(ROUND(AVERAGEIFS(Output!$N$3:$N$992,Output!$H$3:$H$992,E$3,Output!#REF!,1,Output!$F$3:$F$992,$A13),1)&" ["&ROUND(_xlfn.MINIFS(Output!$N$3:$N$992,Output!$H$3:$H$992,E$3,Output!#REF!,1,Output!$F$3:$F$992,$A13),1)&"-"&ROUND(_xlfn.MAXIFS(Output!$N$3:$N$992,Output!$H$3:$H$992,E$3,Output!#REF!,1,Output!$F$3:$F$992,$A13),1)&"]","") | F13: =IFERROR(ROUND(AVERAGEIFS(Output!$N$3:$N$992,Output!$H$3:$H$992,F$3,Output!#REF!,1,Output!$F$3:$F$992,$A13),1)&" ["&ROUND(_xlfn.MINIFS(Output!$N$3:$N$992,Output!$H$3:$H$992,F$3,Output!#REF!,1,Output!$F$3:$F$992,$A13),1)&"-"&ROUND(_xlfn.MAXIFS(Output!$N$3:$N$992,Output!$H$3:$H$992,F$3,Output!#REF!,1,Output!$F$3:$F$992,$A13),1)&"]","") | G13: =IFERROR(ROUND(AVERAGEIFS(Output!$N$3:$N$992,Output!$H$3:$H$992,G$3,Output!#REF!,1,Output!$F$3:$F$992,$A13),0)&" ["&ROUND(_xlfn.MINIFS(Output!$N$3:$N$992,Output!$H$3:$H$992,G$3,Output!#REF!,1,Output!$F$3:$F$992,$A13),0)&"-"&ROUND(_xlfn.MAXIFS(Output!$N$3:$N$992,Output!$H$3:$H$992,G$3,Output!#REF!,1,Output!$F$3:$F$992,$A13),0)&"]","") | H13: =IFERROR(ROUND(AVERAGEIFS(Output!$N$3:$N$992,Output!$H$3:$H$992,H$3,Output!#REF!,1,Output!$F$3:$F$992,$A13),0)&" ["&ROUND(_xlfn.MINIFS(Output!$N$3:$N$992,Output!$H$3:$H$992,H$3,Output!#REF!,1,Output!$F$3:$F$992,$A13),0)&"-"&ROUND(_xlfn.MAXIFS(Output!$N$3:$N$992,Output!$H$3:$H$992,H$3,Output!#REF!,1,Output!$F$3:$F$992,$A13),0)&"]","") | I13: =IFERROR(ROUND(AVERAGEIFS(Output!$N$3:$N$992,Output!$H$3:$H$992,I$3,Output!#REF!,1,Output!$F$3:$F$992,$A13),1)&" ["&ROUND(_xlfn.MINIFS(Output!$N$3:$N$992,Output!$H$3:$H$992,I$3,Output!#REF!,1,Output!$F$3:$F$992,$A13),1)&"-"&ROUND(_xlfn.MAXIFS(Output!$N$3:$N$992,Output!$H$3:$H$992,I$3,Output!#REF!,1,Output!$F$3:$F$992,$A13),1)&"]","") | J13: =IFERROR(ROUND(AVERAGEIFS(Output!$N$3:$N$992,Output!$H$3:$H$992,J$3,Output!#REF!,1,Output!$F$3:$F$992,$A13),1)&" ["&ROUND(_xlfn.MINIFS(Output!$N$3:$N$992,Output!$H$3:$H$992,J$3,Output!#REF!,1,Output!$F$3:$F$992,$A13),1)&"-"&ROUND(_xlfn.MAXIFS(Output!$N$3:$N$992,Output!$H$3:$H$992,J$3,Output!#REF!,1,Output!$F$3:$F$992,$A13),1)&"]","") | K13: =IFERROR(ROUND(AVERAGEIFS(Output!$N$3:$N$992,Output!$H$3:$H$992,K$3,Output!#REF!,1,Output!$F$3:$F$992,$A13),1)&" ["&ROUND(_xlfn.MINIFS(Output!$N$3:$N$992,Output!$H$3:$H$992,K$3,Output!#REF!,1,Output!$F$3:$F$992,$A13),1)&"-"&ROUND(_xlfn.MAXIFS(Output!$N$3:$N$992,Output!$H$3:$H$992,K$3,Output!#REF!,1,Output!$F$3:$F$992,$A13),1)&"]","") | L13: =IFERROR(ROUND(AVERAGEIFS(Output!$N$3:$N$992,Output!$H$3:$H$992,L$3,Output!#REF!,1,Output!$F$3:$F$992,$A13),1)&" ["&ROUND(_xlfn.MINIFS(Output!$N$3:$N$992,Output!$H$3:$H$992,L$3,Output!#REF!,1,Output!$F$3:$F$992,$A13),1)&"-"&ROUND(_xlfn.MAXIFS(Output!$N$3:$N$992,Output!$H$3:$H$992,L$3,Output!#REF!,1,Output!$F$3:$F$992,$A13),1)&"]","") | M13: =IFERROR(ROUND(AVERAGEIFS(Output!$N$3:$N$992,Output!$H$3:$H$992,M$3,Output!#REF!,1,Output!$F$3:$F$992,$A13),1)&" ["&ROUND(_xlfn.MINIFS(Output!$N$3:$N$992,Output!$H$3:$H$992,M$3,Output!#REF!,1,Output!$F$3:$F$992,$A13),1)&"-"&ROUND(_xlfn.MAXIFS(Output!$N$3:$N$992,Output!$H$3:$H$992,M$3,Output!#REF!,1,Output!$F$3:$F$992,$A13),1)&"]","") | N13: =IFERROR(ROUND(AVERAGEIFS(Output!$N$3:$N$992,Output!$H$3:$H$992,N$3,Output!#REF!,1,Output!$F$3:$F$992,$A13),1)&" ["&ROUND(_xlfn.MINIFS(Output!$N$3:$N$992,Output!$H$3:$H$992,N$3,Output!#REF!,1,Output!$F$3:$F$992,$A13),1)&"-"&ROUND(_xlfn.MAXIFS(Output!$N$3:$N$992,Output!$H$3:$H$992,N$3,Output!#REF!,1,Output!$F$3:$F$992,$A13),1)&"]","") | O13: =IFERROR(ROUND(AVERAGEIFS(Output!$N$3:$N$992,Output!$H$3:$H$992,O$3,Output!#REF!,1,Output!$F$3:$F$992,$A13),1)&" ["&ROUND(_xlfn.MINIFS(Output!$N$3:$N$992,Output!$H$3:$H$992,O$3,Output!#REF!,1,Output!$F$3:$F$992,$A13),1)&"-"&ROUND(_xlfn.MAXIFS(Output!$N$3:$N$992,Output!$H$3:$H$992,O$3,Output!#REF!,1,Output!$F$3:$F$992,$A13),1)&"]","") | P13: =IFERROR(ROUND(AVERAGEIFS(Output!$N$3:$N$992,Output!$H$3:$H$992,P$3,Output!#REF!,1,Output!$F$3:$F$992,$A13),1)&" ["&ROUND(_xlfn.MINIFS(Output!$N$3:$N$992,Output!$H$3:$H$992,P$3,Output!#REF!,1,Output!$F$3:$F$992,$A13),1)&"-"&ROUND(_xlfn.MAXIFS(Output!$N$3:$N$992,Output!$H$3:$H$992,P$3,Output!#REF!,1,Output!$F$3:$F$992,$A13),1)&"]","") | ... Z13: =IFERROR(ROUND(AVERAGEIFS(Output!$N$3:$N$992,Output!$H$3:$H$992,Z$3,Output!#REF!,1,Output!$F$3:$F$992,$A13),1)&" ["&ROUND(_xlfn.MINIFS(Output!$N$3:$N$992,Output!$H$3:$H$992,Z$3,Output!#REF!,1,Output!$F$3:$F$992,$A13),1)&"-"&ROUND(_xlfn.MAXIFS(Output!$N$3:$N$992,Output!$H$3:$H$992,Z$3,Output!#REF!,1,Output!$F$3:$F$992,$A13),1)&"]","") | AA13: =IFERROR(ROUND(AVERAGEIFS(Output!$N$3:$N$992,Output!$H$3:$H$992,AA$3,Output!#REF!,1,Output!$F$3:$F$992,$A13),0)&" ["&ROUND(_xlfn.MINIFS(Output!$N$3:$N$992,Output!$H$3:$H$992,AA$3,Output!#REF!,1,Output!$F$3:$F$992,$A13),0)&"-"&ROUND(_xlfn.MAXIFS(Output!$N$3:$N$992,Output!$H$3:$H$992,AA$3,Output!#REF!,1,Output!$F$3:$F$992,$A13),0)&"]","") | AB13: =IFERROR(ROUND(AVERAGEIFS(Output!$N$3:$N$992,Output!$H$3:$H$992,AB$3,Output!#REF!,1,Output!$F$3:$F$992,$A13),0)&" ["&ROUND(_xlfn.MINIFS(Output!$N$3:$N$992,Output!$H$3:$H$992,AB$3,Output!#REF!,1,Output!$F$3:$F$992,$A13),0)&"-"&ROUND(_xlfn.MAXIFS(Output!$N$3:$N$992,Output!$H$3:$H$992,AB$3,Output!#REF!,1,Output!$F$3:$F$992,$A13),0)&"]","") | AC13: =IFERROR(ROUND(AVERAGEIFS(Output!$N$3:$N$992,Output!$H$3:$H$992,AC$3,Output!#REF!,1,Output!$F$3:$F$992,$A13),0)&" ["&ROUND(_xlfn.MINIFS(Output!$N$3:$N$992,Output!$H$3:$H$992,AC$3,Output!#REF!,1,Output!$F$3:$F$992,$A13),0)&"-"&ROUND(_xlfn.MAXIFS(Output!$N$3:$N$992,Output!$H$3:$H$992,AC$3,Output!#REF!,1,Output!$F$3:$F$992,$A13),0)&"]","")
A14: Central and West Asia | D14: =IFERROR(ROUND(AVERAGEIFS(Output!$N$3:$N$992,Output!$H$3:$H$992,D$3,Output!#REF!,1,Output!$F$3:$F$992,$A14),1)&" ["&ROUND(_xlfn.MINIFS(Output!$N$3:$N$992,Output!$H$3:$H$992,D$3,Output!#REF!,1,Output!$F$3:$F$992,$A14),1)&"-"&ROUND(_xlfn.MAXIFS(Output!$N$3:$N$992,Output!$H$3:$H$992,D$3,Output!#REF!,1,Output!$F$3:$F$992,$A14),1)&"]","") | E14: =IFERROR(ROUND(AVERAGEIFS(Output!$N$3:$N$992,Output!$H$3:$H$992,E$3,Output!#REF!,1,Output!$F$3:$F$992,$A14),1)&" ["&ROUND(_xlfn.MINIFS(Output!$N$3:$N$992,Output!$H$3:$H$992,E$3,Output!#REF!,1,Output!$F$3:$F$992,$A14),1)&"-"&ROUND(_xlfn.MAXIFS(Output!$N$3:$N$992,Output!$H$3:$H$992,E$3,Output!#REF!,1,Output!$F$3:$F$992,$A14),1)&"]","") | F14: =IFERROR(ROUND(AVERAGEIFS(Output!$N$3:$N$992,Output!$H$3:$H$992,F$3,Output!#REF!,1,Output!$F$3:$F$992,$A14),1)&" ["&ROUND(_xlfn.MINIFS(Output!$N$3:$N$992,Output!$H$3:$H$992,F$3,Output!#REF!,1,Output!$F$3:$F$992,$A14),1)&"-"&ROUND(_xlfn.MAXIFS(Output!$N$3:$N$992,Output!$H$3:$H$992,F$3,Output!#REF!,1,Output!$F$3:$F$992,$A14),1)&"]","") | G14: =IFERROR(ROUND(AVERAGEIFS(Output!$N$3:$N$992,Output!$H$3:$H$992,G$3,Output!#REF!,1,Output!$F$3:$F$992,$A14),0)&" ["&ROUND(_xlfn.MINIFS(Output!$N$3:$N$992,Output!$H$3:$H$992,G$3,Output!#REF!,1,Output!$F$3:$F$992,$A14),0)&"-"&ROUND(_xlfn.MAXIFS(Output!$N$3:$N$992,Output!$H$3:$H$992,G$3,Output!#REF!,1,Output!$F$3:$F$992,$A14),0)&"]","") | H14: =IFERROR(ROUND(AVERAGEIFS(Output!$N$3:$N$992,Output!$H$3:$H$992,H$3,Output!#REF!,1,Output!$F$3:$F$992,$A14),0)&" ["&ROUND(_xlfn.MINIFS(Output!$N$3:$N$992,Output!$H$3:$H$992,H$3,Output!#REF!,1,Output!$F$3:$F$992,$A14),0)&"-"&ROUND(_xlfn.MAXIFS(Output!$N$3:$N$992,Output!$H$3:$H$992,H$3,Output!#REF!,1,Output!$F$3:$F$992,$A14),0)&"]","") | I14: =IFERROR(ROUND(AVERAGEIFS(Output!$N$3:$N$992,Output!$H$3:$H$992,I$3,Output!#REF!,1,Output!$F$3:$F$992,$A14),1)&" ["&ROUND(_xlfn.MINIFS(Output!$N$3:$N$992,Output!$H$3:$H$992,I$3,Output!#REF!,1,Output!$F$3:$F$992,$A14),1)&"-"&ROUND(_xlfn.MAXIFS(Output!$N$3:$N$992,Output!$H$3:$H$992,I$3,Output!#REF!,1,Output!$F$3:$F$992,$A14),1)&"]","") | J14: =IFERROR(ROUND(AVERAGEIFS(Output!$N$3:$N$992,Output!$H$3:$H$992,J$3,Output!#REF!,1,Output!$F$3:$F$992,$A14),1)&" ["&ROUND(_xlfn.MINIFS(Output!$N$3:$N$992,Output!$H$3:$H$992,J$3,Output!#REF!,1,Output!$F$3:$F$992,$A14),1)&"-"&ROUND(_xlfn.MAXIFS(Output!$N$3:$N$992,Output!$H$3:$H$992,J$3,Output!#REF!,1,Output!$F$3:$F$992,$A14),1)&"]","") | K14: =IFERROR(ROUND(AVERAGEIFS(Output!$N$3:$N$992,Output!$H$3:$H$992,K$3,Output!#REF!,1,Output!$F$3:$F$992,$A14),1)&" ["&ROUND(_xlfn.MINIFS(Output!$N$3:$N$992,Output!$H$3:$H$992,K$3,Output!#REF!,1,Output!$F$3:$F$992,$A14),1)&"-"&ROUND(_xlfn.MAXIFS(Output!$N$3:$N$992,Output!$H$3:$H$992,K$3,Output!#REF!,1,Output!$F$3:$F$992,$A14),1)&"]","") | L14: =IFERROR(ROUND(AVERAGEIFS(Output!$N$3:$N$992,Output!$H$3:$H$992,L$3,Output!#REF!,1,Output!$F$3:$F$992,$A14),1)&" ["&ROUND(_xlfn.MINIFS(Output!$N$3:$N$992,Output!$H$3:$H$992,L$3,Output!#REF!,1,Output!$F$3:$F$992,$A14),1)&"-"&ROUND(_xlfn.MAXIFS(Output!$N$3:$N$992,Output!$H$3:$H$992,L$3,Output!#REF!,1,Output!$F$3:$F$992,$A14),1)&"]","") | M14: =IFERROR(ROUND(AVERAGEIFS(Output!$N$3:$N$992,Output!$H$3:$H$992,M$3,Output!#REF!,1,Output!$F$3:$F$992,$A14),1)&" ["&ROUND(_xlfn.MINIFS(Output!$N$3:$N$992,Output!$H$3:$H$992,M$3,Output!#REF!,1,Output!$F$3:$F$992,$A14),1)&"-"&ROUND(_xlfn.MAXIFS(Output!$N$3:$N$992,Output!$H$3:$H$992,M$3,Output!#REF!,1,Output!$F$3:$F$992,$A14),1)&"]","") | N14: =IFERROR(ROUND(AVERAGEIFS(Output!$N$3:$N$992,Output!$H$3:$H$992,N$3,Output!#REF!,1,Output!$F$3:$F$992,$A14),1)&" ["&ROUND(_xlfn.MINIFS(Output!$N$3:$N$992,Output!$H$3:$H$992,N$3,Output!#REF!,1,Output!$F$3:$F$992,$A14),1)&"-"&ROUND(_xlfn.MAXIFS(Output!$N$3:$N$992,Output!$H$3:$H$992,N$3,Output!#REF!,1,Output!$F$3:$F$992,$A14),1)&"]","") | O14: =IFERROR(ROUND(AVERAGEIFS(Output!$N$3:$N$992,Output!$H$3:$H$992,O$3,Output!#REF!,1,Output!$F$3:$F$992,$A14),1)&" ["&ROUND(_xlfn.MINIFS(Output!$N$3:$N$992,Output!$H$3:$H$992,O$3,Output!#REF!,1,Output!$F$3:$F$992,$A14),1)&"-"&ROUND(_xlfn.MAXIFS(Output!$N$3:$N$992,Output!$H$3:$H$992,O$3,Output!#REF!,1,Output!$F$3:$F$992,$A14),1)&"]","") | P14: =IFERROR(ROUND(AVERAGEIFS(Output!$N$3:$N$992,Output!$H$3:$H$992,P$3,Output!#REF!,1,Output!$F$3:$F$992,$A14),1)&" ["&ROUND(_xlfn.MINIFS(Output!$N$3:$N$992,Output!$H$3:$H$992,P$3,Output!#REF!,1,Output!$F$3:$F$992,$A14),1)&"-"&ROUND(_xlfn.MAXIFS(Output!$N$3:$N$992,Output!$H$3:$H$992,P$3,Output!#REF!,1,Output!$F$3:$F$992,$A14),1)&"]","") | ... Z14: =IFERROR(ROUND(AVERAGEIFS(Output!$N$3:$N$992,Output!$H$3:$H$992,Z$3,Output!#REF!,1,Output!$F$3:$F$992,$A14),1)&" ["&ROUND(_xlfn.MINIFS(Output!$N$3:$N$992,Output!$H$3:$H$992,Z$3,Output!#REF!,1,Output!$F$3:$F$992,$A14),1)&"-"&ROUND(_xlfn.MAXIFS(Output!$N$3:$N$992,Output!$H$3:$H$992,Z$3,Output!#REF!,1,Output!$F$3:$F$992,$A14),1)&"]","") | AA14: =IFERROR(ROUND(AVERAGEIFS(Output!$N$3:$N$992,Output!$H$3:$H$992,AA$3,Output!#REF!,1,Output!$F$3:$F$992,$A14),0)&" ["&ROUND(_xlfn.MINIFS(Output!$N$3:$N$992,Output!$H$3:$H$992,AA$3,Output!#REF!,1,Output!$F$3:$F$992,$A14),0)&"-"&ROUND(_xlfn.MAXIFS(Output!$N$3:$N$992,Output!$H$3:$H$992,AA$3,Output!#REF!,1,Output!$F$3:$F$992,$A14),0)&"]","") | AB14: =IFERROR(ROUND(AVERAGEIFS(Output!$N$3:$N$992,Output!$H$3:$H$992,AB$3,Output!#REF!,1,Output!$F$3:$F$992,$A14),0)&" ["&ROUND(_xlfn.MINIFS(Output!$N$3:$N$992,Output!$H$3:$H$992,AB$3,Output!#REF!,1,Output!$F$3:$F$992,$A14),0)&"-"&ROUND(_xlfn.MAXIFS(Output!$N$3:$N$992,Output!$H$3:$H$992,AB$3,Output!#REF!,1,Output!$F$3:$F$992,$A14),0)&"]","") | AC14: =IFERROR(ROUND(AVERAGEIFS(Output!$N$3:$N$992,Output!$H$3:$H$992,AC$3,Output!#REF!,1,Output!$F$3:$F$992,$A14),0)&" ["&ROUND(_xlfn.MINIFS(Output!$N$3:$N$992,Output!$H$3:$H$992,AC$3,Output!#REF!,1,Output!$F$3:$F$992,$A14),0)&"-"&ROUND(_xlfn.MAXIFS(Output!$N$3:$N$992,Output!$H$3:$H$992,AC$3,Output!#REF!,1,Output!$F$3:$F$992,$A14),0)&"]","")
A16: AVERAGE
A17: Low and lower middle income | D17: =IFERROR(ROUND(AVERAGEIFS(Output!$N$3:$N$992,Output!$H$3:$H$992,D$3,Output!#REF!,1,Output!$E$3:$E$992,$A17),1)&" ["&ROUND(_xlfn.MINIFS(Output!$N$3:$N$992,Output!$H$3:$H$992,D$3,Output!#REF!,1,Output!$E$3:$E$992,$A17),1)&"-"&ROUND(_xlfn.MAXIFS(Output!$N$3:$N$992,Output!$H$3:$H$992,D$3,Output!#REF!,1,Output!$E$3:$E$992,$A17),1)&"]","") | E17: =IFERROR(ROUND(AVERAGEIFS(Output!$N$3:$N$992,Output!$H$3:$H$992,E$3,Output!#REF!,1,Output!$E$3:$E$992,$A17),1)&" ["&ROUND(_xlfn.MINIFS(Output!$N$3:$N$992,Output!$H$3:$H$992,E$3,Output!#REF!,1,Output!$E$3:$E$992,$A17),1)&"-"&ROUND(_xlfn.MAXIFS(Output!$N$3:$N$992,Output!$H$3:$H$992,E$3,Output!#REF!,1,Output!$E$3:$E$992,$A17),1)&"]","") | F17: =IFERROR(ROUND(AVERAGEIFS(Output!$N$3:$N$992,Output!$H$3:$H$992,F$3,Output!#REF!,1,Output!$E$3:$E$992,$A17),1)&" ["&ROUND(_xlfn.MINIFS(Output!$N$3:$N$992,Output!$H$3:$H$992,F$3,Output!#REF!,1,Output!$E$3:$E$992,$A17),1)&"-"&ROUND(_xlfn.MAXIFS(Output!$N$3:$N$992,Output!$H$3:$H$992,F$3,Output!#REF!,1,Output!$E$3:$E$992,$A17),1)&"]","") | G17: =IFERROR(ROUND(AVERAGEIFS(Output!$N$3:$N$992,Output!$H$3:$H$992,G$3,Output!#REF!,1,Output!$E$3:$E$992,$A17),0)&" ["&ROUND(_xlfn.MINIFS(Output!$N$3:$N$992,Output!$H$3:$H$992,G$3,Output!#REF!,1,Output!$E$3:$E$992,$A17),0)&"-"&ROUND(_xlfn.MAXIFS(Output!$N$3:$N$992,Output!$H$3:$H$992,G$3,Output!#REF!,1,Output!$E$3:$E$992,$A17),0)&"]","") | H17: =IFERROR(ROUND(AVERAGEIFS(Output!$N$3:$N$992,Output!$H$3:$H$992,H$3,Output!#REF!,1,Output!$E$3:$E$992,$A17),0)&" ["&ROUND(_xlfn.MINIFS(Output!$N$3:$N$992,Output!$H$3:$H$992,H$3,Output!#REF!,1,Output!$E$3:$E$992,$A17),0)&"-"&ROUND(_xlfn.MAXIFS(Output!$N$3:$N$992,Output!$H$3:$H$992,H$3,Output!#REF!,1,Output!$E$3:$E$992,$A17),0)&"]","") | I17: =IFERROR(ROUND(AVERAGEIFS(Output!$N$3:$N$992,Output!$H$3:$H$992,I$3,Output!#REF!,1,Output!$E$3:$E$992,$A17),1)&" ["&ROUND(_xlfn.MINIFS(Output!$N$3:$N$992,Output!$H$3:$H$992,I$3,Output!#REF!,1,Output!$E$3:$E$992,$A17),1)&"-"&ROUND(_xlfn.MAXIFS(Output!$N$3:$N$992,Output!$H$3:$H$992,I$3,Output!#REF!,1,Output!$E$3:$E$992,$A17),1)&"]","") | J17: =IFERROR(ROUND(AVERAGEIFS(Output!$N$3:$N$992,Output!$H$3:$H$992,J$3,Output!#REF!,1,Output!$E$3:$E$992,$A17),1)&" ["&ROUND(_xlfn.MINIFS(Output!$N$3:$N$992,Output!$H$3:$H$992,J$3,Output!#REF!,1,Output!$E$3:$E$992,$A17),1)&"-"&ROUND(_xlfn.MAXIFS(Output!$N$3:$N$992,Output!$H$3:$H$992,J$3,Output!#REF!,1,Output!$E$3:$E$992,$A17),1)&"]","") | K17: =IFERROR(ROUND(AVERAGEIFS(Output!$N$3:$N$992,Output!$H$3:$H$992,K$3,Output!#REF!,1,Output!$E$3:$E$992,$A17),1)&" ["&ROUND(_xlfn.MINIFS(Output!$N$3:$N$992,Output!$H$3:$H$992,K$3,Output!#REF!,1,Output!$E$3:$E$992,$A17),1)&"-"&ROUND(_xlfn.MAXIFS(Output!$N$3:$N$992,Output!$H$3:$H$992,K$3,Output!#REF!,1,Output!$E$3:$E$992,$A17),1)&"]","") | L17: =IFERROR(ROUND(AVERAGEIFS(Output!$N$3:$N$992,Output!$H$3:$H$992,L$3,Output!#REF!,1,Output!$E$3:$E$992,$A17),1)&" ["&ROUND(_xlfn.MINIFS(Output!$N$3:$N$992,Output!$H$3:$H$992,L$3,Output!#REF!,1,Output!$E$3:$E$992,$A17),1)&"-"&ROUND(_xlfn.MAXIFS(Output!$N$3:$N$992,Output!$H$3:$H$992,L$3,Output!#REF!,1,Output!$E$3:$E$992,$A17),1)&"]","") | M17: =IFERROR(ROUND(AVERAGEIFS(Output!$N$3:$N$992,Output!$H$3:$H$992,M$3,Output!#REF!,1,Output!$E$3:$E$992,$A17),1)&" ["&ROUND(_xlfn.MINIFS(Output!$N$3:$N$992,Output!$H$3:$H$992,M$3,Output!#REF!,1,Output!$E$3:$E$992,$A17),1)&"-"&ROUND(_xlfn.MAXIFS(Output!$N$3:$N$992,Output!$H$3:$H$992,M$3,Output!#REF!,1,Output!$E$3:$E$992,$A17),1)&"]","") | N17: =IFERROR(ROUND(AVERAGEIFS(Output!$N$3:$N$992,Output!$H$3:$H$992,N$3,Output!#REF!,1,Output!$E$3:$E$992,$A17),1)&" ["&ROUND(_xlfn.MINIFS(Output!$N$3:$N$992,Output!$H$3:$H$992,N$3,Output!#REF!,1,Output!$E$3:$E$992,$A17),1)&"-"&ROUND(_xlfn.MAXIFS(Output!$N$3:$N$992,Output!$H$3:$H$992,N$3,Output!#REF!,1,Output!$E$3:$E$992,$A17),1)&"]","") | O17: =IFERROR(ROUND(AVERAGEIFS(Output!$N$3:$N$992,Output!$H$3:$H$992,O$3,Output!#REF!,1,Output!$E$3:$E$992,$A17),1)&" ["&ROUND(_xlfn.MINIFS(Output!$N$3:$N$992,Output!$H$3:$H$992,O$3,Output!#REF!,1,Output!$E$3:$E$992,$A17),1)&"-"&ROUND(_xlfn.MAXIFS(Output!$N$3:$N$992,Output!$H$3:$H$992,O$3,Output!#REF!,1,Output!$E$3:$E$992,$A17),1)&"]","") | P17: =IFERROR(ROUND(AVERAGEIFS(Output!$N$3:$N$992,Output!$H$3:$H$992,P$3,Output!#REF!,1,Output!$E$3:$E$992,$A17),1)&" ["&ROUND(_xlfn.MINIFS(Output!$N$3:$N$992,Output!$H$3:$H$992,P$3,Output!#REF!,1,Output!$E$3:$E$992,$A17),1)&"-"&ROUND(_xlfn.MAXIFS(Output!$N$3:$N$992,Output!$H$3:$H$992,P$3,Output!#REF!,1,Output!$E$3:$E$992,$A17),1)&"]","") | ... Z17: =IFERROR(ROUND(AVERAGEIFS(Output!$N$3:$N$992,Output!$H$3:$H$992,Z$3,Output!#REF!,1,Output!$E$3:$E$992,$A17),1)&" ["&ROUND(_xlfn.MINIFS(Output!$N$3:$N$992,Output!$H$3:$H$992,Z$3,Output!#REF!,1,Output!$E$3:$E$992,$A17),1)&"-"&ROUND(_xlfn.MAXIFS(Output!$N$3:$N$992,Output!$H$3:$H$992,Z$3,Output!#REF!,1,Output!$E$3:$E$992,$A17),1)&"]","") | AA17: =IFERROR(ROUND(AVERAGEIFS(Output!$N$3:$N$992,Output!$H$3:$H$992,AA$3,Output!#REF!,1,Output!$E$3:$E$992,$A17),0)&" ["&ROUND(_xlfn.MINIFS(Output!$N$3:$N$992,Output!$H$3:$H$992,AA$3,Output!#REF!,1,Output!$E$3:$E$992,$A17),0)&"-"&ROUND(_xlfn.MAXIFS(Output!$N$3:$N$992,Output!$H$3:$H$992,AA$3,Output!#REF!,1,Output!$E$3:$E$992,$A17),0)&"]","") | AB17: =IFERROR(ROUND(AVERAGEIFS(Output!$N$3:$N$992,Output!$H$3:$H$992,AB$3,Output!#REF!,1,Output!$E$3:$E$992,$A17),0)&" ["&ROUND(_xlfn.MINIFS(Output!$N$3:$N$992,Output!$H$3:$H$992,AB$3,Output!#REF!,1,Output!$E$3:$E$992,$A17),0)&"-"&ROUND(_xlfn.MAXIFS(Output!$N$3:$N$992,Output!$H$3:$H$992,AB$3,Output!#REF!,1,Output!$E$3:$E$992,$A17),0)&"]","") | AC17: =IFERROR(ROUND(AVERAGEIFS(Output!$N$3:$N$992,Output!$H$3:$H$992,AC$3,Output!#REF!,1,Output!$E$3:$E$992,$A17),0)&" ["&ROUND(_xlfn.MINIFS(Output!$N$3:$N$992,Output!$H$3:$H$992,AC$3,Output!#REF!,1,Output!$E$3:$E$992,$A17),0)&"-"&ROUND(_xlfn.MAXIFS(Output!$N$3:$N$992,Output!$H$3:$H$992,AC$3,Output!#REF!,1,Output!$E$3:$E$992,$A17),0)&"]","") | AD17: {=AVERAGE(IF(((Output!$H$3:$H$992="New 6L Expressway")+(Output!$H$3:$H$992="New 4L Expressway"))*(Output!#REF!=1)*(Output!$E$3:$E$992=$A17),Output!$N$3:$N$992))} -> #REF! | AE17: =AVERAGEIFS(Output!$N$3:$N$992,Output!$H$3:$H$992,"New 2L Highway",Output!#REF!,1,Output!$E$3:$E$992,$A17) -> #REF! | AF17: =AVERAGEIFS(Output!$N$3:$N$992,Output!$H$3:$H$992,"New 1L Road",Output!#REF!,1,Output!$E$3:$E$992,$A17) -> #REF!
A18: Upper middle income | D18: =IFERROR(ROUND(AVERAGEIFS(Output!$N$3:$N$992,Output!$H$3:$H$992,D$3,Output!#REF!,1,Output!$E$3:$E$992,$A18),1)&" ["&ROUND(_xlfn.MINIFS(Output!$N$3:$N$992,Output!$H$3:$H$992,D$3,Output!#REF!,1,Output!$E$3:$E$992,$A18),1)&"-"&ROUND(_xlfn.MAXIFS(Output!$N$3:$N$992,Output!$H$3:$H$992,D$3,Output!#REF!,1,Output!$E$3:$E$992,$A18),1)&"]","") | E18: =IFERROR(ROUND(AVERAGEIFS(Output!$N$3:$N$992,Output!$H$3:$H$992,E$3,Output!#REF!,1,Output!$E$3:$E$992,$A18),1)&" ["&ROUND(_xlfn.MINIFS(Output!$N$3:$N$992,Output!$H$3:$H$992,E$3,Output!#REF!,1,Output!$E$3:$E$992,$A18),1)&"-"&ROUND(_xlfn.MAXIFS(Output!$N$3:$N$992,Output!$H$3:$H$992,E$3,Output!#REF!,1,Output!$E$3:$E$992,$A18),1)&"]","") | F18: =IFERROR(ROUND(AVERAGEIFS(Output!$N$3:$N$992,Output!$H$3:$H$992,F$3,Output!#REF!,1,Output!$E$3:$E$992,$A18),1)&" ["&ROUND(_xlfn.MINIFS(Output!$N$3:$N$992,Output!$H$3:$H$992,F$3,Output!#REF!,1,Output!$E$3:$E$992,$A18),1)&"-"&ROUND(_xlfn.MAXIFS(Output!$N$3:$N$992,Output!$H$3:$H$992,F$3,Output!#REF!,1,Output!$E$3:$E$992,$A18),1)&"]","") | G18: =IFERROR(ROUND(AVERAGEIFS(Output!$N$3:$N$992,Output!$H$3:$H$992,G$3,Output!#REF!,1,Output!$E$3:$E$992,$A18),0)&" ["&ROUND(_xlfn.MINIFS(Output!$N$3:$N$992,Output!$H$3:$H$992,G$3,Output!#REF!,1,Output!$E$3:$E$992,$A18),0)&"-"&ROUND(_xlfn.MAXIFS(Output!$N$3:$N$992,Output!$H$3:$H$992,G$3,Output!#REF!,1,Output!$E$3:$E$992,$A18),0)&"]","") | H18: =IFERROR(ROUND(AVERAGEIFS(Output!$N$3:$N$992,Output!$H$3:$H$992,H$3,Output!#REF!,1,Output!$E$3:$E$992,$A18),0)&" ["&ROUND(_xlfn.MINIFS(Output!$N$3:$N$992,Output!$H$3:$H$992,H$3,Output!#REF!,1,Output!$E$3:$E$992,$A18),0)&"-"&ROUND(_xlfn.MAXIFS(Output!$N$3:$N$992,Output!$H$3:$H$992,H$3,Output!#REF!,1,Output!$E$3:$E$992,$A18),0)&"]","") | I18: =IFERROR(ROUND(AVERAGEIFS(Output!$N$3:$N$992,Output!$H$3:$H$992,I$3,Output!#REF!,1,Output!$E$3:$E$992,$A18),1)&" ["&ROUND(_xlfn.MINIFS(Output!$N$3:$N$992,Output!$H$3:$H$992,I$3,Output!#REF!,1,Output!$E$3:$E$992,$A18),1)&"-"&ROUND(_xlfn.MAXIFS(Output!$N$3:$N$992,Output!$H$3:$H$992,I$3,Output!#REF!,1,Output!$E$3:$E$992,$A18),1)&"]","") | J18: =IFERROR(ROUND(AVERAGEIFS(Output!$N$3:$N$992,Output!$H$3:$H$992,J$3,Output!#REF!,1,Output!$E$3:$E$992,$A18),1)&" ["&ROUND(_xlfn.MINIFS(Output!$N$3:$N$992,Output!$H$3:$H$992,J$3,Output!#REF!,1,Output!$E$3:$E$992,$A18),1)&"-"&ROUND(_xlfn.MAXIFS(Output!$N$3:$N$992,Output!$H$3:$H$992,J$3,Output!#REF!,1,Output!$E$3:$E$992,$A18),1)&"]","") | K18: =IFERROR(ROUND(AVERAGEIFS(Output!$N$3:$N$992,Output!$H$3:$H$992,K$3,Output!#REF!,1,Output!$E$3:$E$992,$A18),1)&" ["&ROUND(_xlfn.MINIFS(Output!$N$3:$N$992,Output!$H$3:$H$992,K$3,Output!#REF!,1,Output!$E$3:$E$992,$A18),1)&"-"&ROUND(_xlfn.MAXIFS(Output!$N$3:$N$992,Output!$H$3:$H$992,K$3,Output!#REF!,1,Output!$E$3:$E$992,$A18),1)&"]","") | L18: =IFERROR(ROUND(AVERAGEIFS(Output!$N$3:$N$992,Output!$H$3:$H$992,L$3,Output!#REF!,1,Output!$E$3:$E$992,$A18),1)&" ["&ROUND(_xlfn.MINIFS(Output!$N$3:$N$992,Output!$H$3:$H$992,L$3,Output!#REF!,1,Output!$E$3:$E$992,$A18),1)&"-"&ROUND(_xlfn.MAXIFS(Output!$N$3:$N$992,Output!$H$3:$H$992,L$3,Output!#REF!,1,Output!$E$3:$E$992,$A18),1)&"]","") | M18: =IFERROR(ROUND(AVERAGEIFS(Output!$N$3:$N$992,Output!$H$3:$H$992,M$3,Output!#REF!,1,Output!$E$3:$E$992,$A18),1)&" ["&ROUND(_xlfn.MINIFS(Output!$N$3:$N$992,Output!$H$3:$H$992,M$3,Output!#REF!,1,Output!$E$3:$E$992,$A18),1)&"-"&ROUND(_xlfn.MAXIFS(Output!$N$3:$N$992,Output!$H$3:$H$992,M$3,Output!#REF!,1,Output!$E$3:$E$992,$A18),1)&"]","") | N18: =IFERROR(ROUND(AVERAGEIFS(Output!$N$3:$N$992,Output!$H$3:$H$992,N$3,Output!#REF!,1,Output!$E$3:$E$992,$A18),1)&" ["&ROUND(_xlfn.MINIFS(Output!$N$3:$N$992,Output!$H$3:$H$992,N$3,Output!#REF!,1,Output!$E$3:$E$992,$A18),1)&"-"&ROUND(_xlfn.MAXIFS(Output!$N$3:$N$992,Output!$H$3:$H$992,N$3,Output!#REF!,1,Output!$E$3:$E$992,$A18),1)&"]","") | O18: =IFERROR(ROUND(AVERAGEIFS(Output!$N$3:$N$992,Output!$H$3:$H$992,O$3,Output!#REF!,1,Output!$E$3:$E$992,$A18),1)&" ["&ROUND(_xlfn.MINIFS(Output!$N$3:$N$992,Output!$H$3:$H$992,O$3,Output!#REF!,1,Output!$E$3:$E$992,$A18),1)&"-"&ROUND(_xlfn.MAXIFS(Output!$N$3:$N$992,Output!$H$3:$H$992,O$3,Output!#REF!,1,Output!$E$3:$E$992,$A18),1)&"]","") | P18: =IFERROR(ROUND(AVERAGEIFS(Output!$N$3:$N$992,Output!$H$3:$H$992,P$3,Output!#REF!,1,Output!$E$3:$E$992,$A18),1)&" ["&ROUND(_xlfn.MINIFS(Output!$N$3:$N$992,Output!$H$3:$H$992,P$3,Output!#REF!,1,Output!$E$3:$E$992,$A18),1)&"-"&ROUND(_xlfn.MAXIFS(Output!$N$3:$N$992,Output!$H$3:$H$992,P$3,Output!#REF!,1,Output!$E$3:$E$992,$A18),1)&"]","") | ... Z18: =IFERROR(ROUND(AVERAGEIFS(Output!$N$3:$N$992,Output!$H$3:$H$992,Z$3,Output!#REF!,1,Output!$E$3:$E$992,$A18),1)&" ["&ROUND(_xlfn.MINIFS(Output!$N$3:$N$992,Output!$H$3:$H$992,Z$3,Output!#REF!,1,Output!$E$3:$E$992,$A18),1)&"-"&ROUND(_xlfn.MAXIFS(Output!$N$3:$N$992,Output!$H$3:$H$992,Z$3,Output!#REF!,1,Output!$E$3:$E$992,$A18),1)&"]","") | AA18: =IFERROR(ROUND(AVERAGEIFS(Output!$N$3:$N$992,Output!$H$3:$H$992,AA$3,Output!#REF!,1,Output!$E$3:$E$992,$A18),0)&" ["&ROUND(_xlfn.MINIFS(Output!$N$3:$N$992,Output!$H$3:$H$992,AA$3,Output!#REF!,1,Output!$E$3:$E$992,$A18),0)&"-"&ROUND(_xlfn.MAXIFS(Output!$N$3:$N$992,Output!$H$3:$H$992,AA$3,Output!#REF!,1,Output!$E$3:$E$992,$A18),0)&"]","") | AB18: =IFERROR(ROUND(AVERAGEIFS(Output!$N$3:$N$992,Output!$H$3:$H$992,AB$3,Output!#REF!,1,Output!$E$3:$E$992,$A18),0)&" ["&ROUND(_xlfn.MINIFS(Output!$N$3:$N$992,Output!$H$3:$H$992,AB$3,Output!#REF!,1,Output!$E$3:$E$992,$A18),0)&"-"&ROUND(_xlfn.MAXIFS(Output!$N$3:$N$992,Output!$H$3:$H$992,AB$3,Output!#REF!,1,Output!$E$3:$E$992,$A18),0)&"]","") | AC18: =IFERROR(ROUND(AVERAGEIFS(Output!$N$3:$N$992,Output!$H$3:$H$992,AC$3,Output!#REF!,1,Output!$E$3:$E$992,$A18),0)&" ["&ROUND(_xlfn.MINIFS(Output!$N$3:$N$992,Output!$H$3:$H$992,AC$3,Output!#REF!,1,Output!$E$3:$E$992,$A18),0)&"-"&ROUND(_xlfn.MAXIFS(Output!$N$3:$N$992,Output!$H$3:$H$992,AC$3,Output!#REF!,1,Output!$E$3:$E$992,$A18),0)&"]","") | AD18: {=AVERAGE(IF(((Output!$H$3:$H$992="New 6L Expressway")+(Output!$H$3:$H$992="New 4L Expressway"))*(Output!#REF!=1)*(Output!$E$3:$E$992=$A18),Output!$N$3:$N$992))} -> #REF! | AE18: =AVERAGEIFS(Output!$N$3:$N$992,Output!$H$3:$H$992,"New 2L Highway",Output!#REF!,1,Output!$E$3:$E$992,$A18) -> #REF! | AF18: =AVERAGEIFS(Output!$N$3:$N$992,Output!$H$3:$H$992,"New 1L Road",Output!#REF!,1,Output!$E$3:$E$992,$A18) -> #REF!
A19: High income | D19: =IFERROR(ROUND(AVERAGEIFS(Output!$N$3:$N$992,Output!$H$3:$H$992,D$3,Output!#REF!,1,Output!$E$3:$E$992,$A19),1)&" ["&ROUND(_xlfn.MINIFS(Output!$N$3:$N$992,Output!$H$3:$H$992,D$3,Output!#REF!,1,Output!$E$3:$E$992,$A19),1)&"-"&ROUND(_xlfn.MAXIFS(Output!$N$3:$N$992,Output!$H$3:$H$992,D$3,Output!#REF!,1,Output!$E$3:$E$992,$A19),1)&"]","") | E19: =IFERROR(ROUND(AVERAGEIFS(Output!$N$3:$N$992,Output!$H$3:$H$992,E$3,Output!#REF!,1,Output!$E$3:$E$992,$A19),1)&" ["&ROUND(_xlfn.MINIFS(Output!$N$3:$N$992,Output!$H$3:$H$992,E$3,Output!#REF!,1,Output!$E$3:$E$992,$A19),1)&"-"&ROUND(_xlfn.MAXIFS(Output!$N$3:$N$992,Output!$H$3:$H$992,E$3,Output!#REF!,1,Output!$E$3:$E$992,$A19),1)&"]","") | F19: =IFERROR(ROUND(AVERAGEIFS(Output!$N$3:$N$992,Output!$H$3:$H$992,F$3,Output!#REF!,1,Output!$E$3:$E$992,$A19),1)&" ["&ROUND(_xlfn.MINIFS(Output!$N$3:$N$992,Output!$H$3:$H$992,F$3,Output!#REF!,1,Output!$E$3:$E$992,$A19),1)&"-"&ROUND(_xlfn.MAXIFS(Output!$N$3:$N$992,Output!$H$3:$H$992,F$3,Output!#REF!,1,Output!$E$3:$E$992,$A19),1)&"]","") | G19: =IFERROR(ROUND(AVERAGEIFS(Output!$N$3:$N$992,Output!$H$3:$H$992,G$3,Output!#REF!,1,Output!$E$3:$E$992,$A19),0)&" ["&ROUND(_xlfn.MINIFS(Output!$N$3:$N$992,Output!$H$3:$H$992,G$3,Output!#REF!,1,Output!$E$3:$E$992,$A19),0)&"-"&ROUND(_xlfn.MAXIFS(Output!$N$3:$N$992,Output!$H$3:$H$992,G$3,Output!#REF!,1,Output!$E$3:$E$992,$A19),0)&"]","") | H19: =IFERROR(ROUND(AVERAGEIFS(Output!$N$3:$N$992,Output!$H$3:$H$992,H$3,Output!#REF!,1,Output!$E$3:$E$992,$A19),0)&" ["&ROUND(_xlfn.MINIFS(Output!$N$3:$N$992,Output!$H$3:$H$992,H$3,Output!#REF!,1,Output!$E$3:$E$992,$A19),0)&"-"&ROUND(_xlfn.MAXIFS(Output!$N$3:$N$992,Output!$H$3:$H$992,H$3,Output!#REF!,1,Output!$E$3:$E$992,$A19),0)&"]","") | I19: =IFERROR(ROUND(AVERAGEIFS(Output!$N$3:$N$992,Output!$H$3:$H$992,I$3,Output!#REF!,1,Output!$E$3:$E$992,$A19),1)&" ["&ROUND(_xlfn.MINIFS(Output!$N$3:$N$992,Output!$H$3:$H$992,I$3,Output!#REF!,1,Output!$E$3:$E$992,$A19),1)&"-"&ROUND(_xlfn.MAXIFS(Output!$N$3:$N$992,Output!$H$3:$H$992,I$3,Output!#REF!,1,Output!$E$3:$E$992,$A19),1)&"]","") | J19: =IFERROR(ROUND(AVERAGEIFS(Output!$N$3:$N$992,Output!$H$3:$H$992,J$3,Output!#REF!,1,Output!$E$3:$E$992,$A19),1)&" ["&ROUND(_xlfn.MINIFS(Output!$N$3:$N$992,Output!$H$3:$H$992,J$3,Output!#REF!,1,Output!$E$3:$E$992,$A19),1)&"-"&ROUND(_xlfn.MAXIFS(Output!$N$3:$N$992,Output!$H$3:$H$992,J$3,Output!#REF!,1,Output!$E$3:$E$992,$A19),1)&"]","") | K19: =IFERROR(ROUND(AVERAGEIFS(Output!$N$3:$N$992,Output!$H$3:$H$992,K$3,Output!#REF!,1,Output!$E$3:$E$992,$A19),1)&" ["&ROUND(_xlfn.MINIFS(Output!$N$3:$N$992,Output!$H$3:$H$992,K$3,Output!#REF!,1,Output!$E$3:$E$992,$A19),1)&"-"&ROUND(_xlfn.MAXIFS(Output!$N$3:$N$992,Output!$H$3:$H$992,K$3,Output!#REF!,1,Output!$E$3:$E$992,$A19),1)&"]","") | L19: =IFERROR(ROUND(AVERAGEIFS(Output!$N$3:$N$992,Output!$H$3:$H$992,L$3,Output!#REF!,1,Output!$E$3:$E$992,$A19),1)&" ["&ROUND(_xlfn.MINIFS(Output!$N$3:$N$992,Output!$H$3:$H$992,L$3,Output!#REF!,1,Output!$E$3:$E$992,$A19),1)&"-"&ROUND(_xlfn.MAXIFS(Output!$N$3:$N$992,Output!$H$3:$H$992,L$3,Output!#REF!,1,Output!$E$3:$E$992,$A19),1)&"]","") | M19: =IFERROR(ROUND(AVERAGEIFS(Output!$N$3:$N$992,Output!$H$3:$H$992,M$3,Output!#REF!,1,Output!$E$3:$E$992,$A19),1)&" ["&ROUND(_xlfn.MINIFS(Output!$N$3:$N$992,Output!$H$3:$H$992,M$3,Output!#REF!,1,Output!$E$3:$E$992,$A19),1)&"-"&ROUND(_xlfn.MAXIFS(Output!$N$3:$N$992,Output!$H$3:$H$992,M$3,Output!#REF!,1,Output!$E$3:$E$992,$A19),1)&"]","") | N19: =IFERROR(ROUND(AVERAGEIFS(Output!$N$3:$N$992,Output!$H$3:$H$992,N$3,Output!#REF!,1,Output!$E$3:$E$992,$A19),1)&" ["&ROUND(_xlfn.MINIFS(Output!$N$3:$N$992,Output!$H$3:$H$992,N$3,Output!#REF!,1,Output!$E$3:$E$992,$A19),1)&"-"&ROUND(_xlfn.MAXIFS(Output!$N$3:$N$992,Output!$H$3:$H$992,N$3,Output!#REF!,1,Output!$E$3:$E$992,$A19),1)&"]","") | O19: =IFERROR(ROUND(AVERAGEIFS(Output!$N$3:$N$992,Output!$H$3:$H$992,O$3,Output!#REF!,1,Output!$E$3:$E$992,$A19),1)&" ["&ROUND(_xlfn.MINIFS(Output!$N$3:$N$992,Output!$H$3:$H$992,O$3,Output!#REF!,1,Output!$E$3:$E$992,$A19),1)&"-"&ROUND(_xlfn.MAXIFS(Output!$N$3:$N$992,Output!$H$3:$H$992,O$3,Output!#REF!,1,Output!$E$3:$E$992,$A19),1)&"]","") | P19: =IFERROR(ROUND(AVERAGEIFS(Output!$N$3:$N$992,Output!$H$3:$H$992,P$3,Output!#REF!,1,Output!$E$3:$E$992,$A19),1)&" ["&ROUND(_xlfn.MINIFS(Output!$N$3:$N$992,Output!$H$3:$H$992,P$3,Output!#REF!,1,Output!$E$3:$E$992,$A19),1)&"-"&ROUND(_xlfn.MAXIFS(Output!$N$3:$N$992,Output!$H$3:$H$992,P$3,Output!#REF!,1,Output!$E$3:$E$992,$A19),1)&"]","") | ... Z19: =IFERROR(ROUND(AVERAGEIFS(Output!$N$3:$N$992,Output!$H$3:$H$992,Z$3,Output!#REF!,1,Output!$E$3:$E$992,$A19),1)&" ["&ROUND(_xlfn.MINIFS(Output!$N$3:$N$992,Output!$H$3:$H$992,Z$3,Output!#REF!,1,Output!$E$3:$E$992,$A19),1)&"-"&ROUND(_xlfn.MAXIFS(Output!$N$3:$N$992,Output!$H$3:$H$992,Z$3,Output!#REF!,1,Output!$E$3:$E$992,$A19),1)&"]","") | AA19: =IFERROR(ROUND(AVERAGEIFS(Output!$N$3:$N$992,Output!$H$3:$H$992,AA$3,Output!#REF!,1,Output!$E$3:$E$992,$A19),0)&" ["&ROUND(_xlfn.MINIFS(Output!$N$3:$N$992,Output!$H$3:$H$992,AA$3,Output!#REF!,1,Output!$E$3:$E$992,$A19),0)&"-"&ROUND(_xlfn.MAXIFS(Output!$N$3:$N$992,Output!$H$3:$H$992,AA$3,Output!#REF!,1,Output!$E$3:$E$992,$A19),0)&"]","") | AB19: =IFERROR(ROUND(AVERAGEIFS(Output!$N$3:$N$992,Output!$H$3:$H$992,AB$3,Output!#REF!,1,Output!$E$3:$E$992,$A19),0)&" ["&ROUND(_xlfn.MINIFS(Output!$N$3:$N$992,Output!$H$3:$H$992,AB$3,Output!#REF!,1,Output!$E$3:$E$992,$A19),0)&"-"&ROUND(_xlfn.MAXIFS(Output!$N$3:$N$992,Output!$H$3:$H$992,AB$3,Output!#REF!,1,Output!$E$3:$E$992,$A19),0)&"]","") | AC19: =IFERROR(ROUND(AVERAGEIFS(Output!$N$3:$N$992,Output!$H$3:$H$992,AC$3,Output!#REF!,1,Output!$E$3:$E$992,$A19),0)&" ["&ROUND(_xlfn.MINIFS(Output!$N$3:$N$992,Output!$H$3:$H$992,AC$3,Output!#REF!,1,Output!$E$3:$E$992,$A19),0)&"-"&ROUND(_xlfn.MAXIFS(Output!$N$3:$N$992,Output!$H$3:$H$992,AC$3,Output!#REF!,1,Output!$E$3:$E$992,$A19),0)&"]","") | AD19: {=AVERAGE(IF(((Output!$H$3:$H$992="New 6L Expressway")+(Output!$H$3:$H$992="New 4L Expressway"))*(Output!#REF!=1)*(Output!$E$3:$E$992=$A19),Output!$N$3:$N$992))} -> #REF! | AE19: =AVERAGEIFS(Output!$N$3:$N$992,Output!$H$3:$H$992,"New 2L Highway",Output!#REF!,1,Output!$E$3:$E$992,$A19) -> #REF! | AF19: =AVERAGEIFS(Output!$N$3:$N$992,Output!$H$3:$H$992,"New 1L Road",Output!#REF!,1,Output!$E$3:$E$992,$A19) -> #REF!
A20: Custom | F20: Rail Transport (non-urban) | I20: Road Asset Management | S20: Road Construction | AA20: Urban Public Transport | AD20: Road
F21: Heavy Railway Electrification | G21: High Speed Railway | H21: Heavy Railway Construction | I21: Reconstruction | J21: Strengthening | K21: Upgrading | L21: Asphalt Mix Resurfacing | M21: Surface Treatment Resurfacing | N21: Partial Widening and Reconstruction | O21: Bituminous Pavement Preventive Treatment | P21: Gravel Resurfacing | Q21: Routine Maintenance | R21: Upgrading and Climate Proofing | S21: Widening | T21: Partial Widening | U21: New 1L Road | V21: New 6L Expressway | W21: New 4L Expressway | X21: Widening and Reconstruction | Y21: New 2L Highway | Z21: New 2L Highway with Climate Proofing | AA21: Metro | AB21: Light Rail | AC21: BRTS | AD21: Primary | AE21: Secondary | AF21: Tertiary
A22: Low and lower middle income | G22: 28 | H22: 7 | AA22: 70 | AB22: 35 | AC22: 8 | AD22: 6>6 | AE22: 1 | AF22: 0.4
A23: Upper middle income | G23: 23 | H23: 11 | AA23: 100 | AB23: 50 | AC23: 13 | AD23: 9>6 | AE23: 2 | AF23: 0.5
A24: High income | G24: 36 | H24: 27 | AA24: 270 | AB24: 100 | AC24: 50 | AD24: 12>8 | AE24: 3 | AF24: 0.6
A25: PPP
A26: neg0.25
A27: Low and lower middle income | D27: 52 [52-52] | E27: 2 [2-2] | G27: 60 [60-60] | H27: 16 [11-21] | I27: 1.1 [0.9-1.7] | J27: 2.7 [2.3-3.2] | K27: 0.7 [0.6-1.1] | L27: 0.4 [0.3-0.5] | M27: 0.1 [0.1-0.1] | N27: 2.2 [2.2-2.2] | O27: 0.2 [0.2-0.2] | P27: 0 [0-0] | Q27: 0 [0-0] | T27: 26.6 [26.6-26.6] | U27: 0.6 [0.6-0.6] | V27: 15.7 [15.7-15.7] | W27: 21.8 [21.8-21.8] | X27: 2.9 [2.3-3.8] | Y27: 6.1 [5.4-6.7] | AA27: 181 [150-221] | AB27: 89 [87-94] | AC27: 32 [32-32] | AD27: 18.764193 | AE27: 6.0578203 | AF27: 0.61101656
A28: Upper middle income | G28: 29 [26-32] | H28: 18 [14-22] | J28: 0.3 [0.3-0.3] | K28: 0.5 [0.4-0.7] | L28: 0.9 [0.8-0.9] | N28: 0.9 [0.9-0.9] | S28: 6.2 [5.8-6.6] | W28: 12.6 [11.2-14.3] | X28: 2.1 [1.5-2.4] | Z28: 15.7 [15.7-15.7] | AA28: 164 [149-179] | AB28: 71 [59-93] | AD28: 12.633285 | AE28: #DIV/0! | AF28: #DIV/0!
A29: High income | G29: 33 [33-33] | H29: 23 [20-26] | AA29: 251 [191-328] | AB29: 75 [72-79] | AC29: 42 [42-42] | AD29: #DIV/0! | AE29: #DIV/0! | AF29: #DIV/0!
A30: zer0
A31: Low and lower middle income | D31: 52 [52-52] | E31: 2 [2-2] | G31: 74 [60-89] | H31: 11 [3-28] | I31: 0.9 [0.4-2] | J31: 2.8 [1.8-3.7] | K31: 0.7 [0.3-1.4] | L31: 0.3 [0.1-0.5] | M31: 0.1 [0-0.1] | N31: 2 [1.9-2.2] | O31: 0.2 [0.1-0.3] | P31: 0 [0-0] | Q31: 0 [0-0] | R31: 2.3 [2.3-2.3] | S31: 5.8 [3.4-10.1] | T31: 26.6 [26.6-26.6] | U31: 0.6 [0.5-0.7] | V31: 15.7 [15.7-15.7] | W31: 19.6 [12.9-30.3] | X31: 2.6 [1.4-4.5] | Y31: 5 [3-6.7] | AA31: 170 [113-257] | AB31: 89 [87-94] | AC31: 21 [16-40] | AD31: 18.926343 | AE31: 5.0310262 | AF31: 0.57688145
A32: Upper middle income | G32: 29 [23-37] | H32: 17 [9-26] | I32: 2.1 [1.2-4.9] | J32: 0.3 [0.2-0.3] | K32: 0.5 [0.3-0.8] | L32: 0.8 [0.7-1.1] | M32: 0.2 [0-0.4] | N32: 0.9 [0.9-0.9] | S32: 6.2 [1.7-13.3] | U32: 0.5 [0.5-0.5] | V32: 31.3 [20-42.6] | W32: 11.9 [9.2-17.1] | X32: 2.1 [0.9-3] | Y32: 8.6 [1.9-18.1] | Z32: 15.7 [15.7-15.7] | AA32: 163 [134-195] | AB32: 66 [32-113] | AC32: 21 [5-30] | AD32: 13.26573 | AE32: 8.5908732 | AF32: 0.51545439
A33: High income | G33: 36 [21-64] | H33: 20 [4-44] | AA33: 215 [104-437] | AB33: 76 [44-101] | AC33: 42 [42-42] | AD33: #DIV/0! | AE33: #DIV/0! | AF33: #DIV/0!
A34: pos1
A35: Low and lower middle income | D35: 52 [52-52] | E35: 2 [2-2] | F35: 1.1 [0.6-1.6] | G35: 64 [8-108] | H35: 12 [0-49] | I35: 1.1 [0.1-3.8] | J35: 2.8 [0.7-5.2] | K35: 0.7 [0.1-1.9] | L35: 0.3 [0-1] | M35: 0.1 [0-0.2] | N35: 2.3 [1.3-3.6] | O35: 0.2 [0.1-0.3] | P35: 0 [0-0.1] | Q35: 0 [0-0] | R35: 2.7 [2-3.7] | S35: 6.2 [0.2-16.5] | T35: 25.5 [0.4-49.6] | U35: 0.6 [0.3-0.9] | V35: 15.7 [15.7-15.7] | W35: 18.9 [7.5-33.5] | X35: 2.6 [0.1-7.4] | Y35: 5.5 [0.3-14.8] | AA35: 160 [0-389] | AB35: 91 [66-122] | AC35: 26 [6-64] | AD35: 18.580597 | AE35: 5.5022322 | AF35: 0.58770017
A36: Upper middle income | G36: 28 [9-47] | H36: 17 [1-44] | I36: 2.4 [0.6-5.6] | J36: 0.3 [0.2-0.4] | K36: 0.5 [0.1-1.2] | L36: 0.8 [0.6-1.3] | M36: 0.2 [0-0.5] | N36: 0.9 [0.9-0.9] | S36: 7.9 [0.9-23.8] | U36: 2.9 [0.1-8] | V36: 32.5 [15.9-49.9] | W36: 12.4 [4.3-23.7] | X36: 1.8 [0.2-5.1] | Y36: 8.8 [1.8-23.2] | Z36: 15.7 [15.7-15.7] | AA36: 161 [75-255] | AB36: 71 [10-161] | AC36: 19 [2-44] | AD36: 14.633446 | AE36: 8.7977533 | AF36: 2.8922436
A37: High income | G37: 37 [0-86] | H37: 24 [0-87] | AA37: 250 [11-792] | AB37: 70 [31-105] | AC37: 42 [37-46] | AD37: #DIV/0! | AE37: #DIV/0! | AF37: #DIV/0!
A38: pos1.5
A39: Low and lower middle income | D39: 52 [52-52] | E39: 2 [2-2] | F39: 1.1 [0.6-1.6] | G39: 64 [8-108] | H39: 14 [0-65] | I39: 1.2 [0.1-4.1] | J39: 2.8 [0.7-5.2] | K39: 0.8 [0.1-3] | L39: 0.3 [0-1.1] | M39: 0.1 [0-0.2] | N39: 2.3 [1.3-3.6] | O39: 0.2 [0.1-0.3] | P39: 0 [0-0.1] | Q39: 0 [0-0] | R39: 2.7 [2-3.7] | S39: 6.9 [0.2-18] | T39: 25.5 [0.4-49.6] | U39: 0.6 [0.3-0.9] | V39: 15.7 [15.7-15.7] | W39: 18.9 [7.5-33.5] | X39: 2.7 [0.1-8.4] | Y39: 5.5 [0.3-14.8] | AA39: 170 [0-454] | AB39: 83 [41-122] | AC39: 26 [6-64] | AD39: 18.580597 | AE39: 5.5022322 | AF39: 0.58770017
A40: Upper middle income | G40: 26 [2-47] | H40: 17 [1-44] | I40: 3 [0.6-9.9] | J40: 0.3 [0.2-0.4] | K40: 0.5 [0.1-1.2] | L40: 0.8 [0.6-1.3] | M40: 0.2 [0-0.5] | N40: 0.9 [0.9-0.9] | S40: 7.9 [0.9-23.8] | U40: 2.9 [0.1-8] | V40: 32.5 [15.9-49.9] | W40: 12.5 [0.3-26.9] | X40: 2 [0.2-5.6] | Y40: 14.3 [1.8-47.2] | Z40: 15.7 [15.7-15.7] | AA40: 161 [43-276] | AB40: 71 [10-161] | AC40: 23 [2-60] | AD40: 14.557438 | AE40: 14.277 | AF40: 2.8922436
A41: High income | G41: 37 [0-86] | H41: 24 [0-87] | AA41: 260 [11-800] | AB41: 70 [31-105] | AC41: 42 [37-46] | AD41: #DIV/0! | AE41: #DIV/0! | AF41: #DIV/0!
A42: PPP 2015 | F42: Rail Transport (non-urban) | I42: Road Asset Management | S42: Road Construction | AA42: Urban Public Transport | AD42: Road
F43: Heavy Railway Electrification | G43: High Speed Railway | H43: Heavy Railway Construction | I43: Reconstruction | J43: Strengthening | K43: Upgrading | L43: Asphalt Mix Resurfacing | M43: Surface Treatment Resurfacing | N43: Partial Widening and Reconstruction | O43: Bituminous Pavement Preventive Treatment | P43: Gravel Resurfacing | Q43: Routine Maintenance | R43: Upgrading and Climate Proofing | S43: Widening | T43: Partial Widening | U43: New 1L Road | V43: New 6L Expressway | W43: New 4L Expressway | X43: Widening and Reconstruction | Y43: New 2L Highway | Z43: New 2L Highway with Climate Proofing | AA43: Metro | AB43: Light Rail | AC43: BRTS | AD43: Primary | AE43: Secondary | AF43: Tertiary
A44: Low and lower middle income | G44: 64 | H44: 12 | AA44: 160 | AB44: 83 | AC44: 26 | AD44: 18.6 | AE44: 5.5 | AF44: 0.6
A45: Upper middle income | G45: 28 | H45: 17 | AA45: 161 | AB45: 71 | AC45: 23 | AD45: 14.6 | AE45: 8.8 | AF45: 2.9
A46: High income | G46: 37 | H46: 24 | AA46: 250 | AB46: 70 | AC46: 42
A47: non-PPP
A48: neg0.25
A49: Low and lower middle income | G49: 7 [7-7] | H49: 1 [1-2] | I49: 0.1 [0.1-0.2] | J49: 0.2 [0.2-0.3] | K49: 0.1 [0-0.1] | L49: 0 [0-0] | M49: 0 [0-0] | P49: 0 [0-0] | Q49: 0 [0-0] | S49: 0.9 [0.9-0.9] | X49: 0.4 [0.2-1] | Y49: 0.9 [0.6-1.2] | AA49: 18 [13-22] | AC49: 2 [2-2] | AD49: #DIV/0! | AE49: 0.9279669 | AF49: #DIV/0!
A50: Upper middle income | H50: 4 [2-7] | I50: 0.4 [0.4-0.4] | K50: 0.1 [0.1-0.2] | S50: 0.8 [0.7-0.9] | V50: 8.7 [8.2-9.2] | W50: 3 [2.4-3.9] | X50: 0.5 [0.5-0.6] | Y50: 1.5 [1.5-1.5] | AA50: 53 [32-64] | AB50: 22 [13-29] | AC50: 5 [5-5] | AD50: 4.9349012 | AE50: 1.4694089 | AF50: #DIV/0!
A51: High income | G51: 26 [26-26] | H51: 25 [21-29] | AA51: 230 [120-328] | AB51: 104 [60-165] | AD51: #DIV/0! | AE51: #DIV/0! | AF51: #DIV/0!
A52: zer0
A53: Low and lower middle income | G53: 7 [7-7] | H53: 1 [0-2] | I53: 0.1 [0-0.2] | J53: 0.3 [0.2-0.4] | K53: 0.1 [0-0.2] | L53: 0 [0-0.1] | M53: 0 [0-0] | P53: 0 [0-0] | Q53: 0 [0-0] | S53: 1 [0.9-1.2] | W53: 2.2 [2.2-2.2] | X53: 0.4 [0.1-1.4] | Y53: 0.9 [0.6-1.2] | AA53: 18 [10-26] | AC53: 3 [2-4] | AD53: 2.1514001 | AE53: 0.9279669 | AF53: #DIV/0!
A54: Upper middle income | G54: 10 [8-12] | H54: 4 [1-8] | I54: 0.3 [0.3-0.4] | K54: 0.1 [0.1-0.2] | M54: 0 [0-0] | S54: 0.6 [0.4-0.9] | U54: 0.2 [0.2-0.2] | V54: 8.7 [8.2-9.2] | W54: 3.2 [2.2-4.3] | X54: 0.5 [0.3-0.6] | Y54: 1.2 [1-1.5] | AA54: 57 [32-70] | AB54: 20 [12-29] | AC54: 3 [3-5] | AD54: 4.2803924 | AE54: 1.1945611 | AF54: 0.23782522
A55: High income | G55: 25 [16-48] | H55: 23 [3-52] | AA55: 168 [58-478] | AB55: 88 [30-165] | AC55: 55 [55-55] | AD55: #DIV/0! | AE55: #DIV/0! | AF55: #DIV/0!
A56: pos1
A57: Low and lower middle income | F57: 0.2 [0.2-0.2] | G57: 4 [2-7] | H57: 1 [0-5] | I57: 0.2 [0-0.4] | J57: 0.4 [0.2-0.6] | K57: 0.1 [0-0.4] | L57: 0 [0-0.1] | M57: 0 [0-0] | O57: 0 [0-0] | P57: 0 [0-0] | Q57: 0 [0-0] | R57: 2 [1.8-2.2] | S57: 1.3 [0.1-3.2] | T57: 0.1 [0.1-0.1] | U57: 0.1 [0-0.1] | W57: 2.2 [2.2-2.2] | X57: 0.5 [0-1.6] | Y57: 1.5 [0.1-3.6] | AA57: 24 [0-54] | AB57: 15 [15-15] | AC57: 4 [2-6] | AD57: 2.1514001 | AE57: 1.4942507 | AF57: 0.072224005
A58: Upper middle income | G58: 12 [3-17] | H58: 7 [0-16] | I58: 0.6 [0.3-1.1] | J58: 0.1 [0.1-0.1] | K58: 0.1 [0-0.3] | M58: 0 [0-0] | S58: 1.1 [0.4-3.1] | U58: 0.2 [0.1-0.2] | V58: 11.1 [8.2-18.2] | W58: 4.4 [0.2-8.2] | X58: 0.6 [0.1-1.3] | Y58: 3 [1-10.1] | AA58: 69 [20-91] | AB58: 24 [5-57] | AC58: 10 [1-19] | AD58: 5.1243793 | AE58: 2.9667847 | AF58: 0.15543201
A59: High income | G59: 32 [0-74] | H59: 24 [0-80] | AA59: 196 [12-478] | AB59: 78 [30-165] | AC59: 51 [48-55] | AD59: #DIV/0! | AE59: #DIV/0! | AF59: #DIV/0!
A60: pos1.5
A61: Low and lower middle income | F61: 0.2 [0.2-0.2] | G61: 4 [2-7] | H61: 2 [0-8] | I61: 0.2 [0-0.5] | J61: 0.4 [0.2-0.6] | K61: 0.1 [0-0.4] | L61: 0.1 [0-0.1] | M61: 0 [0-0] | N61: 0.4 [0.4-0.4] | O61: 0 [0-0] | P61: 0 [0-0] | Q61: 0 [0-0] | R61: 2 [1.8-2.2] | S61: 1.3 [0.1-3.2] | T61: 0.1 [0.1-0.1] | U61: 0.1 [0-0.1] | W61: 2.2 [2.2-2.2] | X61: 0.6 [0-1.7] | Y61: 1.5 [0.1-3.6] | AA61: 29 [0-69] | AB61: 15 [15-15] | AC61: 5 [2-9] | AD61: 2.1514001 | AE61: 1.4942507 | AF61: 0.072224005
A62: Upper middle income | G62: 13 [1-19] | H62: 8 [0-17] | I62: 0.6 [0.3-1.1] | J62: 0.1 [0.1-0.1] | K62: 0.2 [0-0.3] | L62: 0.2 [0.2-0.3] | M62: 0 [0-0] | S62: 1.6 [0.4-5.6] | U62: 0.2 [0.1-0.2] | V62: 17.1 [8.2-29.2] | W62: 4.7 [0.2-8.2] | X62: 0.8 [0.1-1.5] | Y62: 4.6 [1-13] | AA62: 76 [14-106] | AB62: 31 [5-64] | AC62: 10 [1-19] | AD62: 6.3545232 | AE62: 4.643871 | AF62: 0.15543201
A63: High income | G63: 32 [0-74] | H63: 24 [0-80] | AA63: 230 [12-839] | AB63: 78 [30-165] | AC63: 48 [41-55] | AD63: #DIV/0! | AE63: #DIV/0! | AF63: #DIV/0!
A64: non-PPP 2015 | F64: Rail Transport (non-urban) | I64: Road Asset Management | S64: Road Construction | AA64: Urban Public Transport | AD64: Road
F65: Heavy Railway Electrification | G65: High Speed Railway | H65: Heavy Railway Construction | I65: Reconstruction | J65: Strengthening | K65: Upgrading | L65: Asphalt Mix Resurfacing | M65: Surface Treatment Resurfacing | N65: Partial Widening and Reconstruction | O65: Bituminous Pavement Preventive Treatment | P65: Gravel Resurfacing | Q65: Routine Maintenance | R65: Upgrading and Climate Proofing | S65: Widening | T65: Partial Widening | U65: New 1L Road | V65: New 6L Expressway | W65: New 4L Expressway | X65: Widening and Reconstruction | Y65: New 2L Highway | Z65: New 2L Highway with Climate Proofing | AA65: Metro | AB65: Light Rail | AC65: BRTS | AD65: Primary | AE65: Secondary | AF65: Tertiary
A66: Low and lower middle income | G66: 4 | H66: 1 | AA66: 24 | AB66: 15 | AC66: 4 | AD66: 2.2 | AE66: 1.5 | AF66: 0.07
A67: Upper middle income | G67: 12 | H67: 7 | AA67: 69 | AB67: 24 | AC67: 10 | AD67: 5.1 | AE67: 3 | AF67: 0.16
A68: High income | G68: 32 | H68: 24 | AA68: 196 | AB68: 78 | AC68: 51 | AD68: 19 | AE68: 11.2 | AF68: 0.6
A70: AVERAGE
A71: Afghanistan | B71: Central and West Asia | C71: Low and lower middle income | D71: =IFERROR(ROUND(AVERAGEIFS(Output!$N$3:$N$992,Output!$H$3:$H$992,D$3,Output!#REF!,1,Output!$B$3:$B$992,$A71),1)&" ["&ROUND(_xlfn.MINIFS(Output!$N$3:$N$992,Output!$H$3:$H$992,D$3,Output!#REF!,1,Output!$B$3:$B$992,$A71),1)&"-"&ROUND(_xlfn.MAXIFS(Output!$N$3:$N$992,Output!$H$3:$H$992,D$3,Output!#REF!,1,Output!$B$3:$B$992,$A71),1)&"]","") | E71: =IFERROR(ROUND(AVERAGEIFS(Output!$N$3:$N$992,Output!$H$3:$H$992,E$3,Output!#REF!,1,Output!$B$3:$B$992,$A71),1)&" ["&ROUND(_xlfn.MINIFS(Output!$N$3:$N$992,Output!$H$3:$H$992,E$3,Output!#REF!,1,Output!$B$3:$B$992,$A71),1)&"-"&ROUND(_xlfn.MAXIFS(Output!$N$3:$N$992,Output!$H$3:$H$992,E$3,Output!#REF!,1,Output!$B$3:$B$992,$A71),1)&"]","") | F71: =IFERROR(ROUND(AVERAGEIFS(Output!$N$3:$N$992,Output!$H$3:$H$992,F$3,Output!#REF!,1,Output!$B$3:$B$992,$A71),1)&" ["&ROUND(_xlfn.MINIFS(Output!$N$3:$N$992,Output!$H$3:$H$992,F$3,Output!#REF!,1,Output!$B$3:$B$992,$A71),1)&"-"&ROUND(_xlfn.MAXIFS(Output!$N$3:$N$992,Output!$H$3:$H$992,F$3,Output!#REF!,1,Output!$B$3:$B$992,$A71),1)&"]","") | G71: =IFERROR(ROUND(AVERAGEIFS(Output!$N$3:$N$992,Output!$H$3:$H$992,G$3,Output!#REF!,1,Output!$B$3:$B$992,$A71),1)&" ["&ROUND(_xlfn.MINIFS(Output!$N$3:$N$992,Output!$H$3:$H$992,G$3,Output!#REF!,1,Output!$B$3:$B$992,$A71),1)&"-"&ROUND(_xlfn.MAXIFS(Output!$N$3:$N$992,Output!$H$3:$H$992,G$3,Output!#REF!,1,Output!$B$3:$B$992,$A71),1)&"]","") | H71: =IFERROR(ROUND(AVERAGEIFS(Output!$N$3:$N$992,Output!$H$3:$H$992,H$3,Output!#REF!,1,Output!$B$3:$B$992,$A71),1)&" ["&ROUND(_xlfn.MINIFS(Output!$N$3:$N$992,Output!$H$3:$H$992,H$3,Output!#REF!,1,Output!$B$3:$B$992,$A71),1)&"-"&ROUND(_xlfn.MAXIFS(Output!$N$3:$N$992,Output!$H$3:$H$992,H$3,Output!#REF!,1,Output!$B$3:$B$992,$A71),1)&"]","") | I71: =IFERROR(ROUND(AVERAGEIFS(Output!$N$3:$N$992,Output!$H$3:$H$992,I$3,Output!#REF!,1,Output!$B$3:$B$992,$A71),1)&" ["&ROUND(_xlfn.MINIFS(Output!$N$3:$N$992,Output!$H$3:$H$992,I$3,Output!#REF!,1,Output!$B$3:$B$992,$A71),1)&"-"&ROUND(_xlfn.MAXIFS(Output!$N$3:$N$992,Output!$H$3:$H$992,I$3,Output!#REF!,1,Output!$B$3:$B$992,$A71),1)&"]","") | J71: =IFERROR(ROUND(AVERAGEIFS(Output!$N$3:$N$992,Output!$H$3:$H$992,J$3,Output!#REF!,1,Output!$B$3:$B$992,$A71),1)&" ["&ROUND(_xlfn.MINIFS(Output!$N$3:$N$992,Output!$H$3:$H$992,J$3,Output!#REF!,1,Output!$B$3:$B$992,$A71),1)&"-"&ROUND(_xlfn.MAXIFS(Output!$N$3:$N$992,Output!$H$3:$H$992,J$3,Output!#REF!,1,Output!$B$3:$B$992,$A71),1)&"]","") | K71: =IFERROR(ROUND(AVERAGEIFS(Output!$N$3:$N$992,Output!$H$3:$H$992,K$3,Output!#REF!,1,Output!$B$3:$B$992,$A71),1)&" ["&ROUND(_xlfn.MINIFS(Output!$N$3:$N$992,Output!$H$3:$H$992,K$3,Output!#REF!,1,Output!$B$3:$B$992,$A71),1)&"-"&ROUND(_xlfn.MAXIFS(Output!$N$3:$N$992,Output!$H$3:$H$992,K$3,Output!#REF!,1,Output!$B$3:$B$992,$A71),1)&"]","") | ... Z71: =IFERROR(ROUND(AVERAGEIFS(Output!$N$3:$N$992,Output!$H$3:$H$992,Z$3,Output!#REF!,1,Output!$B$3:$B$992,$A71),1)&" ["&ROUND(_xlfn.MINIFS(Output!$N$3:$N$992,Output!$H$3:$H$992,Z$3,Output!#REF!,1,Output!$B$3:$B$992,$A71),1)&"-"&ROUND(_xlfn.MAXIFS(Output!$N$3:$N$992,Output!$H$3:$H$992,Z$3,Output!#REF!,1,Output!$B$3:$B$992,$A71),1)&"]","") | AA71: =IFERROR(ROUND(AVERAGEIFS(Output!$N$3:$N$992,Output!$H$3:$H$992,AA$3,Output!#REF!,1,Output!$B$3:$B$992,$A71),0)&" ["&ROUND(_xlfn.MINIFS(Output!$N$3:$N$992,Output!$H$3:$H$992,AA$3,Output!#REF!,1,Output!$B$3:$B$992,$A71),0)&"-"&ROUND(_xlfn.MAXIFS(Output!$N$3:$N$992,Output!$H$3:$H$992,AA$3,Output!#REF!,1,Output!$B$3:$B$992,$A71),0)&"]","") | AB71: =IFERROR(ROUND(AVERAGEIFS(Output!$N$3:$N$992,Output!$H$3:$H$992,AB$3,Output!#REF!,1,Output!$B$3:$B$992,$A71),0)&" ["&ROUND(_xlfn.MINIFS(Output!$N$3:$N$992,Output!$H$3:$H$992,AB$3,Output!#REF!,1,Output!$B$3:$B$992,$A71),0)&"-"&ROUND(_xlfn.MAXIFS(Output!$N$3:$N$992,Output!$H$3:$H$992,AB$3,Output!#REF!,1,Output!$B$3:$B$992,$A71),0)&"]","") | AC71: =IFERROR(ROUND(AVERAGEIFS(Output!$N$3:$N$992,Output!$H$3:$H$992,AC$3,Output!#REF!,1,Output!$B$3:$B$992,$A71),0)&" ["&ROUND(_xlfn.MINIFS(Output!$N$3:$N$992,Output!$H$3:$H$992,AC$3,Output!#REF!,1,Output!$B$3:$B$992,$A71),0)&"-"&ROUND(_xlfn.MAXIFS(Output!$N$3:$N$992,Output!$H$3:$H$992,AC$3,Output!#REF!,1,Output!$B$3:$B$992,$A71),0)&"]","")
A72: Armenia | B72: Central and West Asia | C72: Upper middle income | D72: =IFERROR(ROUND(AVERAGEIFS(Output!$N$3:$N$992,Output!$H$3:$H$992,D$3,Output!#REF!,1,Output!$B$3:$B$992,$A72),1)&" ["&ROUND(_xlfn.MINIFS(Output!$N$3:$N$992,Output!$H$3:$H$992,D$3,Output!#REF!,1,Output!$B$3:$B$992,$A72),1)&"-"&ROUND(_xlfn.MAXIFS(Output!$N$3:$N$992,Output!$H$3:$H$992,D$3,Output!#REF!,1,Output!$B$3:$B$992,$A72),1)&"]","") | E72: =IFERROR(ROUND(AVERAGEIFS(Output!$N$3:$N$992,Output!$H$3:$H$992,E$3,Output!#REF!,1,Output!$B$3:$B$992,$A72),1)&" ["&ROUND(_xlfn.MINIFS(Output!$N$3:$N$992,Output!$H$3:$H$992,E$3,Output!#REF!,1,Output!$B$3:$B$992,$A72),1)&"-"&ROUND(_xlfn.MAXIFS(Output!$N$3:$N$992,Output!$H$3:$H$992,E$3,Output!#REF!,1,Output!$B$3:$B$992,$A72),1)&"]","") | F72: =IFERROR(ROUND(AVERAGEIFS(Output!$N$3:$N$992,Output!$H$3:$H$992,F$3,Output!#REF!,1,Output!$B$3:$B$992,$A72),1)&" ["&ROUND(_xlfn.MINIFS(Output!$N$3:$N$992,Output!$H$3:$H$992,F$3,Output!#REF!,1,Output!$B$3:$B$992,$A72),1)&"-"&ROUND(_xlfn.MAXIFS(Output!$N$3:$N$992,Output!$H$3:$H$992,F$3,Output!#REF!,1,Output!$B$3:$B$992,$A72),1)&"]","") | G72: =IFERROR(ROUND(AVERAGEIFS(Output!$N$3:$N$992,Output!$H$3:$H$992,G$3,Output!#REF!,1,Output!$B$3:$B$992,$A72),1)&" ["&ROUND(_xlfn.MINIFS(Output!$N$3:$N$992,Output!$H$3:$H$992,G$3,Output!#REF!,1,Output!$B$3:$B$992,$A72),1)&"-"&ROUND(_xlfn.MAXIFS(Output!$N$3:$N$992,Output!$H$3:$H$992,G$3,Output!#REF!,1,Output!$B$3:$B$992,$A72),1)&"]","") | H72: =IFERROR(ROUND(AVERAGEIFS(Output!$N$3:$N$992,Output!$H$3:$H$992,H$3,Output!#REF!,1,Output!$B$3:$B$992,$A72),1)&" ["&ROUND(_xlfn.MINIFS(Output!$N$3:$N$992,Output!$H$3:$H$992,H$3,Output!#REF!,1,Output!$B$3:$B$992,$A72),1)&"-"&ROUND(_xlfn.MAXIFS(Output!$N$3:$N$992,Output!$H$3:$H$992,H$3,Output!#REF!,1,Output!$B$3:$B$992,$A72),1)&"]","") | I72: =IFERROR(ROUND(AVERAGEIFS(Output!$N$3:$N$992,Output!$H$3:$H$992,I$3,Output!#REF!,1,Output!$B$3:$B$992,$A72),1)&" ["&ROUND(_xlfn.MINIFS(Output!$N$3:$N$992,Output!$H$3:$H$992,I$3,Output!#REF!,1,Output!$B$3:$B$992,$A72),1)&"-"&ROUND(_xlfn.MAXIFS(Output!$N$3:$N$992,Output!$H$3:$H$992,I$3,Output!#REF!,1,Output!$B$3:$B$992,$A72),1)&"]","") | J72: =IFERROR(ROUND(AVERAGEIFS(Output!$N$3:$N$992,Output!$H$3:$H$992,J$3,Output!#REF!,1,Output!$B$3:$B$992,$A72),1)&" ["&ROUND(_xlfn.MINIFS(Output!$N$3:$N$992,Output!$H$3:$H$992,J$3,Output!#REF!,1,Output!$B$3:$B$992,$A72),1)&"-"&ROUND(_xlfn.MAXIFS(Output!$N$3:$N$992,Output!$H$3:$H$992,J$3,Output!#REF!,1,Output!$B$3:$B$992,$A72),1)&"]","") | K72: =IFERROR(ROUND(AVERAGEIFS(Output!$N$3:$N$992,Output!$H$3:$H$992,K$3,Output!#REF!,1,Output!$B$3:$B$992,$A72),1)&" ["&ROUND(_xlfn.MINIFS(Output!$N$3:$N$992,Output!$H$3:$H$992,K$3,Output!#REF!,1,Output!$B$3:$B$992,$A72),1)&"-"&ROUND(_xlfn.MAXIFS(Output!$N$3:$N$992,Output!$H$3:$H$992,K$3,Output!#REF!,1,Output!$B$3:$B$992,$A72),1)&"]","") | ... Z72: =IFERROR(ROUND(AVERAGEIFS(Output!$N$3:$N$992,Output!$H$3:$H$992,Z$3,Output!#REF!,1,Output!$B$3:$B$992,$A72),1)&" ["&ROUND(_xlfn.MINIFS(Output!$N$3:$N$992,Output!$H$3:$H$992,Z$3,Output!#REF!,1,Output!$B$3:$B$992,$A72),1)&"-"&ROUND(_xlfn.MAXIFS(Output!$N$3:$N$992,Output!$H$3:$H$992,Z$3,Output!#REF!,1,Output!$B$3:$B$992,$A72),1)&"]","") | AA72: =IFERROR(ROUND(AVERAGEIFS(Output!$N$3:$N$992,Output!$H$3:$H$992,AA$3,Output!#REF!,1,Output!$B$3:$B$992,$A72),0)&" ["&ROUND(_xlfn.MINIFS(Output!$N$3:$N$992,Output!$H$3:$H$992,AA$3,Output!#REF!,1,Output!$B$3:$B$992,$A72),0)&"-"&ROUND(_xlfn.MAXIFS(Output!$N$3:$N$992,Output!$H$3:$H$992,AA$3,Output!#REF!,1,Output!$B$3:$B$992,$A72),0)&"]","") | AB72: =IFERROR(ROUND(AVERAGEIFS(Output!$N$3:$N$992,Output!$H$3:$H$992,AB$3,Output!#REF!,1,Output!$B$3:$B$992,$A72),0)&" ["&ROUND(_xlfn.MINIFS(Output!$N$3:$N$992,Output!$H$3:$H$992,AB$3,Output!#REF!,1,Output!$B$3:$B$992,$A72),0)&"-"&ROUND(_xlfn.MAXIFS(Output!$N$3:$N$992,Output!$H$3:$H$992,AB$3,Output!#REF!,1,Output!$B$3:$B$992,$A72),0)&"]","") | AC72: =IFERROR(ROUND(AVERAGEIFS(Output!$N$3:$N$992,Output!$H$3:$H$992,AC$3,Output!#REF!,1,Output!$B$3:$B$992,$A72),0)&" ["&ROUND(_xlfn.MINIFS(Output!$N$3:$N$992,Output!$H$3:$H$992,AC$3,Output!#REF!,1,Output!$B$3:$B$992,$A72),0)&"-"&ROUND(_xlfn.MAXIFS(Output!$N$3:$N$992,Output!$H$3:$H$992,AC$3,Output!#REF!,1,Output!$B$3:$B$992,$A72),0)&"]","")
A73: Australia | B73: Pacific | C73: High income | D73: =IFERROR(ROUND(AVERAGEIFS(Output!$N$3:$N$992,Output!$H$3:$H$992,D$3,Output!#REF!,1,Output!$B$3:$B$992,$A73),1)&" ["&ROUND(_xlfn.MINIFS(Output!$N$3:$N$992,Output!$H$3:$H$992,D$3,Output!#REF!,1,Output!$B$3:$B$992,$A73),1)&"-"&ROUND(_xlfn.MAXIFS(Output!$N$3:$N$992,Output!$H$3:$H$992,D$3,Output!#REF!,1,Output!$B$3:$B$992,$A73),1)&"]","") | E73: =IFERROR(ROUND(AVERAGEIFS(Output!$N$3:$N$992,Output!$H$3:$H$992,E$3,Output!#REF!,1,Output!$B$3:$B$992,$A73),1)&" ["&ROUND(_xlfn.MINIFS(Output!$N$3:$N$992,Output!$H$3:$H$992,E$3,Output!#REF!,1,Output!$B$3:$B$992,$A73),1)&"-"&ROUND(_xlfn.MAXIFS(Output!$N$3:$N$992,Output!$H$3:$H$992,E$3,Output!#REF!,1,Output!$B$3:$B$992,$A73),1)&"]","") | F73: =IFERROR(ROUND(AVERAGEIFS(Output!$N$3:$N$992,Output!$H$3:$H$992,F$3,Output!#REF!,1,Output!$B$3:$B$992,$A73),1)&" ["&ROUND(_xlfn.MINIFS(Output!$N$3:$N$992,Output!$H$3:$H$992,F$3,Output!#REF!,1,Output!$B$3:$B$992,$A73),1)&"-"&ROUND(_xlfn.MAXIFS(Output!$N$3:$N$992,Output!$H$3:$H$992,F$3,Output!#REF!,1,Output!$B$3:$B$992,$A73),1)&"]","") | G73: =IFERROR(ROUND(AVERAGEIFS(Output!$N$3:$N$992,Output!$H$3:$H$992,G$3,Output!#REF!,1,Output!$B$3:$B$992,$A73),1)&" ["&ROUND(_xlfn.MINIFS(Output!$N$3:$N$992,Output!$H$3:$H$992,G$3,Output!#REF!,1,Output!$B$3:$B$992,$A73),1)&"-"&ROUND(_xlfn.MAXIFS(Output!$N$3:$N$992,Output!$H$3:$H$992,G$3,Output!#REF!,1,Output!$B$3:$B$992,$A73),1)&"]","") | H73: =IFERROR(ROUND(AVERAGEIFS(Output!$N$3:$N$992,Output!$H$3:$H$992,H$3,Output!#REF!,1,Output!$B$3:$B$992,$A73),1)&" ["&ROUND(_xlfn.MINIFS(Output!$N$3:$N$992,Output!$H$3:$H$992,H$3,Output!#REF!,1,Output!$B$3:$B$992,$A73),1)&"-"&ROUND(_xlfn.MAXIFS(Output!$N$3:$N$992,Output!$H$3:$H$992,H$3,Output!#REF!,1,Output!$B$3:$B$992,$A73),1)&"]","") | I73: =IFERROR(ROUND(AVERAGEIFS(Output!$N$3:$N$992,Output!$H$3:$H$992,I$3,Output!#REF!,1,Output!$B$3:$B$992,$A73),1)&" ["&ROUND(_xlfn.MINIFS(Output!$N$3:$N$992,Output!$H$3:$H$992,I$3,Output!#REF!,1,Output!$B$3:$B$992,$A73),1)&"-"&ROUND(_xlfn.MAXIFS(Output!$N$3:$N$992,Output!$H$3:$H$992,I$3,Output!#REF!,1,Output!$B$3:$B$992,$A73),1)&"]","") | J73: =IFERROR(ROUND(AVERAGEIFS(Output!$N$3:$N$992,Output!$H$3:$H$992,J$3,Output!#REF!,1,Output!$B$3:$B$992,$A73),1)&" ["&ROUND(_xlfn.MINIFS(Output!$N$3:$N$992,Output!$H$3:$H$992,J$3,Output!#REF!,1,Output!$B$3:$B$992,$A73),1)&"-"&ROUND(_xlfn.MAXIFS(Output!$N$3:$N$992,Output!$H$3:$H$992,J$3,Output!#REF!,1,Output!$B$3:$B$992,$A73),1)&"]","") | K73: =IFERROR(ROUND(AVERAGEIFS(Output!$N$3:$N$992,Output!$H$3:$H$992,K$3,Output!#REF!,1,Output!$B$3:$B$992,$A73),1)&" ["&ROUND(_xlfn.MINIFS(Output!$N$3:$N$992,Output!$H$3:$H$992,K$3,Output!#REF!,1,Output!$B$3:$B$992,$A73),1)&"-"&ROUND(_xlfn.MAXIFS(Output!$N$3:$N$992,Output!$H$3:$H$992,K$3,Output!#REF!,1,Output!$B$3:$B$992,$A73),1)&"]","") | ... Z73: =IFERROR(ROUND(AVERAGEIFS(Output!$N$3:$N$992,Output!$H$3:$H$992,Z$3,Output!#REF!,1,Output!$B$3:$B$992,$A73),1)&" ["&ROUND(_xlfn.MINIFS(Output!$N$3:$N$992,Output!$H$3:$H$992,Z$3,Output!#REF!,1,Output!$B$3:$B$992,$A73),1)&"-"&ROUND(_xlfn.MAXIFS(Output!$N$3:$N$992,Output!$H$3:$H$992,Z$3,Output!#REF!,1,Output!$B$3:$B$992,$A73),1)&"]","") | AA73: =IFERROR(ROUND(AVERAGEIFS(Output!$N$3:$N$992,Output!$H$3:$H$992,AA$3,Output!#REF!,1,Output!$B$3:$B$992,$A73),0)&" ["&ROUND(_xlfn.MINIFS(Output!$N$3:$N$992,Output!$H$3:$H$992,AA$3,Output!#REF!,1,Output!$B$3:$B$992,$A73),0)&"-"&ROUND(_xlfn.MAXIFS(Output!$N$3:$N$992,Output!$H$3:$H$992,AA$3,Output!#REF!,1,Output!$B$3:$B$992,$A73),0)&"]","") | AB73: =IFERROR(ROUND(AVERAGEIFS(Output!$N$3:$N$992,Output!$H$3:$H$992,AB$3,Output!#REF!,1,Output!$B$3:$B$992,$A73),0)&" ["&ROUND(_xlfn.MINIFS(Output!$N$3:$N$992,Output!$H$3:$H$992,AB$3,Output!#REF!,1,Output!$B$3:$B$992,$A73),0)&"-"&ROUND(_xlfn.MAXIFS(Output!$N$3:$N$992,Output!$H$3:$H$992,AB$3,Output!#REF!,1,Output!$B$3:$B$992,$A73),0)&"]","") | AC73: =IFERROR(ROUND(AVERAGEIFS(Output!$N$3:$N$992,Output!$H$3:$H$992,AC$3,Output!#REF!,1,Output!$B$3:$B$992,$A73),0)&" ["&ROUND(_xlfn.MINIFS(Output!$N$3:$N$992,Output!$H$3:$H$992,AC$3,Output!#REF!,1,Output!$B$3:$B$992,$A73),0)&"-"&ROUND(_xlfn.MAXIFS(Output!$N$3:$N$992,Output!$H$3:$H$992,AC$3,Output!#REF!,1,Output!$B$3:$B$992,$A73),0)&"]","")
A74: Azerbaijan | B74: Central and West Asia | C74: Upper middle income | D74: =IFERROR(ROUND(AVERAGEIFS(Output!$N$3:$N$992,Output!$H$3:$H$992,D$3,Output!#REF!,1,Output!$B$3:$B$992,$A74),1)&" ["&ROUND(_xlfn.MINIFS(Output!$N$3:$N$992,Output!$H$3:$H$992,D$3,Output!#REF!,1,Output!$B$3:$B$992,$A74),1)&"-"&ROUND(_xlfn.MAXIFS(Output!$N$3:$N$992,Output!$H$3:$H$992,D$3,Output!#REF!,1,Output!$B$3:$B$992,$A74),1)&"]","") | E74: =IFERROR(ROUND(AVERAGEIFS(Output!$N$3:$N$992,Output!$H$3:$H$992,E$3,Output!#REF!,1,Output!$B$3:$B$992,$A74),1)&" ["&ROUND(_xlfn.MINIFS(Output!$N$3:$N$992,Output!$H$3:$H$992,E$3,Output!#REF!,1,Output!$B$3:$B$992,$A74),1)&"-"&ROUND(_xlfn.MAXIFS(Output!$N$3:$N$992,Output!$H$3:$H$992,E$3,Output!#REF!,1,Output!$B$3:$B$992,$A74),1)&"]","") | F74: =IFERROR(ROUND(AVERAGEIFS(Output!$N$3:$N$992,Output!$H$3:$H$992,F$3,Output!#REF!,1,Output!$B$3:$B$992,$A74),1)&" ["&ROUND(_xlfn.MINIFS(Output!$N$3:$N$992,Output!$H$3:$H$992,F$3,Output!#REF!,1,Output!$B$3:$B$992,$A74),1)&"-"&ROUND(_xlfn.MAXIFS(Output!$N$3:$N$992,Output!$H$3:$H$992,F$3,Output!#REF!,1,Output!$B$3:$B$992,$A74),1)&"]","") | G74: =IFERROR(ROUND(AVERAGEIFS(Output!$N$3:$N$992,Output!$H$3:$H$992,G$3,Output!#REF!,1,Output!$B$3:$B$992,$A74),1)&" ["&ROUND(_xlfn.MINIFS(Output!$N$3:$N$992,Output!$H$3:$H$992,G$3,Output!#REF!,1,Output!$B$3:$B$992,$A74),1)&"-"&ROUND(_xlfn.MAXIFS(Output!$N$3:$N$992,Output!$H$3:$H$992,G$3,Output!#REF!,1,Output!$B$3:$B$992,$A74),1)&"]","") | H74: =IFERROR(ROUND(AVERAGEIFS(Output!$N$3:$N$992,Output!$H$3:$H$992,H$3,Output!#REF!,1,Output!$B$3:$B$992,$A74),1)&" ["&ROUND(_xlfn.MINIFS(Output!$N$3:$N$992,Output!$H$3:$H$992,H$3,Output!#REF!,1,Output!$B$3:$B$992,$A74),1)&"-"&ROUND(_xlfn.MAXIFS(Output!$N$3:$N$992,Output!$H$3:$H$992,H$3,Output!#REF!,1,Output!$B$3:$B$992,$A74),1)&"]","") | I74: =IFERROR(ROUND(AVERAGEIFS(Output!$N$3:$N$992,Output!$H$3:$H$992,I$3,Output!#REF!,1,Output!$B$3:$B$992,$A74),1)&" ["&ROUND(_xlfn.MINIFS(Output!$N$3:$N$992,Output!$H$3:$H$992,I$3,Output!#REF!,1,Output!$B$3:$B$992,$A74),1)&"-"&ROUND(_xlfn.MAXIFS(Output!$N$3:$N$992,Output!$H$3:$H$992,I$3,Output!#REF!,1,Output!$B$3:$B$992,$A74),1)&"]","") | J74: =IFERROR(ROUND(AVERAGEIFS(Output!$N$3:$N$992,Output!$H$3:$H$992,J$3,Output!#REF!,1,Output!$B$3:$B$992,$A74),1)&" ["&ROUND(_xlfn.MINIFS(Output!$N$3:$N$992,Output!$H$3:$H$992,J$3,Output!#REF!,1,Output!$B$3:$B$992,$A74),1)&"-"&ROUND(_xlfn.MAXIFS(Output!$N$3:$N$992,Output!$H$3:$H$992,J$3,Output!#REF!,1,Output!$B$3:$B$992,$A74),1)&"]","") | K74: =IFERROR(ROUND(AVERAGEIFS(Output!$N$3:$N$992,Output!$H$3:$H$992,K$3,Output!#REF!,1,Output!$B$3:$B$992,$A74),1)&" ["&ROUND(_xlfn.MINIFS(Output!$N$3:$N$992,Output!$H$3:$H$992,K$3,Output!#REF!,1,Output!$B$3:$B$992,$A74),1)&"-"&ROUND(_xlfn.MAXIFS(Output!$N$3:$N$992,Output!$H$3:$H$992,K$3,Output!#REF!,1,Output!$B$3:$B$992,$A74),1)&"]","") | ... Z74: =IFERROR(ROUND(AVERAGEIFS(Output!$N$3:$N$992,Output!$H$3:$H$992,Z$3,Output!#REF!,1,Output!$B$3:$B$992,$A74),1)&" ["&ROUND(_xlfn.MINIFS(Output!$N$3:$N$992,Output!$H$3:$H$992,Z$3,Output!#REF!,1,Output!$B$3:$B$992,$A74),1)&"-"&ROUND(_xlfn.MAXIFS(Output!$N$3:$N$992,Output!$H$3:$H$992,Z$3,Output!#REF!,1,Output!$B$3:$B$992,$A74),1)&"]","") | AA74: =IFERROR(ROUND(AVERAGEIFS(Output!$N$3:$N$992,Output!$H$3:$H$992,AA$3,Output!#REF!,1,Output!$B$3:$B$992,$A74),0)&" ["&ROUND(_xlfn.MINIFS(Output!$N$3:$N$992,Output!$H$3:$H$992,AA$3,Output!#REF!,1,Output!$B$3:$B$992,$A74),0)&"-"&ROUND(_xlfn.MAXIFS(Output!$N$3:$N$992,Output!$H$3:$H$992,AA$3,Output!#REF!,1,Output!$B$3:$B$992,$A74),0)&"]","") | AB74: =IFERROR(ROUND(AVERAGEIFS(Output!$N$3:$N$992,Output!$H$3:$H$992,AB$3,Output!#REF!,1,Output!$B$3:$B$992,$A74),0)&" ["&ROUND(_xlfn.MINIFS(Output!$N$3:$N$992,Output!$H$3:$H$992,AB$3,Output!#REF!,1,Output!$B$3:$B$992,$A74),0)&"-"&ROUND(_xlfn.MAXIFS(Output!$N$3:$N$992,Output!$H$3:$H$992,AB$3,Output!#REF!,1,Output!$B$3:$B$992,$A74),0)&"]","") | AC74: =IFERROR(ROUND(AVERAGEIFS(Output!$N$3:$N$992,Output!$H$3:$H$992,AC$3,Output!#REF!,1,Output!$B$3:$B$992,$A74),0)&" ["&ROUND(_xlfn.MINIFS(Output!$N$3:$N$992,Output!$H$3:$H$992,AC$3,Output!#REF!,1,Output!$B$3:$B$992,$A74),0)&"-"&ROUND(_xlfn.MAXIFS(Output!$N$3:$N$992,Output!$H$3:$H$992,AC$3,Output!#REF!,1,Output!$B$3:$B$992,$A74),0)&"]","")
A75: Bangladesh | B75: South Asia | C75: Low and lower middle income | D75: =IFERROR(ROUND(AVERAGEIFS(Output!$N$3:$N$992,Output!$H$3:$H$992,D$3,Output!#REF!,1,Output!$B$3:$B$992,$A75),1)&" ["&ROUND(_xlfn.MINIFS(Output!$N$3:$N$992,Output!$H$3:$H$992,D$3,Output!#REF!,1,Output!$B$3:$B$992,$A75),1)&"-"&ROUND(_xlfn.MAXIFS(Output!$N$3:$N$992,Output!$H$3:$H$992,D$3,Output!#REF!,1,Output!$B$3:$B$992,$A75),1)&"]","") | E75: =IFERROR(ROUND(AVERAGEIFS(Output!$N$3:$N$992,Output!$H$3:$H$992,E$3,Output!#REF!,1,Output!$B$3:$B$992,$A75),1)&" ["&ROUND(_xlfn.MINIFS(Output!$N$3:$N$992,Output!$H$3:$H$992,E$3,Output!#REF!,1,Output!$B$3:$B$992,$A75),1)&"-"&ROUND(_xlfn.MAXIFS(Output!$N$3:$N$992,Output!$H$3:$H$992,E$3,Output!#REF!,1,Output!$B$3:$B$992,$A75),1)&"]","") | F75: =IFERROR(ROUND(AVERAGEIFS(Output!$N$3:$N$992,Output!$H$3:$H$992,F$3,Output!#REF!,1,Output!$B$3:$B$992,$A75),1)&" ["&ROUND(_xlfn.MINIFS(Output!$N$3:$N$992,Output!$H$3:$H$992,F$3,Output!#REF!,1,Output!$B$3:$B$992,$A75),1)&"-"&ROUND(_xlfn.MAXIFS(Output!$N$3:$N$992,Output!$H$3:$H$992,F$3,Output!#REF!,1,Output!$B$3:$B$992,$A75),1)&"]","") | G75: =IFERROR(ROUND(AVERAGEIFS(Output!$N$3:$N$992,Output!$H$3:$H$992,G$3,Output!#REF!,1,Output!$B$3:$B$992,$A75),1)&" ["&ROUND(_xlfn.MINIFS(Output!$N$3:$N$992,Output!$H$3:$H$992,G$3,Output!#REF!,1,Output!$B$3:$B$992,$A75),1)&"-"&ROUND(_xlfn.MAXIFS(Output!$N$3:$N$992,Output!$H$3:$H$992,G$3,Output!#REF!,1,Output!$B$3:$B$992,$A75),1)&"]","") | H75: =IFERROR(ROUND(AVERAGEIFS(Output!$N$3:$N$992,Output!$H$3:$H$992,H$3,Output!#REF!,1,Output!$B$3:$B$992,$A75),1)&" ["&ROUND(_xlfn.MINIFS(Output!$N$3:$N$992,Output!$H$3:$H$992,H$3,Output!#REF!,1,Output!$B$3:$B$992,$A75),1)&"-"&ROUND(_xlfn.MAXIFS(Output!$N$3:$N$992,Output!$H$3:$H$992,H$3,Output!#REF!,1,Output!$B$3:$B$992,$A75),1)&"]","") | I75: =IFERROR(ROUND(AVERAGEIFS(Output!$N$3:$N$992,Output!$H$3:$H$992,I$3,Output!#REF!,1,Output!$B$3:$B$992,$A75),1)&" ["&ROUND(_xlfn.MINIFS(Output!$N$3:$N$992,Output!$H$3:$H$992,I$3,Output!#REF!,1,Output!$B$3:$B$992,$A75),1)&"-"&ROUND(_xlfn.MAXIFS(Output!$N$3:$N$992,Output!$H$3:$H$992,I$3,Output!#REF!,1,Output!$B$3:$B$992,$A75),1)&"]","") | J75: =IFERROR(ROUND(AVERAGEIFS(Output!$N$3:$N$992,Output!$H$3:$H$992,J$3,Output!#REF!,1,Output!$B$3:$B$992,$A75),1)&" ["&ROUND(_xlfn.MINIFS(Output!$N$3:$N$992,Output!$H$3:$H$992,J$3,Output!#REF!,1,Output!$B$3:$B$992,$A75),1)&"-"&ROUND(_xlfn.MAXIFS(Output!$N$3:$N$992,Output!$H$3:$H$992,J$3,Output!#REF!,1,Output!$B$3:$B$992,$A75),1)&"]","") | K75: =IFERROR(ROUND(AVERAGEIFS(Output!$N$3:$N$992,Output!$H$3:$H$992,K$3,Output!#REF!,1,Output!$B$3:$B$992,$A75),1)&" ["&ROUND(_xlfn.MINIFS(Output!$N$3:$N$992,Output!$H$3:$H$992,K$3,Output!#REF!,1,Output!$B$3:$B$992,$A75),1)&"-"&ROUND(_xlfn.MAXIFS(Output!$N$3:$N$992,Output!$H$3:$H$992,K$3,Output!#REF!,1,Output!$B$3:$B$992,$A75),1)&"]","") | ... Z75: =IFERROR(ROUND(AVERAGEIFS(Output!$N$3:$N$992,Output!$H$3:$H$992,Z$3,Output!#REF!,1,Output!$B$3:$B$992,$A75),1)&" ["&ROUND(_xlfn.MINIFS(Output!$N$3:$N$992,Output!$H$3:$H$992,Z$3,Output!#REF!,1,Output!$B$3:$B$992,$A75),1)&"-"&ROUND(_xlfn.MAXIFS(Output!$N$3:$N$992,Output!$H$3:$H$992,Z$3,Output!#REF!,1,Output!$B$3:$B$992,$A75),1)&"]","") | AA75: =IFERROR(ROUND(AVERAGEIFS(Output!$N$3:$N$992,Output!$H$3:$H$992,AA$3,Output!#REF!,1,Output!$B$3:$B$992,$A75),0)&" ["&ROUND(_xlfn.MINIFS(Output!$N$3:$N$992,Output!$H$3:$H$992,AA$3,Output!#REF!,1,Output!$B$3:$B$992,$A75),0)&"-"&ROUND(_xlfn.MAXIFS(Output!$N$3:$N$992,Output!$H$3:$H$992,AA$3,Output!#REF!,1,Output!$B$3:$B$992,$A75),0)&"]","") | AB75: =IFERROR(ROUND(AVERAGEIFS(Output!$N$3:$N$992,Output!$H$3:$H$992,AB$3,Output!#REF!,1,Output!$B$3:$B$992,$A75),0)&" ["&ROUND(_xlfn.MINIFS(Output!$N$3:$N$992,Output!$H$3:$H$992,AB$3,Output!#REF!,1,Output!$B$3:$B$992,$A75),0)&"-"&ROUND(_xlfn.MAXIFS(Output!$N$3:$N$992,Output!$H$3:$H$992,AB$3,Output!#REF!,1,Output!$B$3:$B$992,$A75),0)&"]","") | AC75: =IFERROR(ROUND(AVERAGEIFS(Output!$N$3:$N$992,Output!$H$3:$H$992,AC$3,Output!#REF!,1,Output!$B$3:$B$992,$A75),0)&" ["&ROUND(_xlfn.MINIFS(Output!$N$3:$N$992,Output!$H$3:$H$992,AC$3,Output!#REF!,1,Output!$B$3:$B$992,$A75),0)&"-"&ROUND(_xlfn.MAXIFS(Output!$N$3:$N$992,Output!$H$3:$H$992,AC$3,Output!#REF!,1,Output!$B$3:$B$992,$A75),0)&"]","")
A76: Bhutan | B76: South Asia | C76: Low and lower middle income | D76: =IFERROR(ROUND(AVERAGEIFS(Output!$N$3:$N$992,Output!$H$3:$H$992,D$3,Output!#REF!,1,Output!$B$3:$B$992,$A76),1)&" ["&ROUND(_xlfn.MINIFS(Output!$N$3:$N$992,Output!$H$3:$H$992,D$3,Output!#REF!,1,Output!$B$3:$B$992,$A76),1)&"-"&ROUND(_xlfn.MAXIFS(Output!$N$3:$N$992,Output!$H$3:$H$992,D$3,Output!#REF!,1,Output!$B$3:$B$992,$A76),1)&"]","") | E76: =IFERROR(ROUND(AVERAGEIFS(Output!$N$3:$N$992,Output!$H$3:$H$992,E$3,Output!#REF!,1,Output!$B$3:$B$992,$A76),1)&" ["&ROUND(_xlfn.MINIFS(Output!$N$3:$N$992,Output!$H$3:$H$992,E$3,Output!#REF!,1,Output!$B$3:$B$992,$A76),1)&"-"&ROUND(_xlfn.MAXIFS(Output!$N$3:$N$992,Output!$H$3:$H$992,E$3,Output!#REF!,1,Output!$B$3:$B$992,$A76),1)&"]","") | F76: =IFERROR(ROUND(AVERAGEIFS(Output!$N$3:$N$992,Output!$H$3:$H$992,F$3,Output!#REF!,1,Output!$B$3:$B$992,$A76),1)&" ["&ROUND(_xlfn.MINIFS(Output!$N$3:$N$992,Output!$H$3:$H$992,F$3,Output!#REF!,1,Output!$B$3:$B$992,$A76),1)&"-"&ROUND(_xlfn.MAXIFS(Output!$N$3:$N$992,Output!$H$3:$H$992,F$3,Output!#REF!,1,Output!$B$3:$B$992,$A76),1)&"]","") | G76: =IFERROR(ROUND(AVERAGEIFS(Output!$N$3:$N$992,Output!$H$3:$H$992,G$3,Output!#REF!,1,Output!$B$3:$B$992,$A76),1)&" ["&ROUND(_xlfn.MINIFS(Output!$N$3:$N$992,Output!$H$3:$H$992,G$3,Output!#REF!,1,Output!$B$3:$B$992,$A76),1)&"-"&ROUND(_xlfn.MAXIFS(Output!$N$3:$N$992,Output!$H$3:$H$992,G$3,Output!#REF!,1,Output!$B$3:$B$992,$A76),1)&"]","") | H76: =IFERROR(ROUND(AVERAGEIFS(Output!$N$3:$N$992,Output!$H$3:$H$992,H$3,Output!#REF!,1,Output!$B$3:$B$992,$A76),1)&" ["&ROUND(_xlfn.MINIFS(Output!$N$3:$N$992,Output!$H$3:$H$992,H$3,Output!#REF!,1,Output!$B$3:$B$992,$A76),1)&"-"&ROUND(_xlfn.MAXIFS(Output!$N$3:$N$992,Output!$H$3:$H$992,H$3,Output!#REF!,1,Output!$B$3:$B$992,$A76),1)&"]","") | I76: =IFERROR(ROUND(AVERAGEIFS(Output!$N$3:$N$992,Output!$H$3:$H$992,I$3,Output!#REF!,1,Output!$B$3:$B$992,$A76),1)&" ["&ROUND(_xlfn.MINIFS(Output!$N$3:$N$992,Output!$H$3:$H$992,I$3,Output!#REF!,1,Output!$B$3:$B$992,$A76),1)&"-"&ROUND(_xlfn.MAXIFS(Output!$N$3:$N$992,Output!$H$3:$H$992,I$3,Output!#REF!,1,Output!$B$3:$B$992,$A76),1)&"]","") | J76: =IFERROR(ROUND(AVERAGEIFS(Output!$N$3:$N$992,Output!$H$3:$H$992,J$3,Output!#REF!,1,Output!$B$3:$B$992,$A76),1)&" ["&ROUND(_xlfn.MINIFS(Output!$N$3:$N$992,Output!$H$3:$H$992,J$3,Output!#REF!,1,Output!$B$3:$B$992,$A76),1)&"-"&ROUND(_xlfn.MAXIFS(Output!$N$3:$N$992,Output!$H$3:$H$992,J$3,Output!#REF!,1,Output!$B$3:$B$992,$A76),1)&"]","") | K76: =IFERROR(ROUND(AVERAGEIFS(Output!$N$3:$N$992,Output!$H$3:$H$992,K$3,Output!#REF!,1,Output!$B$3:$B$992,$A76),1)&" ["&ROUND(_xlfn.MINIFS(Output!$N$3:$N$992,Output!$H$3:$H$992,K$3,Output!#REF!,1,Output!$B$3:$B$992,$A76),1)&"-"&ROUND(_xlfn.MAXIFS(Output!$N$3:$N$992,Output!$H$3:$H$992,K$3,Output!#REF!,1,Output!$B$3:$B$992,$A76),1)&"]","") | ... Z76: =IFERROR(ROUND(AVERAGEIFS(Output!$N$3:$N$992,Output!$H$3:$H$992,Z$3,Output!#REF!,1,Output!$B$3:$B$992,$A76),1)&" ["&ROUND(_xlfn.MINIFS(Output!$N$3:$N$992,Output!$H$3:$H$992,Z$3,Output!#REF!,1,Output!$B$3:$B$992,$A76),1)&"-"&ROUND(_xlfn.MAXIFS(Output!$N$3:$N$992,Output!$H$3:$H$992,Z$3,Output!#REF!,1,Output!$B$3:$B$992,$A76),1)&"]","") | AA76: =IFERROR(ROUND(AVERAGEIFS(Output!$N$3:$N$992,Output!$H$3:$H$992,AA$3,Output!#REF!,1,Output!$B$3:$B$992,$A76),0)&" ["&ROUND(_xlfn.MINIFS(Output!$N$3:$N$992,Output!$H$3:$H$992,AA$3,Output!#REF!,1,Output!$B$3:$B$992,$A76),0)&"-"&ROUND(_xlfn.MAXIFS(Output!$N$3:$N$992,Output!$H$3:$H$992,AA$3,Output!#REF!,1,Output!$B$3:$B$992,$A76),0)&"]","") | AB76: =IFERROR(ROUND(AVERAGEIFS(Output!$N$3:$N$992,Output!$H$3:$H$992,AB$3,Output!#REF!,1,Output!$B$3:$B$992,$A76),0)&" ["&ROUND(_xlfn.MINIFS(Output!$N$3:$N$992,Output!$H$3:$H$992,AB$3,Output!#REF!,1,Output!$B$3:$B$992,$A76),0)&"-"&ROUND(_xlfn.MAXIFS(Output!$N$3:$N$992,Output!$H$3:$H$992,AB$3,Output!#REF!,1,Output!$B$3:$B$992,$A76),0)&"]","") | AC76: =IFERROR(ROUND(AVERAGEIFS(Output!$N$3:$N$992,Output!$H$3:$H$992,AC$3,Output!#REF!,1,Output!$B$3:$B$992,$A76),0)&" ["&ROUND(_xlfn.MINIFS(Output!$N$3:$N$992,Output!$H$3:$H$992,AC$3,Output!#REF!,1,Output!$B$3:$B$992,$A76),0)&"-"&ROUND(_xlfn.MAXIFS(Output!$N$3:$N$992,Output!$H$3:$H$992,AC$3,Output!#REF!,1,Output!$B$3:$B$992,$A76),0)&"]","")
A77: Brunei Darussalam | B77: South East Asia | C77: High income | D77: =IFERROR(ROUND(AVERAGEIFS(Output!$N$3:$N$992,Output!$H$3:$H$992,D$3,Output!#REF!,1,Output!$B$3:$B$992,$A77),1)&" ["&ROUND(_xlfn.MINIFS(Output!$N$3:$N$992,Output!$H$3:$H$992,D$3,Output!#REF!,1,Output!$B$3:$B$992,$A77),1)&"-"&ROUND(_xlfn.MAXIFS(Output!$N$3:$N$992,Output!$H$3:$H$992,D$3,Output!#REF!,1,Output!$B$3:$B$992,$A77),1)&"]","") | E77: =IFERROR(ROUND(AVERAGEIFS(Output!$N$3:$N$992,Output!$H$3:$H$992,E$3,Output!#REF!,1,Output!$B$3:$B$992,$A77),1)&" ["&ROUND(_xlfn.MINIFS(Output!$N$3:$N$992,Output!$H$3:$H$992,E$3,Output!#REF!,1,Output!$B$3:$B$992,$A77),1)&"-"&ROUND(_xlfn.MAXIFS(Output!$N$3:$N$992,Output!$H$3:$H$992,E$3,Output!#REF!,1,Output!$B$3:$B$992,$A77),1)&"]","") | F77: =IFERROR(ROUND(AVERAGEIFS(Output!$N$3:$N$992,Output!$H$3:$H$992,F$3,Output!#REF!,1,Output!$B$3:$B$992,$A77),1)&" ["&ROUND(_xlfn.MINIFS(Output!$N$3:$N$992,Output!$H$3:$H$992,F$3,Output!#REF!,1,Output!$B$3:$B$992,$A77),1)&"-"&ROUND(_xlfn.MAXIFS(Output!$N$3:$N$992,Output!$H$3:$H$992,F$3,Output!#REF!,1,Output!$B$3:$B$992,$A77),1)&"]","") | G77: =IFERROR(ROUND(AVERAGEIFS(Output!$N$3:$N$992,Output!$H$3:$H$992,G$3,Output!#REF!,1,Output!$B$3:$B$992,$A77),1)&" ["&ROUND(_xlfn.MINIFS(Output!$N$3:$N$992,Output!$H$3:$H$992,G$3,Output!#REF!,1,Output!$B$3:$B$992,$A77),1)&"-"&ROUND(_xlfn.MAXIFS(Output!$N$3:$N$992,Output!$H$3:$H$992,G$3,Output!#REF!,1,Output!$B$3:$B$992,$A77),1)&"]","") | H77: =IFERROR(ROUND(AVERAGEIFS(Output!$N$3:$N$992,Output!$H$3:$H$992,H$3,Output!#REF!,1,Output!$B$3:$B$992,$A77),1)&" ["&ROUND(_xlfn.MINIFS(Output!$N$3:$N$992,Output!$H$3:$H$992,H$3,Output!#REF!,1,Output!$B$3:$B$992,$A77),1)&"-"&ROUND(_xlfn.MAXIFS(Output!$N$3:$N$992,Output!$H$3:$H$992,H$3,Output!#REF!,1,Output!$B$3:$B$992,$A77),1)&"]","") | I77: =IFERROR(ROUND(AVERAGEIFS(Output!$N$3:$N$992,Output!$H$3:$H$992,I$3,Output!#REF!,1,Output!$B$3:$B$992,$A77),1)&" ["&ROUND(_xlfn.MINIFS(Output!$N$3:$N$992,Output!$H$3:$H$992,I$3,Output!#REF!,1,Output!$B$3:$B$992,$A77),1)&"-"&ROUND(_xlfn.MAXIFS(Output!$N$3:$N$992,Output!$H$3:$H$992,I$3,Output!#REF!,1,Output!$B$3:$B$992,$A77),1)&"]","") | J77: =IFERROR(ROUND(AVERAGEIFS(Output!$N$3:$N$992,Output!$H$3:$H$992,J$3,Output!#REF!,1,Output!$B$3:$B$992,$A77),1)&" ["&ROUND(_xlfn.MINIFS(Output!$N$3:$N$992,Output!$H$3:$H$992,J$3,Output!#REF!,1,Output!$B$3:$B$992,$A77),1)&"-"&ROUND(_xlfn.MAXIFS(Output!$N$3:$N$992,Output!$H$3:$H$992,J$3,Output!#REF!,1,Output!$B$3:$B$992,$A77),1)&"]","") | K77: =IFERROR(ROUND(AVERAGEIFS(Output!$N$3:$N$992,Output!$H$3:$H$992,K$3,Output!#REF!,1,Output!$B$3:$B$992,$A77),1)&" ["&ROUND(_xlfn.MINIFS(Output!$N$3:$N$992,Output!$H$3:$H$992,K$3,Output!#REF!,1,Output!$B$3:$B$992,$A77),1)&"-"&ROUND(_xlfn.MAXIFS(Output!$N$3:$N$992,Output!$H$3:$H$992,K$3,Output!#REF!,1,Output!$B$3:$B$992,$A77),1)&"]","") | ... Z77: =IFERROR(ROUND(AVERAGEIFS(Output!$N$3:$N$992,Output!$H$3:$H$992,Z$3,Output!#REF!,1,Output!$B$3:$B$992,$A77),1)&" ["&ROUND(_xlfn.MINIFS(Output!$N$3:$N$992,Output!$H$3:$H$992,Z$3,Output!#REF!,1,Output!$B$3:$B$992,$A77),1)&"-"&ROUND(_xlfn.MAXIFS(Output!$N$3:$N$992,Output!$H$3:$H$992,Z$3,Output!#REF!,1,Output!$B$3:$B$992,$A77),1)&"]","") | AA77: =IFERROR(ROUND(AVERAGEIFS(Output!$N$3:$N$992,Output!$H$3:$H$992,AA$3,Output!#REF!,1,Output!$B$3:$B$992,$A77),0)&" ["&ROUND(_xlfn.MINIFS(Output!$N$3:$N$992,Output!$H$3:$H$992,AA$3,Output!#REF!,1,Output!$B$3:$B$992,$A77),0)&"-"&ROUND(_xlfn.MAXIFS(Output!$N$3:$N$992,Output!$H$3:$H$992,AA$3,Output!#REF!,1,Output!$B$3:$B$992,$A77),0)&"]","") | AB77: =IFERROR(ROUND(AVERAGEIFS(Output!$N$3:$N$992,Output!$H$3:$H$992,AB$3,Output!#REF!,1,Output!$B$3:$B$992,$A77),0)&" ["&ROUND(_xlfn.MINIFS(Output!$N$3:$N$992,Output!$H$3:$H$992,AB$3,Output!#REF!,1,Output!$B$3:$B$992,$A77),0)&"-"&ROUND(_xlfn.MAXIFS(Output!$N$3:$N$992,Output!$H$3:$H$992,AB$3,Output!#REF!,1,Output!$B$3:$B$992,$A77),0)&"]","") | AC77: =IFERROR(ROUND(AVERAGEIFS(Output!$N$3:$N$992,Output!$H$3:$H$992,AC$3,Output!#REF!,1,Output!$B$3:$B$992,$A77),0)&" ["&ROUND(_xlfn.MINIFS(Output!$N$3:$N$992,Output!$H$3:$H$992,AC$3,Output!#REF!,1,Output!$B$3:$B$992,$A77),0)&"-"&ROUND(_xlfn.MAXIFS(Output!$N$3:$N$992,Output!$H$3:$H$992,AC$3,Output!#REF!,1,Output!$B$3:$B$992,$A77),0)&"]","")
A78: Cambodia | B78: South East Asia | C78: Low and lower middle income | D78: =IFERROR(ROUND(AVERAGEIFS(Output!$N$3:$N$992,Output!$H$3:$H$992,D$3,Output!#REF!,1,Output!$B$3:$B$992,$A78),1)&" ["&ROUND(_xlfn.MINIFS(Output!$N$3:$N$992,Output!$H$3:$H$992,D$3,Output!#REF!,1,Output!$B$3:$B$992,$A78),1)&"-"&ROUND(_xlfn.MAXIFS(Output!$N$3:$N$992,Output!$H$3:$H$992,D$3,Output!#REF!,1,Output!$B$3:$B$992,$A78),1)&"]","") | E78: =IFERROR(ROUND(AVERAGEIFS(Output!$N$3:$N$992,Output!$H$3:$H$992,E$3,Output!#REF!,1,Output!$B$3:$B$992,$A78),1)&" ["&ROUND(_xlfn.MINIFS(Output!$N$3:$N$992,Output!$H$3:$H$992,E$3,Output!#REF!,1,Output!$B$3:$B$992,$A78),1)&"-"&ROUND(_xlfn.MAXIFS(Output!$N$3:$N$992,Output!$H$3:$H$992,E$3,Output!#REF!,1,Output!$B$3:$B$992,$A78),1)&"]","") | F78: =IFERROR(ROUND(AVERAGEIFS(Output!$N$3:$N$992,Output!$H$3:$H$992,F$3,Output!#REF!,1,Output!$B$3:$B$992,$A78),1)&" ["&ROUND(_xlfn.MINIFS(Output!$N$3:$N$992,Output!$H$3:$H$992,F$3,Output!#REF!,1,Output!$B$3:$B$992,$A78),1)&"-"&ROUND(_xlfn.MAXIFS(Output!$N$3:$N$992,Output!$H$3:$H$992,F$3,Output!#REF!,1,Output!$B$3:$B$992,$A78),1)&"]","") | G78: =IFERROR(ROUND(AVERAGEIFS(Output!$N$3:$N$992,Output!$H$3:$H$992,G$3,Output!#REF!,1,Output!$B$3:$B$992,$A78),1)&" ["&ROUND(_xlfn.MINIFS(Output!$N$3:$N$992,Output!$H$3:$H$992,G$3,Output!#REF!,1,Output!$B$3:$B$992,$A78),1)&"-"&ROUND(_xlfn.MAXIFS(Output!$N$3:$N$992,Output!$H$3:$H$992,G$3,Output!#REF!,1,Output!$B$3:$B$992,$A78),1)&"]","") | H78: =IFERROR(ROUND(AVERAGEIFS(Output!$N$3:$N$992,Output!$H$3:$H$992,H$3,Output!#REF!,1,Output!$B$3:$B$992,$A78),1)&" ["&ROUND(_xlfn.MINIFS(Output!$N$3:$N$992,Output!$H$3:$H$992,H$3,Output!#REF!,1,Output!$B$3:$B$992,$A78),1)&"-"&ROUND(_xlfn.MAXIFS(Output!$N$3:$N$992,Output!$H$3:$H$992,H$3,Output!#REF!,1,Output!$B$3:$B$992,$A78),1)&"]","") | I78: =IFERROR(ROUND(AVERAGEIFS(Output!$N$3:$N$992,Output!$H$3:$H$992,I$3,Output!#REF!,1,Output!$B$3:$B$992,$A78),1)&" ["&ROUND(_xlfn.MINIFS(Output!$N$3:$N$992,Output!$H$3:$H$992,I$3,Output!#REF!,1,Output!$B$3:$B$992,$A78),1)&"-"&ROUND(_xlfn.MAXIFS(Output!$N$3:$N$992,Output!$H$3:$H$992,I$3,Output!#REF!,1,Output!$B$3:$B$992,$A78),1)&"]","") | J78: =IFERROR(ROUND(AVERAGEIFS(Output!$N$3:$N$992,Output!$H$3:$H$992,J$3,Output!#REF!,1,Output!$B$3:$B$992,$A78),1)&" ["&ROUND(_xlfn.MINIFS(Output!$N$3:$N$992,Output!$H$3:$H$992,J$3,Output!#REF!,1,Output!$B$3:$B$992,$A78),1)&"-"&ROUND(_xlfn.MAXIFS(Output!$N$3:$N$992,Output!$H$3:$H$992,J$3,Output!#REF!,1,Output!$B$3:$B$992,$A78),1)&"]","") | K78: =IFERROR(ROUND(AVERAGEIFS(Output!$N$3:$N$992,Output!$H$3:$H$992,K$3,Output!#REF!,1,Output!$B$3:$B$992,$A78),1)&" ["&ROUND(_xlfn.MINIFS(Output!$N$3:$N$992,Output!$H$3:$H$992,K$3,Output!#REF!,1,Output!$B$3:$B$992,$A78),1)&"-"&ROUND(_xlfn.MAXIFS(Output!$N$3:$N$992,Output!$H$3:$H$992,K$3,Output!#REF!,1,Output!$B$3:$B$992,$A78),1)&"]","") | ... Z78: =IFERROR(ROUND(AVERAGEIFS(Output!$N$3:$N$992,Output!$H$3:$H$992,Z$3,Output!#REF!,1,Output!$B$3:$B$992,$A78),1)&" ["&ROUND(_xlfn.MINIFS(Output!$N$3:$N$992,Output!$H$3:$H$992,Z$3,Output!#REF!,1,Output!$B$3:$B$992,$A78),1)&"-"&ROUND(_xlfn.MAXIFS(Output!$N$3:$N$992,Output!$H$3:$H$992,Z$3,Output!#REF!,1,Output!$B$3:$B$992,$A78),1)&"]","") | AA78: =IFERROR(ROUND(AVERAGEIFS(Output!$N$3:$N$992,Output!$H$3:$H$992,AA$3,Output!#REF!,1,Output!$B$3:$B$992,$A78),0)&" ["&ROUND(_xlfn.MINIFS(Output!$N$3:$N$992,Output!$H$3:$H$992,AA$3,Output!#REF!,1,Output!$B$3:$B$992,$A78),0)&"-"&ROUND(_xlfn.MAXIFS(Output!$N$3:$N$992,Output!$H$3:$H$992,AA$3,Output!#REF!,1,Output!$B$3:$B$992,$A78),0)&"]","") | AB78: =IFERROR(ROUND(AVERAGEIFS(Output!$N$3:$N$992,Output!$H$3:$H$992,AB$3,Output!#REF!,1,Output!$B$3:$B$992,$A78),0)&" ["&ROUND(_xlfn.MINIFS(Output!$N$3:$N$992,Output!$H$3:$H$992,AB$3,Output!#REF!,1,Output!$B$3:$B$992,$A78),0)&"-"&ROUND(_xlfn.MAXIFS(Output!$N$3:$N$992,Output!$H$3:$H$992,AB$3,Output!#REF!,1,Output!$B$3:$B$992,$A78),0)&"]","") | AC78: =IFERROR(ROUND(AVERAGEIFS(Output!$N$3:$N$992,Output!$H$3:$H$992,AC$3,Output!#REF!,1,Output!$B$3:$B$992,$A78),0)&" ["&ROUND(_xlfn.MINIFS(Output!$N$3:$N$992,Output!$H$3:$H$992,AC$3,Output!#REF!,1,Output!$B$3:$B$992,$A78),0)&"-"&ROUND(_xlfn.MAXIFS(Output!$N$3:$N$992,Output!$H$3:$H$992,AC$3,Output!#REF!,1,Output!$B$3:$B$992,$A78),0)&"]","")
A79: People's Republic of China | B79: East Asia | C79: Upper middle income | D79: =IFERROR(ROUND(AVERAGEIFS(Output!$N$3:$N$992,Output!$H$3:$H$992,D$3,Output!#REF!,1,Output!$B$3:$B$992,$A79),1)&" ["&ROUND(_xlfn.MINIFS(Output!$N$3:$N$992,Output!$H$3:$H$992,D$3,Output!#REF!,1,Output!$B$3:$B$992,$A79),1)&"-"&ROUND(_xlfn.MAXIFS(Output!$N$3:$N$992,Output!$H$3:$H$992,D$3,Output!#REF!,1,Output!$B$3:$B$992,$A79),1)&"]","") | E79: =IFERROR(ROUND(AVERAGEIFS(Output!$N$3:$N$992,Output!$H$3:$H$992,E$3,Output!#REF!,1,Output!$B$3:$B$992,$A79),1)&" ["&ROUND(_xlfn.MINIFS(Output!$N$3:$N$992,Output!$H$3:$H$992,E$3,Output!#REF!,1,Output!$B$3:$B$992,$A79),1)&"-"&ROUND(_xlfn.MAXIFS(Output!$N$3:$N$992,Output!$H$3:$H$992,E$3,Output!#REF!,1,Output!$B$3:$B$992,$A79),1)&"]","") | F79: =IFERROR(ROUND(AVERAGEIFS(Output!$N$3:$N$992,Output!$H$3:$H$992,F$3,Output!#REF!,1,Output!$B$3:$B$992,$A79),1)&" ["&ROUND(_xlfn.MINIFS(Output!$N$3:$N$992,Output!$H$3:$H$992,F$3,Output!#REF!,1,Output!$B$3:$B$992,$A79),1)&"-"&ROUND(_xlfn.MAXIFS(Output!$N$3:$N$992,Output!$H$3:$H$992,F$3,Output!#REF!,1,Output!$B$3:$B$992,$A79),1)&"]","") | G79: =IFERROR(ROUND(AVERAGEIFS(Output!$N$3:$N$992,Output!$H$3:$H$992,G$3,Output!#REF!,1,Output!$B$3:$B$992,$A79),1)&" ["&ROUND(_xlfn.MINIFS(Output!$N$3:$N$992,Output!$H$3:$H$992,G$3,Output!#REF!,1,Output!$B$3:$B$992,$A79),1)&"-"&ROUND(_xlfn.MAXIFS(Output!$N$3:$N$992,Output!$H$3:$H$992,G$3,Output!#REF!,1,Output!$B$3:$B$992,$A79),1)&"]","") | H79: =IFERROR(ROUND(AVERAGEIFS(Output!$N$3:$N$992,Output!$H$3:$H$992,H$3,Output!#REF!,1,Output!$B$3:$B$992,$A79),1)&" ["&ROUND(_xlfn.MINIFS(Output!$N$3:$N$992,Output!$H$3:$H$992,H$3,Output!#REF!,1,Output!$B$3:$B$992,$A79),1)&"-"&ROUND(_xlfn.MAXIFS(Output!$N$3:$N$992,Output!$H$3:$H$992,H$3,Output!#REF!,1,Output!$B$3:$B$992,$A79),1)&"]","") | I79: =IFERROR(ROUND(AVERAGEIFS(Output!$N$3:$N$992,Output!$H$3:$H$992,I$3,Output!#REF!,1,Output!$B$3:$B$992,$A79),1)&" ["&ROUND(_xlfn.MINIFS(Output!$N$3:$N$992,Output!$H$3:$H$992,I$3,Output!#REF!,1,Output!$B$3:$B$992,$A79),1)&"-"&ROUND(_xlfn.MAXIFS(Output!$N$3:$N$992,Output!$H$3:$H$992,I$3,Output!#REF!,1,Output!$B$3:$B$992,$A79),1)&"]","") | J79: =IFERROR(ROUND(AVERAGEIFS(Output!$N$3:$N$992,Output!$H$3:$H$992,J$3,Output!#REF!,1,Output!$B$3:$B$992,$A79),1)&" ["&ROUND(_xlfn.MINIFS(Output!$N$3:$N$992,Output!$H$3:$H$992,J$3,Output!#REF!,1,Output!$B$3:$B$992,$A79),1)&"-"&ROUND(_xlfn.MAXIFS(Output!$N$3:$N$992,Output!$H$3:$H$992,J$3,Output!#REF!,1,Output!$B$3:$B$992,$A79),1)&"]","") | K79: =IFERROR(ROUND(AVERAGEIFS(Output!$N$3:$N$992,Output!$H$3:$H$992,K$3,Output!#REF!,1,Output!$B$3:$B$992,$A79),1)&" ["&ROUND(_xlfn.MINIFS(Output!$N$3:$N$992,Output!$H$3:$H$992,K$3,Output!#REF!,1,Output!$B$3:$B$992,$A79),1)&"-"&ROUND(_xlfn.MAXIFS(Output!$N$3:$N$992,Output!$H$3:$H$992,K$3,Output!#REF!,1,Output!$B$3:$B$992,$A79),1)&"]","") | ... Z79: =IFERROR(ROUND(AVERAGEIFS(Output!$N$3:$N$992,Output!$H$3:$H$992,Z$3,Output!#REF!,1,Output!$B$3:$B$992,$A79),1)&" ["&ROUND(_xlfn.MINIFS(Output!$N$3:$N$992,Output!$H$3:$H$992,Z$3,Output!#REF!,1,Output!$B$3:$B$992,$A79),1)&"-"&ROUND(_xlfn.MAXIFS(Output!$N$3:$N$992,Output!$H$3:$H$992,Z$3,Output!#REF!,1,Output!$B$3:$B$992,$A79),1)&"]","") | AA79: =IFERROR(ROUND(AVERAGEIFS(Output!$N$3:$N$992,Output!$H$3:$H$992,AA$3,Output!#REF!,1,Output!$B$3:$B$992,$A79),0)&" ["&ROUND(_xlfn.MINIFS(Output!$N$3:$N$992,Output!$H$3:$H$992,AA$3,Output!#REF!,1,Output!$B$3:$B$992,$A79),0)&"-"&ROUND(_xlfn.MAXIFS(Output!$N$3:$N$992,Output!$H$3:$H$992,AA$3,Output!#REF!,1,Output!$B$3:$B$992,$A79),0)&"]","") | AB79: =IFERROR(ROUND(AVERAGEIFS(Output!$N$3:$N$992,Output!$H$3:$H$992,AB$3,Output!#REF!,1,Output!$B$3:$B$992,$A79),0)&" ["&ROUND(_xlfn.MINIFS(Output!$N$3:$N$992,Output!$H$3:$H$992,AB$3,Output!#REF!,1,Output!$B$3:$B$992,$A79),0)&"-"&ROUND(_xlfn.MAXIFS(Output!$N$3:$N$992,Output!$H$3:$H$992,AB$3,Output!#REF!,1,Output!$B$3:$B$992,$A79),0)&"]","") | AC79: =IFERROR(ROUND(AVERAGEIFS(Output!$N$3:$N$992,Output!$H$3:$H$992,AC$3,Output!#REF!,1,Output!$B$3:$B$992,$A79),0)&" ["&ROUND(_xlfn.MINIFS(Output!$N$3:$N$992,Output!$H$3:$H$992,AC$3,Output!#REF!,1,Output!$B$3:$B$992,$A79),0)&"-"&ROUND(_xlfn.MAXIFS(Output!$N$3:$N$992,Output!$H$3:$H$992,AC$3,Output!#REF!,1,Output!$B$3:$B$992,$A79),0)&"]","")
A80: Cook Islands | B80: Pacific | C80: Upper middle income | D80: =IFERROR(ROUND(AVERAGEIFS(Output!$N$3:$N$992,Output!$H$3:$H$992,D$3,Output!#REF!,1,Output!$B$3:$B$992,$A80),1)&" ["&ROUND(_xlfn.MINIFS(Output!$N$3:$N$992,Output!$H$3:$H$992,D$3,Output!#REF!,1,Output!$B$3:$B$992,$A80),1)&"-"&ROUND(_xlfn.MAXIFS(Output!$N$3:$N$992,Output!$H$3:$H$992,D$3,Output!#REF!,1,Output!$B$3:$B$992,$A80),1)&"]","") | E80: =IFERROR(ROUND(AVERAGEIFS(Output!$N$3:$N$992,Output!$H$3:$H$992,E$3,Output!#REF!,1,Output!$B$3:$B$992,$A80),1)&" ["&ROUND(_xlfn.MINIFS(Output!$N$3:$N$992,Output!$H$3:$H$992,E$3,Output!#REF!,1,Output!$B$3:$B$992,$A80),1)&"-"&ROUND(_xlfn.MAXIFS(Output!$N$3:$N$992,Output!$H$3:$H$992,E$3,Output!#REF!,1,Output!$B$3:$B$992,$A80),1)&"]","") | F80: =IFERROR(ROUND(AVERAGEIFS(Output!$N$3:$N$992,Output!$H$3:$H$992,F$3,Output!#REF!,1,Output!$B$3:$B$992,$A80),1)&" ["&ROUND(_xlfn.MINIFS(Output!$N$3:$N$992,Output!$H$3:$H$992,F$3,Output!#REF!,1,Output!$B$3:$B$992,$A80),1)&"-"&ROUND(_xlfn.MAXIFS(Output!$N$3:$N$992,Output!$H$3:$H$992,F$3,Output!#REF!,1,Output!$B$3:$B$992,$A80),1)&"]","") | G80: =IFERROR(ROUND(AVERAGEIFS(Output!$N$3:$N$992,Output!$H$3:$H$992,G$3,Output!#REF!,1,Output!$B$3:$B$992,$A80),1)&" ["&ROUND(_xlfn.MINIFS(Output!$N$3:$N$992,Output!$H$3:$H$992,G$3,Output!#REF!,1,Output!$B$3:$B$992,$A80),1)&"-"&ROUND(_xlfn.MAXIFS(Output!$N$3:$N$992,Output!$H$3:$H$992,G$3,Output!#REF!,1,Output!$B$3:$B$992,$A80),1)&"]","") | H80: =IFERROR(ROUND(AVERAGEIFS(Output!$N$3:$N$992,Output!$H$3:$H$992,H$3,Output!#REF!,1,Output!$B$3:$B$992,$A80),1)&" ["&ROUND(_xlfn.MINIFS(Output!$N$3:$N$992,Output!$H$3:$H$992,H$3,Output!#REF!,1,Output!$B$3:$B$992,$A80),1)&"-"&ROUND(_xlfn.MAXIFS(Output!$N$3:$N$992,Output!$H$3:$H$992,H$3,Output!#REF!,1,Output!$B$3:$B$992,$A80),1)&"]","") | I80: =IFERROR(ROUND(AVERAGEIFS(Output!$N$3:$N$992,Output!$H$3:$H$992,I$3,Output!#REF!,1,Output!$B$3:$B$992,$A80),1)&" ["&ROUND(_xlfn.MINIFS(Output!$N$3:$N$992,Output!$H$3:$H$992,I$3,Output!#REF!,1,Output!$B$3:$B$992,$A80),1)&"-"&ROUND(_xlfn.MAXIFS(Output!$N$3:$N$992,Output!$H$3:$H$992,I$3,Output!#REF!,1,Output!$B$3:$B$992,$A80),1)&"]","") | J80: =IFERROR(ROUND(AVERAGEIFS(Output!$N$3:$N$992,Output!$H$3:$H$992,J$3,Output!#REF!,1,Output!$B$3:$B$992,$A80),1)&" ["&ROUND(_xlfn.MINIFS(Output!$N$3:$N$992,Output!$H$3:$H$992,J$3,Output!#REF!,1,Output!$B$3:$B$992,$A80),1)&"-"&ROUND(_xlfn.MAXIFS(Output!$N$3:$N$992,Output!$H$3:$H$992,J$3,Output!#REF!,1,Output!$B$3:$B$992,$A80),1)&"]","") | K80: =IFERROR(ROUND(AVERAGEIFS(Output!$N$3:$N$992,Output!$H$3:$H$992,K$3,Output!#REF!,1,Output!$B$3:$B$992,$A80),1)&" ["&ROUND(_xlfn.MINIFS(Output!$N$3:$N$992,Output!$H$3:$H$992,K$3,Output!#REF!,1,Output!$B$3:$B$992,$A80),1)&"-"&ROUND(_xlfn.MAXIFS(Output!$N$3:$N$992,Output!$H$3:$H$992,K$3,Output!#REF!,1,Output!$B$3:$B$992,$A80),1)&"]","") | ... Z80: =IFERROR(ROUND(AVERAGEIFS(Output!$N$3:$N$992,Output!$H$3:$H$992,Z$3,Output!#REF!,1,Output!$B$3:$B$992,$A80),1)&" ["&ROUND(_xlfn.MINIFS(Output!$N$3:$N$992,Output!$H$3:$H$992,Z$3,Output!#REF!,1,Output!$B$3:$B$992,$A80),1)&"-"&ROUND(_xlfn.MAXIFS(Output!$N$3:$N$992,Output!$H$3:$H$992,Z$3,Output!#REF!,1,Output!$B$3:$B$992,$A80),1)&"]","") | AA80: =IFERROR(ROUND(AVERAGEIFS(Output!$N$3:$N$992,Output!$H$3:$H$992,AA$3,Output!#REF!,1,Output!$B$3:$B$992,$A80),0)&" ["&ROUND(_xlfn.MINIFS(Output!$N$3:$N$992,Output!$H$3:$H$992,AA$3,Output!#REF!,1,Output!$B$3:$B$992,$A80),0)&"-"&ROUND(_xlfn.MAXIFS(Output!$N$3:$N$992,Output!$H$3:$H$992,AA$3,Output!#REF!,1,Output!$B$3:$B$992,$A80),0)&"]","") | AB80: =IFERROR(ROUND(AVERAGEIFS(Output!$N$3:$N$992,Output!$H$3:$H$992,AB$3,Output!#REF!,1,Output!$B$3:$B$992,$A80),0)&" ["&ROUND(_xlfn.MINIFS(Output!$N$3:$N$992,Output!$H$3:$H$992,AB$3,Output!#REF!,1,Output!$B$3:$B$992,$A80),0)&"-"&ROUND(_xlfn.MAXIFS(Output!$N$3:$N$992,Output!$H$3:$H$992,AB$3,Output!#REF!,1,Output!$B$3:$B$992,$A80),0)&"]","") | AC80: =IFERROR(ROUND(AVERAGEIFS(Output!$N$3:$N$992,Output!$H$3:$H$992,AC$3,Output!#REF!,1,Output!$B$3:$B$992,$A80),0)&" ["&ROUND(_xlfn.MINIFS(Output!$N$3:$N$992,Output!$H$3:$H$992,AC$3,Output!#REF!,1,Output!$B$3:$B$992,$A80),0)&"-"&ROUND(_xlfn.MAXIFS(Output!$N$3:$N$992,Output!$H$3:$H$992,AC$3,Output!#REF!,1,Output!$B$3:$B$992,$A80),0)&"]","")
A81: Fiji | B81: Pacific | C81: Upper middle income | D81: =IFERROR(ROUND(AVERAGEIFS(Output!$N$3:$N$992,Output!$H$3:$H$992,D$3,Output!#REF!,1,Output!$B$3:$B$992,$A81),1)&" ["&ROUND(_xlfn.MINIFS(Output!$N$3:$N$992,Output!$H$3:$H$992,D$3,Output!#REF!,1,Output!$B$3:$B$992,$A81),1)&"-"&ROUND(_xlfn.MAXIFS(Output!$N$3:$N$992,Output!$H$3:$H$992,D$3,Output!#REF!,1,Output!$B$3:$B$992,$A81),1)&"]","") | E81: =IFERROR(ROUND(AVERAGEIFS(Output!$N$3:$N$992,Output!$H$3:$H$992,E$3,Output!#REF!,1,Output!$B$3:$B$992,$A81),1)&" ["&ROUND(_xlfn.MINIFS(Output!$N$3:$N$992,Output!$H$3:$H$992,E$3,Output!#REF!,1,Output!$B$3:$B$992,$A81),1)&"-"&ROUND(_xlfn.MAXIFS(Output!$N$3:$N$992,Output!$H$3:$H$992,E$3,Output!#REF!,1,Output!$B$3:$B$992,$A81),1)&"]","") | F81: =IFERROR(ROUND(AVERAGEIFS(Output!$N$3:$N$992,Output!$H$3:$H$992,F$3,Output!#REF!,1,Output!$B$3:$B$992,$A81),1)&" ["&ROUND(_xlfn.MINIFS(Output!$N$3:$N$992,Output!$H$3:$H$992,F$3,Output!#REF!,1,Output!$B$3:$B$992,$A81),1)&"-"&ROUND(_xlfn.MAXIFS(Output!$N$3:$N$992,Output!$H$3:$H$992,F$3,Output!#REF!,1,Output!$B$3:$B$992,$A81),1)&"]","") | G81: =IFERROR(ROUND(AVERAGEIFS(Output!$N$3:$N$992,Output!$H$3:$H$992,G$3,Output!#REF!,1,Output!$B$3:$B$992,$A81),1)&" ["&ROUND(_xlfn.MINIFS(Output!$N$3:$N$992,Output!$H$3:$H$992,G$3,Output!#REF!,1,Output!$B$3:$B$992,$A81),1)&"-"&ROUND(_xlfn.MAXIFS(Output!$N$3:$N$992,Output!$H$3:$H$992,G$3,Output!#REF!,1,Output!$B$3:$B$992,$A81),1)&"]","") | H81: =IFERROR(ROUND(AVERAGEIFS(Output!$N$3:$N$992,Output!$H$3:$H$992,H$3,Output!#REF!,1,Output!$B$3:$B$992,$A81),1)&" ["&ROUND(_xlfn.MINIFS(Output!$N$3:$N$992,Output!$H$3:$H$992,H$3,Output!#REF!,1,Output!$B$3:$B$992,$A81),1)&"-"&ROUND(_xlfn.MAXIFS(Output!$N$3:$N$992,Output!$H$3:$H$992,H$3,Output!#REF!,1,Output!$B$3:$B$992,$A81),1)&"]","") | I81: =IFERROR(ROUND(AVERAGEIFS(Output!$N$3:$N$992,Output!$H$3:$H$992,I$3,Output!#REF!,1,Output!$B$3:$B$992,$A81),1)&" ["&ROUND(_xlfn.MINIFS(Output!$N$3:$N$992,Output!$H$3:$H$992,I$3,Output!#REF!,1,Output!$B$3:$B$992,$A81),1)&"-"&ROUND(_xlfn.MAXIFS(Output!$N$3:$N$992,Output!$H$3:$H$992,I$3,Output!#REF!,1,Output!$B$3:$B$992,$A81),1)&"]","") | J81: =IFERROR(ROUND(AVERAGEIFS(Output!$N$3:$N$992,Output!$H$3:$H$992,J$3,Output!#REF!,1,Output!$B$3:$B$992,$A81),1)&" ["&ROUND(_xlfn.MINIFS(Output!$N$3:$N$992,Output!$H$3:$H$992,J$3,Output!#REF!,1,Output!$B$3:$B$992,$A81),1)&"-"&ROUND(_xlfn.MAXIFS(Output!$N$3:$N$992,Output!$H$3:$H$992,J$3,Output!#REF!,1,Output!$B$3:$B$992,$A81),1)&"]","") | K81: =IFERROR(ROUND(AVERAGEIFS(Output!$N$3:$N$992,Output!$H$3:$H$992,K$3,Output!#REF!,1,Output!$B$3:$B$992,$A81),1)&" ["&ROUND(_xlfn.MINIFS(Output!$N$3:$N$992,Output!$H$3:$H$992,K$3,Output!#REF!,1,Output!$B$3:$B$992,$A81),1)&"-"&ROUND(_xlfn.MAXIFS(Output!$N$3:$N$992,Output!$H$3:$H$992,K$3,Output!#REF!,1,Output!$B$3:$B$992,$A81),1)&"]","") | ... Z81: =IFERROR(ROUND(AVERAGEIFS(Output!$N$3:$N$992,Output!$H$3:$H$992,Z$3,Output!#REF!,1,Output!$B$3:$B$992,$A81),1)&" ["&ROUND(_xlfn.MINIFS(Output!$N$3:$N$992,Output!$H$3:$H$992,Z$3,Output!#REF!,1,Output!$B$3:$B$992,$A81),1)&"-"&ROUND(_xlfn.MAXIFS(Output!$N$3:$N$992,Output!$H$3:$H$992,Z$3,Output!#REF!,1,Output!$B$3:$B$992,$A81),1)&"]","") | AA81: =IFERROR(ROUND(AVERAGEIFS(Output!$N$3:$N$992,Output!$H$3:$H$992,AA$3,Output!#REF!,1,Output!$B$3:$B$992,$A81),0)&" ["&ROUND(_xlfn.MINIFS(Output!$N$3:$N$992,Output!$H$3:$H$992,AA$3,Output!#REF!,1,Output!$B$3:$B$992,$A81),0)&"-"&ROUND(_xlfn.MAXIFS(Output!$N$3:$N$992,Output!$H$3:$H$992,AA$3,Output!#REF!,1,Output!$B$3:$B$992,$A81),0)&"]","") | AB81: =IFERROR(ROUND(AVERAGEIFS(Output!$N$3:$N$992,Output!$H$3:$H$992,AB$3,Output!#REF!,1,Output!$B$3:$B$992,$A81),0)&" ["&ROUND(_xlfn.MINIFS(Output!$N$3:$N$992,Output!$H$3:$H$992,AB$3,Output!#REF!,1,Output!$B$3:$B$992,$A81),0)&"-"&ROUND(_xlfn.MAXIFS(Output!$N$3:$N$992,Output!$H$3:$H$992,AB$3,Output!#REF!,1,Output!$B$3:$B$992,$A81),0)&"]","") | AC81: =IFERROR(ROUND(AVERAGEIFS(Output!$N$3:$N$992,Output!$H$3:$H$992,AC$3,Output!#REF!,1,Output!$B$3:$B$992,$A81),0)&" ["&ROUND(_xlfn.MINIFS(Output!$N$3:$N$992,Output!$H$3:$H$992,AC$3,Output!#REF!,1,Output!$B$3:$B$992,$A81),0)&"-"&ROUND(_xlfn.MAXIFS(Output!$N$3:$N$992,Output!$H$3:$H$992,AC$3,Output!#REF!,1,Output!$B$3:$B$992,$A81),0)&"]","")
A82: Georgia | B82: Central and West Asia | C82: Upper middle income | D82: =IFERROR(ROUND(AVERAGEIFS(Output!$N$3:$N$992,Output!$H$3:$H$992,D$3,Output!#REF!,1,Output!$B$3:$B$992,$A82),1)&" ["&ROUND(_xlfn.MINIFS(Output!$N$3:$N$992,Output!$H$3:$H$992,D$3,Output!#REF!,1,Output!$B$3:$B$992,$A82),1)&"-"&ROUND(_xlfn.MAXIFS(Output!$N$3:$N$992,Output!$H$3:$H$992,D$3,Output!#REF!,1,Output!$B$3:$B$992,$A82),1)&"]","") | E82: =IFERROR(ROUND(AVERAGEIFS(Output!$N$3:$N$992,Output!$H$3:$H$992,E$3,Output!#REF!,1,Output!$B$3:$B$992,$A82),1)&" ["&ROUND(_xlfn.MINIFS(Output!$N$3:$N$992,Output!$H$3:$H$992,E$3,Output!#REF!,1,Output!$B$3:$B$992,$A82),1)&"-"&ROUND(_xlfn.MAXIFS(Output!$N$3:$N$992,Output!$H$3:$H$992,E$3,Output!#REF!,1,Output!$B$3:$B$992,$A82),1)&"]","") | F82: =IFERROR(ROUND(AVERAGEIFS(Output!$N$3:$N$992,Output!$H$3:$H$992,F$3,Output!#REF!,1,Output!$B$3:$B$992,$A82),1)&" ["&ROUND(_xlfn.MINIFS(Output!$N$3:$N$992,Output!$H$3:$H$992,F$3,Output!#REF!,1,Output!$B$3:$B$992,$A82),1)&"-"&ROUND(_xlfn.MAXIFS(Output!$N$3:$N$992,Output!$H$3:$H$992,F$3,Output!#REF!,1,Output!$B$3:$B$992,$A82),1)&"]","") | G82: =IFERROR(ROUND(AVERAGEIFS(Output!$N$3:$N$992,Output!$H$3:$H$992,G$3,Output!#REF!,1,Output!$B$3:$B$992,$A82),1)&" ["&ROUND(_xlfn.MINIFS(Output!$N$3:$N$992,Output!$H$3:$H$992,G$3,Output!#REF!,1,Output!$B$3:$B$992,$A82),1)&"-"&ROUND(_xlfn.MAXIFS(Output!$N$3:$N$992,Output!$H$3:$H$992,G$3,Output!#REF!,1,Output!$B$3:$B$992,$A82),1)&"]","") | H82: =IFERROR(ROUND(AVERAGEIFS(Output!$N$3:$N$992,Output!$H$3:$H$992,H$3,Output!#REF!,1,Output!$B$3:$B$992,$A82),1)&" ["&ROUND(_xlfn.MINIFS(Output!$N$3:$N$992,Output!$H$3:$H$992,H$3,Output!#REF!,1,Output!$B$3:$B$992,$A82),1)&"-"&ROUND(_xlfn.MAXIFS(Output!$N$3:$N$992,Output!$H$3:$H$992,H$3,Output!#REF!,1,Output!$B$3:$B$992,$A82),1)&"]","") | I82: =IFERROR(ROUND(AVERAGEIFS(Output!$N$3:$N$992,Output!$H$3:$H$992,I$3,Output!#REF!,1,Output!$B$3:$B$992,$A82),1)&" ["&ROUND(_xlfn.MINIFS(Output!$N$3:$N$992,Output!$H$3:$H$992,I$3,Output!#REF!,1,Output!$B$3:$B$992,$A82),1)&"-"&ROUND(_xlfn.MAXIFS(Output!$N$3:$N$992,Output!$H$3:$H$992,I$3,Output!#REF!,1,Output!$B$3:$B$992,$A82),1)&"]","") | J82: =IFERROR(ROUND(AVERAGEIFS(Output!$N$3:$N$992,Output!$H$3:$H$992,J$3,Output!#REF!,1,Output!$B$3:$B$992,$A82),1)&" ["&ROUND(_xlfn.MINIFS(Output!$N$3:$N$992,Output!$H$3:$H$992,J$3,Output!#REF!,1,Output!$B$3:$B$992,$A82),1)&"-"&ROUND(_xlfn.MAXIFS(Output!$N$3:$N$992,Output!$H$3:$H$992,J$3,Output!#REF!,1,Output!$B$3:$B$992,$A82),1)&"]","") | K82: =IFERROR(ROUND(AVERAGEIFS(Output!$N$3:$N$992,Output!$H$3:$H$992,K$3,Output!#REF!,1,Output!$B$3:$B$992,$A82),1)&" ["&ROUND(_xlfn.MINIFS(Output!$N$3:$N$992,Output!$H$3:$H$992,K$3,Output!#REF!,1,Output!$B$3:$B$992,$A82),1)&"-"&ROUND(_xlfn.MAXIFS(Output!$N$3:$N$992,Output!$H$3:$H$992,K$3,Output!#REF!,1,Output!$B$3:$B$992,$A82),1)&"]","") | ... Z82: =IFERROR(ROUND(AVERAGEIFS(Output!$N$3:$N$992,Output!$H$3:$H$992,Z$3,Output!#REF!,1,Output!$B$3:$B$992,$A82),1)&" ["&ROUND(_xlfn.MINIFS(Output!$N$3:$N$992,Output!$H$3:$H$992,Z$3,Output!#REF!,1,Output!$B$3:$B$992,$A82),1)&"-"&ROUND(_xlfn.MAXIFS(Output!$N$3:$N$992,Output!$H$3:$H$992,Z$3,Output!#REF!,1,Output!$B$3:$B$992,$A82),1)&"]","") | AA82: =IFERROR(ROUND(AVERAGEIFS(Output!$N$3:$N$992,Output!$H$3:$H$992,AA$3,Output!#REF!,1,Output!$B$3:$B$992,$A82),0)&" ["&ROUND(_xlfn.MINIFS(Output!$N$3:$N$992,Output!$H$3:$H$992,AA$3,Output!#REF!,1,Output!$B$3:$B$992,$A82),0)&"-"&ROUND(_xlfn.MAXIFS(Output!$N$3:$N$992,Output!$H$3:$H$992,AA$3,Output!#REF!,1,Output!$B$3:$B$992,$A82),0)&"]","") | AB82: =IFERROR(ROUND(AVERAGEIFS(Output!$N$3:$N$992,Output!$H$3:$H$992,AB$3,Output!#REF!,1,Output!$B$3:$B$992,$A82),0)&" ["&ROUND(_xlfn.MINIFS(Output!$N$3:$N$992,Output!$H$3:$H$992,AB$3,Output!#REF!,1,Output!$B$3:$B$992,$A82),0)&"-"&ROUND(_xlfn.MAXIFS(Output!$N$3:$N$992,Output!$H$3:$H$992,AB$3,Output!#REF!,1,Output!$B$3:$B$992,$A82),0)&"]","") | AC82: =IFERROR(ROUND(AVERAGEIFS(Output!$N$3:$N$992,Output!$H$3:$H$992,AC$3,Output!#REF!,1,Output!$B$3:$B$992,$A82),0)&" ["&ROUND(_xlfn.MINIFS(Output!$N$3:$N$992,Output!$H$3:$H$992,AC$3,Output!#REF!,1,Output!$B$3:$B$992,$A82),0)&"-"&ROUND(_xlfn.MAXIFS(Output!$N$3:$N$992,Output!$H$3:$H$992,AC$3,Output!#REF!,1,Output!$B$3:$B$992,$A82),0)&"]","")
... A121: Russian Federation | B121: Eastern Europe | C121: Upper middle income | D121: =IFERROR(ROUND(AVERAGEIFS(Output!$N$3:$N$992,Output!$H$3:$H$992,D$3,Output!#REF!,1,Output!$B$3:$B$992,$A121),1)&" ["&ROUND(_xlfn.MINIFS(Output!$N$3:$N$992,Output!$H$3:$H$992,D$3,Output!#REF!,1,Output!$B$3:$B$992,$A121),1)&"-"&ROUND(_xlfn.MAXIFS(Output!$N$3:$N$992,Output!$H$3:$H$992,D$3,Output!#REF!,1,Output!$B$3:$B$992,$A121),1)&"]","") | E121: =IFERROR(ROUND(AVERAGEIFS(Output!$N$3:$N$992,Output!$H$3:$H$992,E$3,Output!#REF!,1,Output!$B$3:$B$992,$A121),1)&" ["&ROUND(_xlfn.MINIFS(Output!$N$3:$N$992,Output!$H$3:$H$992,E$3,Output!#REF!,1,Output!$B$3:$B$992,$A121),1)&"-"&ROUND(_xlfn.MAXIFS(Output!$N$3:$N$992,Output!$H$3:$H$992,E$3,Output!#REF!,1,Output!$B$3:$B$992,$A121),1)&"]","") | F121: =IFERROR(ROUND(AVERAGEIFS(Output!$N$3:$N$992,Output!$H$3:$H$992,F$3,Output!#REF!,1,Output!$B$3:$B$992,$A121),1)&" ["&ROUND(_xlfn.MINIFS(Output!$N$3:$N$992,Output!$H$3:$H$992,F$3,Output!#REF!,1,Output!$B$3:$B$992,$A121),1)&"-"&ROUND(_xlfn.MAXIFS(Output!$N$3:$N$992,Output!$H$3:$H$992,F$3,Output!#REF!,1,Output!$B$3:$B$992,$A121),1)&"]","") | G121: =IFERROR(ROUND(AVERAGEIFS(Output!$N$3:$N$992,Output!$H$3:$H$992,G$3,Output!#REF!,1,Output!$B$3:$B$992,$A121),1)&" ["&ROUND(_xlfn.MINIFS(Output!$N$3:$N$992,Output!$H$3:$H$992,G$3,Output!#REF!,1,Output!$B$3:$B$992,$A121),1)&"-"&ROUND(_xlfn.MAXIFS(Output!$N$3:$N$992,Output!$H$3:$H$992,G$3,Output!#REF!,1,Output!$B$3:$B$992,$A121),1)&"]","") | H121: =IFERROR(ROUND(AVERAGEIFS(Output!$N$3:$N$992,Output!$H$3:$H$992,H$3,Output!#REF!,1,Output!$B$3:$B$992,$A121),1)&" ["&ROUND(_xlfn.MINIFS(Output!$N$3:$N$992,Output!$H$3:$H$992,H$3,Output!#REF!,1,Output!$B$3:$B$992,$A121),1)&"-"&ROUND(_xlfn.MAXIFS(Output!$N$3:$N$992,Output!$H$3:$H$992,H$3,Output!#REF!,1,Output!$B$3:$B$992,$A121),1)&"]","") | I121: =IFERROR(ROUND(AVERAGEIFS(Output!$N$3:$N$992,Output!$H$3:$H$992,I$3,Output!#REF!,1,Output!$B$3:$B$992,$A121),1)&" ["&ROUND(_xlfn.MINIFS(Output!$N$3:$N$992,Output!$H$3:$H$992,I$3,Output!#REF!,1,Output!$B$3:$B$992,$A121),1)&"-"&ROUND(_xlfn.MAXIFS(Output!$N$3:$N$992,Output!$H$3:$H$992,I$3,Output!#REF!,1,Output!$B$3:$B$992,$A121),1)&"]","") | J121: =IFERROR(ROUND(AVERAGEIFS(Output!$N$3:$N$992,Output!$H$3:$H$992,J$3,Output!#REF!,1,Output!$B$3:$B$992,$A121),1)&" ["&ROUND(_xlfn.MINIFS(Output!$N$3:$N$992,Output!$H$3:$H$992,J$3,Output!#REF!,1,Output!$B$3:$B$992,$A121),1)&"-"&ROUND(_xlfn.MAXIFS(Output!$N$3:$N$992,Output!$H$3:$H$992,J$3,Output!#REF!,1,Output!$B$3:$B$992,$A121),1)&"]","") | K121: =IFERROR(ROUND(AVERAGEIFS(Output!$N$3:$N$992,Output!$H$3:$H$992,K$3,Output!#REF!,1,Output!$B$3:$B$992,$A121),1)&" ["&ROUND(_xlfn.MINIFS(Output!$N$3:$N$992,Output!$H$3:$H$992,K$3,Output!#REF!,1,Output!$B$3:$B$992,$A121),1)&"-"&ROUND(_xlfn.MAXIFS(Output!$N$3:$N$992,Output!$H$3:$H$992,K$3,Output!#REF!,1,Output!$B$3:$B$992,$A121),1)&"]","") | ... Z121: =IFERROR(ROUND(AVERAGEIFS(Output!$N$3:$N$992,Output!$H$3:$H$992,Z$3,Output!#REF!,1,Output!$B$3:$B$992,$A121),1)&" ["&ROUND(_xlfn.MINIFS(Output!$N$3:$N$992,Output!$H$3:$H$992,Z$3,Output!#REF!,1,Output!$B$3:$B$992,$A121),1)&"-"&ROUND(_xlfn.MAXIFS(Output!$N$3:$N$992,Output!$H$3:$H$992,Z$3,Output!#REF!,1,Output!$B$3:$B$992,$A121),1)&"]","") | AA121: =IFERROR(ROUND(AVERAGEIFS(Output!$N$3:$N$992,Output!$H$3:$H$992,AA$3,Output!#REF!,1,Output!$B$3:$B$992,$A121),0)&" ["&ROUND(_xlfn.MINIFS(Output!$N$3:$N$992,Output!$H$3:$H$992,AA$3,Output!#REF!,1,Output!$B$3:$B$992,$A121),0)&"-"&ROUND(_xlfn.MAXIFS(Output!$N$3:$N$992,Output!$H$3:$H$992,AA$3,Output!#REF!,1,Output!$B$3:$B$992,$A121),0)&"]","") | AB121: =IFERROR(ROUND(AVERAGEIFS(Output!$N$3:$N$992,Output!$H$3:$H$992,AB$3,Output!#REF!,1,Output!$B$3:$B$992,$A121),0)&" ["&ROUND(_xlfn.MINIFS(Output!$N$3:$N$992,Output!$H$3:$H$992,AB$3,Output!#REF!,1,Output!$B$3:$B$992,$A121),0)&"-"&ROUND(_xlfn.MAXIFS(Output!$N$3:$N$992,Output!$H$3:$H$992,AB$3,Output!#REF!,1,Output!$B$3:$B$992,$A121),0)&"]","") | AC121: =IFERROR(ROUND(AVERAGEIFS(Output!$N$3:$N$992,Output!$H$3:$H$992,AC$3,Output!#REF!,1,Output!$B$3:$B$992,$A121),0)&" ["&ROUND(_xlfn.MINIFS(Output!$N$3:$N$992,Output!$H$3:$H$992,AC$3,Output!#REF!,1,Output!$B$3:$B$992,$A121),0)&"-"&ROUND(_xlfn.MAXIFS(Output!$N$3:$N$992,Output!$H$3:$H$992,AC$3,Output!#REF!,1,Output!$B$3:$B$992,$A121),0)&"]","")
A123: Low and lower middle income
A124: Q1 | D124: =_xlfn.QUARTILE.INC(_xlfn.ANCHORARRAY(D1814),1) -> #VALUE! | E124: =_xlfn.QUARTILE.INC(_xlfn.ANCHORARRAY(E1814),1) -> #VALUE! | F124: =_xlfn.QUARTILE.INC(_xlfn.ANCHORARRAY(F1814),1) -> 0.19698357 | G124: =_xlfn.QUARTILE.INC(_xlfn.ANCHORARRAY(G1814),1) -> 27.119485 | H124: =_xlfn.QUARTILE.INC(_xlfn.ANCHORARRAY(H1814),1) -> 0.68246597 | I124: =_xlfn.QUARTILE.INC(_xlfn.ANCHORARRAY(I1814),1) -> 0.09989121 | J124: =_xlfn.QUARTILE.INC(_xlfn.ANCHORARRAY(J1814),1) -> 0.33353727 | K124: =_xlfn.QUARTILE.INC(_xlfn.ANCHORARRAY(K1814),1) -> 0.070134332 | ... AC124: =_xlfn.QUARTILE.INC(_xlfn.ANCHORARRAY(AC1814),1) -> 3.5926125
A125: Q3 | D125: =_xlfn.QUARTILE.INC(_xlfn.ANCHORARRAY(D1814),3) -> #VALUE! | E125: =_xlfn.QUARTILE.INC(_xlfn.ANCHORARRAY(E1814),3) -> #VALUE! | F125: =_xlfn.QUARTILE.INC(_xlfn.ANCHORARRAY(F1814),3) -> 0.19698357 | G125: =_xlfn.QUARTILE.INC(_xlfn.ANCHORARRAY(G1814),3) -> 27.119485 | H125: =_xlfn.QUARTILE.INC(_xlfn.ANCHORARRAY(H1814),3) -> 2.5083936 | I125: =_xlfn.QUARTILE.INC(_xlfn.ANCHORARRAY(I1814),3) -> 0.24363098 | J125: =_xlfn.QUARTILE.INC(_xlfn.ANCHORARRAY(J1814),3) -> 0.46334873 | K125: =_xlfn.QUARTILE.INC(_xlfn.ANCHORARRAY(K1814),3) -> 0.16897923 | ... AC125: =_xlfn.QUARTILE.INC(_xlfn.ANCHORARRAY(AC1814),3) -> 5.5569565
A126: IQR | D126: =D125-D124 -> #VALUE! | E126: =E125-E124 -> #VALUE! | F126: =F125-F124 -> 0 | G126: =G125-G124 -> 0 | H126: =H125-H124 -> 1.8259277 | I126: =I125-I124 -> 0.14373977 | J126: =J125-J124 -> 0.12981146 | K126: =K125-K124 -> 0.098844893 | ... AC126: =AC125-AC124 -> 1.9643441
A127: Low | D127: =D124-1.5*D126 -> #VALUE! | E127: =E124-1.5*E126 -> #VALUE! | F127: =F124-1.5*F126 -> 0.19698357 | G127: =G124-1.5*G126 -> 27.119485 | H127: =H124-1.5*H126 -> -2.0564255 | I127: =I124-1.5*I126 -> -0.11571845 | J127: =J124-1.5*J126 -> 0.13882008 | K127: =K124-1.5*K126 -> -0.078133008 | ... AC127: =AC124-1.5*AC126 -> 0.64609636
A128: High | D128: =D125+1.5*D126 -> #VALUE! | E128: =E125+1.5*E126 -> #VALUE! | F128: =F125+1.5*F126 -> 0.19698357 | G128: =G125+1.5*G126 -> 27.119485 | H128: =H125+1.5*H126 -> 5.2472851 | I128: =I125+1.5*I126 -> 0.45924064 | J128: =J125+1.5*J126 -> 0.65806592 | K128: =K125+1.5*K126 -> 0.31724656 | ... AC128: =AC125+1.5*AC126 -> 8.5034726
A130: Upper middle income
A131: Q1 | D131: =_xlfn.QUARTILE.INC(_xlfn.ANCHORARRAY(D1990),1) -> #VALUE! | E131: =_xlfn.QUARTILE.INC(_xlfn.ANCHORARRAY(E1990),1) -> #VALUE! | F131: =_xlfn.QUARTILE.INC(_xlfn.ANCHORARRAY(F1990),1) -> #VALUE! | G131: =_xlfn.QUARTILE.INC(_xlfn.ANCHORARRAY(G1990),1) -> 11.166688 | H131: =_xlfn.QUARTILE.INC(_xlfn.ANCHORARRAY(H1990),1) -> 3.5416074 | I131: =_xlfn.QUARTILE.INC(_xlfn.ANCHORARRAY(I1990),1) -> 0.42034495 | J131: =_xlfn.QUARTILE.INC(_xlfn.ANCHORARRAY(J1990),1) -> 0.1196557 | K131: =_xlfn.QUARTILE.INC(_xlfn.ANCHORARRAY(K1990),1) -> 0.13003067 | ... AC131: =_xlfn.QUARTILE.INC(_xlfn.ANCHORARRAY(AC1990),1) -> 3.0796617
A132: Q3 | D132: =_xlfn.QUARTILE.INC(_xlfn.ANCHORARRAY(D1990),3) -> #VALUE! | E132: =_xlfn.QUARTILE.INC(_xlfn.ANCHORARRAY(E1990),3) -> #VALUE! | F132: =_xlfn.QUARTILE.INC(_xlfn.ANCHORARRAY(F1990),3) -> #VALUE! | G132: =_xlfn.QUARTILE.INC(_xlfn.ANCHORARRAY(G1990),3) -> 16.56594 | H132: =_xlfn.QUARTILE.INC(_xlfn.ANCHORARRAY(H1990),3) -> 11.453184 | I132: =_xlfn.QUARTILE.INC(_xlfn.ANCHORARRAY(I1990),3) -> 0.86780083 | J132: =_xlfn.QUARTILE.INC(_xlfn.ANCHORARRAY(J1990),3) -> 0.13870619 | K132: =_xlfn.QUARTILE.INC(_xlfn.ANCHORARRAY(K1990),3) -> 0.23025234 | ... AC132: =_xlfn.QUARTILE.INC(_xlfn.ANCHORARRAY(AC1990),3) -> 16.421088
A133: IQR | D133: =D132-D131 -> #VALUE! | E133: =E132-E131 -> #VALUE! | F133: =F132-F131 -> #VALUE! | G133: =G132-G131 -> 5.3992516 | H133: =H132-H131 -> 7.9115764 | I133: =I132-I131 -> 0.44745588 | J133: =J132-J131 -> 0.019050494 | K133: =K132-K131 -> 0.10022167 | ... AC133: =AC132-AC131 -> 13.341426
A134: Low | D134: =D131-1.5*D133 -> #VALUE! | E134: =E131-1.5*E133 -> #VALUE! | F134: =F131-1.5*F133 -> #VALUE! | G134: =G131-1.5*G133 -> 3.0678105 | H134: =H131-1.5*H133 -> -8.3257573 | I134: =I131-1.5*I133 -> -0.25083887 | J134: =J131-1.5*J133 -> 0.091079956 | K134: =K131-1.5*K133 -> -0.020301836 | ... AC134: =AC131-1.5*AC133 -> -16.932478
A135: High | D135: =D132+1.5*D133 -> #VALUE! | E135: =E132+1.5*E133 -> #VALUE! | F135: =F132+1.5*F133 -> #VALUE! | G135: =G132+1.5*G133 -> 24.664817 | H135: =H132+1.5*H133 -> 23.320548 | I135: =I132+1.5*I133 -> 1.5389847 | J135: =J132+1.5*J133 -> 0.16728193 | K135: =K132+1.5*K133 -> 0.38058485 | ... AC135: =AC132+1.5*AC133 -> 36.433227
A137: High income
A138: Q1 | D138: =_xlfn.QUARTILE.INC(_xlfn.ANCHORARRAY(D2582),1) -> #VALUE! | E138: =_xlfn.QUARTILE.INC(_xlfn.ANCHORARRAY(E2582),1) -> #VALUE! | F138: =_xlfn.QUARTILE.INC(_xlfn.ANCHORARRAY(F2582),1) -> #VALUE! | G138: =_xlfn.QUARTILE.INC(_xlfn.ANCHORARRAY(G2582),1) -> 16.926889 | H138: =_xlfn.QUARTILE.INC(_xlfn.ANCHORARRAY(H2582),1) -> 9.2085696 | I138: =_xlfn.QUARTILE.INC(_xlfn.ANCHORARRAY(I2582),1) -> #VALUE! | J138: =_xlfn.QUARTILE.INC(_xlfn.ANCHORARRAY(J2582),1) -> #VALUE! | K138: =_xlfn.QUARTILE.INC(_xlfn.ANCHORARRAY(K2582),1) -> #VALUE! | ... AC138: =_xlfn.QUARTILE.INC(_xlfn.ANCHORARRAY(AC2582),1) -> 44.412981
A139: Q3 | D139: =_xlfn.QUARTILE.INC(_xlfn.ANCHORARRAY(D2582),3) -> #VALUE! | E139: =_xlfn.QUARTILE.INC(_xlfn.ANCHORARRAY(E2582),3) -> #VALUE! | F139: =_xlfn.QUARTILE.INC(_xlfn.ANCHORARRAY(F2582),3) -> #VALUE! | G139: =_xlfn.QUARTILE.INC(_xlfn.ANCHORARRAY(G2582),3) -> 53.881342 | H139: =_xlfn.QUARTILE.INC(_xlfn.ANCHORARRAY(H2582),3) -> 40.792287 | I139: =_xlfn.QUARTILE.INC(_xlfn.ANCHORARRAY(I2582),3) -> #VALUE! | J139: =_xlfn.QUARTILE.INC(_xlfn.ANCHORARRAY(J2582),3) -> #VALUE! | K139: =_xlfn.QUARTILE.INC(_xlfn.ANCHORARRAY(K2582),3) -> #VALUE! | ... AC139: =_xlfn.QUARTILE.INC(_xlfn.ANCHORARRAY(AC2582),3) -> 51.386106
A140: IQR | D140: =D139-D138 -> #VALUE! | E140: =E139-E138 -> #VALUE! | F140: =F139-F138 -> #VALUE! | G140: =G139-G138 -> 36.954453 | H140: =H139-H138 -> 31.583718 | I140: =I139-I138 -> #VALUE! | J140: =J139-J138 -> #VALUE! | K140: =K139-K138 -> #VALUE! | ... AC140: =AC139-AC138 -> 6.9731246
A141: Low | D141: =D138-1.5*D140 -> #VALUE! | E141: =E138-1.5*E140 -> #VALUE! | F141: =F138-1.5*F140 -> #VALUE! | G141: =G138-1.5*G140 -> -38.504791 | H141: =H138-1.5*H140 -> -38.167007 | I141: =I138-1.5*I140 -> #VALUE! | J141: =J138-1.5*J140 -> #VALUE! | K141: =K138-1.5*K140 -> #VALUE! | ... AC141: =AC138-1.5*AC140 -> 33.953294
A142: High | D142: =D139+1.5*D140 -> #VALUE! | E142: =E139+1.5*E140 -> #VALUE! | F142: =F139+1.5*F140 -> #VALUE! | G142: =G139+1.5*G140 -> 109.31302 | H142: =H139+1.5*H140 -> 88.167864 | I142: =I139+1.5*I140 -> #VALUE! | J142: =J139+1.5*J140 -> #VALUE! | K142: =K139+1.5*K140 -> #VALUE! | ... AC142: =AC139+1.5*AC140 -> 61.845793
A144: Regional
A145: Q1 | D145: =_xlfn.QUARTILE.INC(_xlfn.ANCHORARRAY(D989),1) -> #VALUE! | E145: =_xlfn.QUARTILE.INC(_xlfn.ANCHORARRAY(E989),1) -> #VALUE! | F145: =_xlfn.QUARTILE.INC(_xlfn.ANCHORARRAY(F989),1) -> 0.19698357 | G145: =_xlfn.QUARTILE.INC(_xlfn.ANCHORARRAY(G989),1) -> 12.119855 | H145: =_xlfn.QUARTILE.INC(_xlfn.ANCHORARRAY(H989),1) -> 1.9329089 | I145: =_xlfn.QUARTILE.INC(_xlfn.ANCHORARRAY(I989),1) -> 0.10832441 | J145: =_xlfn.QUARTILE.INC(_xlfn.ANCHORARRAY(J989),1) -> 0.13347569 | K145: =_xlfn.QUARTILE.INC(_xlfn.ANCHORARRAY(K989),1) -> 0.080607842 | ... AC145: =_xlfn.QUARTILE.INC(_xlfn.ANCHORARRAY(AC989),1) -> 3.4395356
A146: Q3 | D146: =_xlfn.QUARTILE.INC(_xlfn.ANCHORARRAY(D989),3) -> #VALUE! | E146: =_xlfn.QUARTILE.INC(_xlfn.ANCHORARRAY(E989),3) -> #VALUE! | F146: =_xlfn.QUARTILE.INC(_xlfn.ANCHORARRAY(F989),3) -> 0.19698357 | G146: =_xlfn.QUARTILE.INC(_xlfn.ANCHORARRAY(G989),3) -> 17.267437 | H146: =_xlfn.QUARTILE.INC(_xlfn.ANCHORARRAY(H989),3) -> 10.516827 | I146: =_xlfn.QUARTILE.INC(_xlfn.ANCHORARRAY(I989),3) -> 0.33674509 | J146: =_xlfn.QUARTILE.INC(_xlfn.ANCHORARRAY(J989),3) -> 0.39814331 | K146: =_xlfn.QUARTILE.INC(_xlfn.ANCHORARRAY(K989),3) -> 0.19769391 | ... AC146: =_xlfn.QUARTILE.INC(_xlfn.ANCHORARRAY(AC989),3) -> 15.604251
...

Sheet PPP conversion
A1: Data Source | B1: World Development Indicators
A2: Last Updated Date | B2: 45554
E3: =VALUE(E4) -> 1960 | F3: =VALUE(F4) -> 1961 | G3: =VALUE(G4) -> 1962 | H3: =VALUE(H4) -> 1963 | I3: =VALUE(I4) -> 1964 | J3: =VALUE(J4) -> 1965 | K3: =VALUE(K4) -> 1966 | L3: =VALUE(L4) -> 1967 | ... BR3: =VALUE(BR4) -> 2025
A4: Country Name | B4: Country Code | C4: Indicator Name | D4: Indicator Code | E4: 1960 | F4: 1961 | G4: 1962 | H4: 1963 | I4: 1964 | J4: 1965 | K4: 1966 | L4: 1967 | M4: 1968 | N4: 1969 | O4: 1970 | P4: 1971 | Q4: 1972 | R4: 1973 | S4: 1974 | T4: 1975 | U4: 1976 | V4: 1977 | W4: 1978 | X4: 1979 | Y4: 1980 | Z4: 1981 | AA4: 1982 | AB4: 1983 | AC4: 1984 | AD4: 1985 | AE4: 1986 | AF4: 1987 | AG4: 1988 | AH4: 1989 | AI4: 1990 | AJ4: 1991 | AK4: 1992 | AL4: 1993 | AM4: 1994 | AN4: 1995 | AO4: 1996 | AP4: 1997 | AQ4: 1998 | AR4: 1999 | AS4: 2000 | AT4: 2001 | AU4: 2002 | AV4: 2003 | AW4: 2004 | AX4: 2005 | AY4: 2006 | AZ4: 2007 | BA4: 2008 | BB4: 2009 | BC4: 2010 | BD4: 2011 | BE4: 2012 | BF4: 2013 | BG4: 2014 | BH4: 2015 | BI4: 2016 | BJ4: 2017 | BK4: 2018 | BL4: 2019 | BM4: 2020 | BN4: 2021 | BO4: 2022 | BP4: 2023 | BQ4: 2024 | BR4: 2025
A5: Aruba | B5: ABW | C5: PPP conversion factor, GDP (LCU per international $) | D5: PA.NUS.PPP | AI5: 0.92337117 | AJ5: 0.943316 | AK5: 0.9575515 | AL5: 0.98495803 | AM5: 1.025006 | AN5: 1.0378481 | AO5: 1.0524095 | AP5: 1.0728918 | AQ5: 1.130917 | AR5: 1.1395589 | AS5: 1.1258629 | AT5: 1.1630501 | AU5: 1.1960413 | AV5: 1.2086467 | AW5: 1.2100688 | AX5: 1.2327371 | AY5: 1.2375266 | AZ5: 1.2671382 | BA5: 1.2961758 | BB5: 1.3101724 | BC5: 1.2786049 | BD5: 1.3029406 | BE5: 1.3187666 | BF5: 1.2870244 | BG5: 1.311721 | BH5: 1.3663138 | BI5: 1.3600146 | BJ5: 1.3566366 | BK5: 1.3706056 | BL5: 1.4232118 | BM5: 1.4119086 | BN5: 1.3639536 | BO5: 1.317722
A6: Africa Eastern and Southern | B6: AFE | C6: PPP conversion factor, GDP (LCU per international $) | D6: PA.NUS.PPP
A7: Afghanistan | B7: AFG | C7: PPP conversion factor, GDP (LCU per international $) | D7: PA.NUS.PPP | AS7: 10.19987 | AT7: 8.8007175 | AU7: 9.1968883 | AV7: 10.069994 | AW7: 10.911604 | AX7: 11.734435 | AY7: 12.202965 | AZ7: 14.557616 | BA7: 14.581836 | BB7: 14.178919 | BC7: 14.543053 | BD7: 16.613478 | BE7: 16.930295 | BF7: 16.881546 | BG7: 16.127804 | BH7: 15.823582 | BI7: 15.923656 | BJ7: 15.420207 | BK7: 14.856235 | BL7: 15.026434 | BM7: 15.335243 | BN7: 14.587942 | BO7: 14.910282 | BP7: 14.910282 | BQ7: 14.910282 | BR7: 14.910282
A8: Africa Western and Central | B8: AFW | C8: PPP conversion factor, GDP (LCU per international $) | D8: PA.NUS.PPP
A9: Angola | B9: AGO | C9: PPP conversion factor, GDP (LCU per international $) | D9: PA.NUS.PPP | AI9: 1.0594636e-08 | AJ9: 2.1142782e-08 | AK9: 1.1917563e-07 | AL9: 1.1848647e-06 | AM9: 2.6403505e-05 | AN9: 0.00049795758 | AO9: 0.023963847 | AP9: 0.046044058 | AQ9: 0.063453566 | AR9: 0.41138638 | AS9: 2.0838562 | AT9: 4.2053892 | AU9: 10.041114 | AV9: 19.095384 | AW9: 24.814289 | AX9: 34.255104 | AY9: 38.917928 | AZ9: 39.523876 | BA9: 46.286181 | BB9: 38.291452 | BC9: 50.040152 | BD9: 64.605751 | BE9: 66.017186 | BF9: 66.695573 | BG9: 66.001876 | BH9: 69.585904 | BI9: 82.863327 | BJ9: 95.837242 | BK9: 111.44181 | BL9: 124.43961 | BM9: 146.90913 | BN9: 174.09052 | BO9: 184.93662 | BP9: 209.92214 | BQ9: 209.92214 | BR9: 209.92214
A10: Albania | B10: ALB | C10: PPP conversion factor, GDP (LCU per international $) | D10: PA.NUS.PPP | AI10: 2.338171 | AJ10: 3.0649055 | AK10: 9.9782748 | AL10: 21.994712 | AM10: 29.25354 | AN10: 31.4719 | AO10: 35.418679 | AP10: 38.731705 | AQ10: 40.71863 | AR10: 41.101512 | AS10: 42.0198 | AT10: 42.811036 | AU10: 42.109266 | AV10: 44.590903 | AW10: 44.897964 | AX10: 45.527878 | AY10: 44.412793 | AZ10: 44.6255 | BA10: 44.562326 | BB10: 44.340207 | BC10: 44.205658 | BD10: 43.860253 | BE10: 43.657474 | BF10: 44.116009 | BG10: 42.897017 | BH10: 42.70885 | BI10: 42.387462 | BJ10: 42.259562 | BK10: 42.305663 | BL10: 40.551878 | BM10: 40.212077 | BN10: 40.596237 | BO10: 39.492906 | BP10: 39.362561 | BQ10: 39.362561 | BR10: 39.362561
A11: Andorra | B11: AND | C11: PPP conversion factor, GDP (LCU per international $) | D11: PA.NUS.PPP | AI11: 0.48116919 | AJ11: 0.49770746 | AK11: 0.51927396 | AL11: 0.53026561 | AM11: 0.53932354 | AN11: 0.55430693 | AO11: 0.54868069 | AP11: 0.55139761 | AQ11: 0.55344612 | AR11: 0.56063266 | AS11: 0.7057799 | AT11: 0.7115009 | AU11: 0.72331 | AV11: 0.73184415 | AW11: 0.73436231 | AX11: 0.73621822 | AY11: 0.73888464 | AZ11: 0.74249577 | BA11: 0.74502811 | BB11: 0.74143951 | BC11: 0.73527907 | BD11: 0.72183362 | BE11: 0.70987459 | BF11: 0.701126 | BG11: 0.68854509 | BH11: 0.68672048 | BI11: 0.68262176 | BJ11: 0.67823398 | BK11: 0.65632801 | BL11: 0.64122789 | BM11: 0.62787878 | BN11: 0.60457355 | BO11: 0.58873055 | BP11: 0.60131182 | BQ11: 0.60131182 | BR11: 0.60131182
A12: Arab World | B12: ARB | C12: PPP conversion factor, GDP (LCU per international $) | D12: PA.NUS.PPP
A13: United Arab Emirates | B13: ARE | C13: PPP conversion factor, GDP (LCU per international $) | D13: PA.NUS.PPP | AI13: 1.1276999 | AJ13: 1.0996555 | AK13: 1.0945805 | AL13: 1.0829014 | AM13: 1.0574797 | AN13: 1.0762352 | AO13: 1.1179006 | AP13: 1.0884845 | AQ13: 1.030593 | AR13: 1.1020153 | AS13: 1.201094 | AT13: 1.1470486 | AU13: 1.1720878 | AV13: 1.1962032 | AW13: 1.2639098 | AX13: 1.4280128 | AY13: 1.5510034 | AZ13: 1.6993653 | BA13: 1.9762383 | BB13: 1.6659114 | BC13: 1.9179429 | BD13: 2.1266084 | BE13: 2.18797 | BF13: 2.2341906 | BG13: 2.2135167 | BH13: 2.2292469 | BI13: 2.2417488 | BJ13: 2.2852504 | BK13: 2.2351587 | BL13: 2.1137228 | BM13: 2.0889845 | BN13: 2.3625672 | BO13: 2.4994224 | BP13: 2.3188455 | BQ13: 2.3188455 | BR13: 2.3188455
A14: Argentina | B14: ARG | C14: PPP conversion factor, GDP (LCU per international $) | D14: PA.NUS.PPP | AI14: 0.29393947 | AJ14: 0.68380638 | AK14: 0.77602325 | AL14: 0.73105983 | AM14: 0.73617149 | AN14: 0.74387547 | AO14: 0.7301191 | AP14: 0.71441231 | AQ14: 0.69442518 | AR14: 0.67215993 | AS14: 0.66408924 | AT14: 0.64234867 | AU14: 0.82578693 | AV14: 0.89479304 | AW14: 1.0313725 | AX14: 1.1031944 | AY14: 1.217247 | AZ14: 1.3621973 | BA14: 1.6461184 | BB14: 1.8876103 | BC14: 2.2550016 | BD14: 2.7331278 | BE14: 3.2200316 | BF14: 3.9455676 | BG14: 5.4615138 | BH14: 6.8825897 | BI14: 9.3221173 | BJ14: 10.292786 | BK14: 13.526814 | BL14: 20.383669 | BM14: 26.887184 | BN14: 38.783333 | BO14: 61.403181 | BP14: 138.5355 | BQ14: 138.5355 | BR14: 138.5355
A15: Armenia | B15: ARM | C15: PPP conversion factor, GDP (LCU per international $) | D15: PA.NUS.PPP | AI15: 0.0051311814 | AJ15: 0.008903526 | AK15: 0.058220667 | AL15: 0.84806521 | AM15: 34.934695 | AN15: 89.363152 | AO15: 104.9496 | AP15: 121.46878 | AQ15: 132.96972 | AR15: 131.18487 | AS15: 126.51696 | AT15: 128.71476 | AU15: 129.73304 | AV15: 133.07158 | AW15: 137.72311 | AX15: 137.82099 | AY15: 139.87216 | AZ15: 142.00834 | BA15: 147.66887 | BB15: 150.42872 | BC15: 160.16859 | BD15: 163.65001 | BE15: 157.76333 | BF15: 159.44056 | BG15: 164.55767 | BH15: 172.0472 | BI15: 160.20821 | BJ15: 154.78659 | BK15: 157.37691 | BL15: 147.48615 | BM15: 141.94055 | BN15: 148.24123 | BO15: 149.54951 | BP15: 148.37661 | BQ15: 148.37661 | BR15: 148.37661
A16: American Samoa | B16: ASM | C16: PPP conversion factor, GDP (LCU per international $) | D16: PA.NUS.PPP
A17: Antigua and Barbuda | B17: ATG | C17: PPP conversion factor, GDP (LCU per international $) | D17: PA.NUS.PPP | AI17: 1.5843504 | AJ17: 1.5801317 | AK17: 1.5902105 | AL17: 1.5893644 | AM17: 1.6119913 | AN17: 1.6269856 | AO17: 1.6522561 | AP17: 1.6653503 | AQ17: 1.6910024 | AR17: 1.7009359 | AS17: 1.6880134 | AT17: 1.685258 | AU17: 1.6809216 | AV17: 1.6404118 | AW17: 1.6349922 | AX17: 1.6594266 | AY17: 1.6278786 | AZ17: 1.6542565 | BA17: 1.6998731 | BB17: 1.7082198 | BC17: 1.7148057 | BD17: 1.6913767 | BE17: 1.8350409 | BF17: 1.8675599 | BG17: 1.9351101 | BH17: 2.0685587 | BI17: 2.0967444 | BJ17: 2.1383374 | BK17: 2.0118179 | BL17: 1.9216223 | BM17: 1.8550636 | BN17: 1.8193948 | BO17: 1.8101795 | BP17: 1.8304475 | BQ17: 1.8304475 | BR17: 1.8304475
A18: Australia | B18: AUS | C18: PPP conversion factor, GDP (LCU per international $) | D18: PA.NUS.PPP | AI18: 1.364415 | AJ18: 1.347277 | AK18: 1.32667 | AL18: 1.31089 | AM18: 1.299225 | AN18: 1.308996 | AO18: 1.311426 | AP18: 1.306627 | AQ18: 1.298972 | AR18: 1.29695 | AS18: 1.31208 | AT18: 1.327545 | AU18: 1.33649 | AV18: 1.351978 | AW18: 1.36477 | AX18: 1.388356 | AY18: 1.402633 | AZ18: 1.42652 | BA18: 1.479073 | BB18: 1.442566 | BC18: 1.503623 | BD18: 1.511052 | BE18: 1.540115 | BF18: 1.447123 | BG18: 1.452489 | BH18: 1.473691 | BI18: 1.450156 | BJ18: 1.477553 | BK18: 1.470403 | BL18: 1.459253 | BM18: 1.431163 | BN18: 1.416683 | BO18: 1.372115 | BP18: 1.391128 | BQ18: 1.391128 | BR18: 1.391128
A19: Austria | B19: AUT | C19: PPP conversion factor, GDP (LCU per international $) | D19: PA.NUS.PPP | AI19: 0.920645 | AJ19: 0.922961 | AK19: 0.933791 | AL19: 0.937319 | AM19: 0.940894 | AN19: 0.938286 | AO19: 0.934143 | AP19: 0.931676 | AQ19: 0.92277 | AR19: 0.923906 | AS19: 0.907505 | AT19: 0.922895 | AU19: 0.899797 | AV19: 0.888119 | AW19: 0.878053 | AX19: 0.881939 | AY19: 0.86003 | AZ19: 0.867981 | BA19: 0.854424 | BB19: 0.843756 | BC19: 0.842336 | BD19: 0.831374 | BE19: 0.813648 | BF19: 0.797081 | BG19: 0.798797 | BH19: 0.798813 | BI19: 0.776931 | BJ19: 0.775009 | BK19: 0.765403 | BL19: 0.738332 | BM19: 0.728799 | BN19: 0.713469 | BO19: 0.69687 | BP19: 0.708583 | BQ19: 0.708583 | BR19: 0.708583
A20: Azerbaijan | B20: AZE | C20: PPP conversion factor, GDP (LCU per international $) | D20: PA.NUS.PPP | AI20: 7.7776037e-06 | AJ20: 1.3808767e-05 | AK20: 0.00015733223 | AL20: 0.0013019397 | AM20: 0.018943226 | AN20: 0.11979638 | AO20: 0.14872282 | AP20: 0.15971434 | AQ20: 0.15641499 | AR20: 0.15756718 | AS20: 0.17332553 | AT20: 0.17377188 | AU20: 0.17832415 | AV20: 0.18704526 | AW20: 0.19899935 | AX20: 0.22135842 | AY20: 0.23900413 | AZ20: 0.28163487 | BA20: 0.35306338 | BB20: 0.28477232 | BC20: 0.31946464 | BD20: 0.38350978 | BE20: 0.36820277 | BF20: 0.35781248 | BG20: 0.35238519 | BH20: 0.37383191 | BI20: 0.42601673 | BJ20: 0.49860337 | BK20: 0.52723491 | BL20: 0.48993257 | BM20: 0.47421867 | BN20: 0.45713815 | BO20: 0.58623887 | BP20: 0.5135472 | BQ20: 0.5135472 | BR20: 0.5135472
A21: Burundi | B21: BDI | C21: PPP conversion factor, GDP (LCU per international $) | D21: PA.NUS.PPP | AI21: 71.220133 | AJ21: 71.71017 | AK21: 73.899715 | AL21: 77.777919 | AM21: 81.207228 | AN21: 92.347554 | AO21: 103.79442 | AP21: 135.09192 | AQ21: 148.88741 | AR21: 168.76406 | AS21: 186.77439 | AT21: 207.71601 | AU21: 206.63986 | AV21: 226.84589 | AW21: 249.94614 | AX21: 288.00956 | AY21: 287.34413 | AZ21: 302.91056 | BA21: 369.1503 | BB21: 405.25941 | BC21: 434.67339 | BD21: 461.50912 | BE21: 523.12723 | BF21: 531.30692 | BG21: 534.96525 | BH21: 553.84595 | BI21: 564.39575 | BJ21: 626.1676 | BK21: 605.94769 | BL21: 582.19629 | BM21: 595.61383 | BN21: 609.59918 | BO21: 673.89975 | BP21: 724.16695 | BQ21: 724.16695 | BR21: 724.16695
A22: Belgium | B22: BEL | C22: PPP conversion factor, GDP (LCU per international $) | D22: PA.NUS.PPP | AI22: 0.913792 | AJ22: 0.909327 | AK22: 0.919512 | AL22: 0.934089 | AM22: 0.933713 | AN22: 0.925701 | AO22: 0.927935 | AP22: 0.927651 | AQ22: 0.935605 | AR22: 0.931348 | AS22: 0.9 | AT22: 0.892366 | AU22: 0.8733 | AV22: 0.876064 | AW22: 0.888301 | AX22: 0.891788 | AY22: 0.874274 | AZ22: 0.878774 | BA22: 0.86694 | BB22: 0.850135 | BC22: 0.836717 | BD22: 0.831911 | BE22: 0.822137 | BF22: 0.806166 | BG22: 0.800214 | BH22: 0.799998 | BI22: 0.781011 | BJ22: 0.775634 | BK22: 0.766407 | BL22: 0.735832 | BM22: 0.716165 | BN22: 0.705865 | BO22: 0.694643 | BP22: 0.701943 | BQ22: 0.701943 | BR22: 0.701943
A23: Benin | B23: BEN | C23: PPP conversion factor, GDP (LCU per international $) | D23: PA.NUS.PPP | AI23: 117.74878 | AJ23: 114.75876 | AK23: 115.5961 | AL23: 115.60513 | AM23: 151.11093 | AN23: 170.35602 | AO23: 178.84871 | AP23: 182.26494 | AQ23: 189.6687 | AR23: 202.99994 | AS23: 207.1206 | AT23: 206.55059 | AU23: 210.61883 | AV23: 212.86474 | AW23: 208.88605 | AX23: 211.23184 | AY23: 209.20419 | AZ23: 204.4805 | BA23: 213.52311 | BB23: 217.6038 | BC23: 216.88487 | BD23: 220.43358 | BE23: 233.18614 | BF23: 229.8616 | BG23: 222.69227 | BH23: 217.4563 | BI23: 210.71178 | BJ23: 212.26624 | BK23: 215.7384 | BL23: 210.40488 | BM23: 212.43532 | BN23: 211.10667 | BO23: 205.38285 | BP23: 204.86857 | BQ23: 204.86857 | BR23: 204.86857
A24: Burkina Faso | B24: BFA | C24: PPP conversion factor, GDP (LCU per international $) | D24: PA.NUS.PPP | AI24: 162.6036 | AJ24: 151.04383 | AK24: 148.01377 | AL24: 142.50189 | AM24: 159.94749 | AN24: 167.26815 | AO24: 164.83371 | AP24: 164.56108 | AQ24: 175.65364 | AR24: 203.32402 | AS24: 197.19048 | AT24: 200.48791 | AU24: 203.45512 | AV24: 202.47832 | AW24: 197.35482 | AX24: 198.51047 | AY24: 191.29545 | AZ24: 190.89146 | BA24: 204.43781 | BB24: 208.07222 | BC24: 213.34382 | BD24: 223.11581 | BE24: 237.59224 | BF24: 228.40586 | BG24: 227.3232 | BH24: 220.23036 | BI24: 209.02648 | BJ24: 201.59528 | BK24: 208.28419 | BL24: 200.76306 | BM24: 199.51709 | BN24: 199.72475 | BO24: 197.57545 | BP24: 194.43592 | BQ24: 194.43592 | BR24: 194.43592
A25: Bangladesh | B25: BGD | C25: PPP conversion factor, GDP (LCU per international $) | D25: PA.NUS.PPP | AI25: 13.555576 | AJ25: 13.470048 | AK25: 13.509993 | AL25: 13.217701 | AM25: 13.45466 | AN25: 14.119936 | AO25: 14.453241 | AP25: 14.748173 | AQ25: 15.275007 | AR25: 15.631362 | AS25: 15.81195 | AT25: 15.968052 | AU25: 16.33581 | AV25: 16.9512 | AW25: 17.26039 | AX25: 17.503209 | AY25: 17.977296 | AZ25: 18.635762 | BA25: 19.720752 | BB25: 20.925668 | BC25: 22.151531 | BD25: 23.409555 | BE25: 23.7355 | BF25: 24.857473 | BG25: 25.650405 | BH25: 27.046612 | BI25: 28.189571 | BJ25: 29.351345 | BK25: 29.397892 | BL25: 29.595682 | BM25: 28.709801 | BN25: 28.296688 | BO25: 27.770094 | BP25: 28.641453 | BQ25: 28.641453 | BR25: 28.641453
A26: Bulgaria | B26: BGR | C26: PPP conversion factor, GDP (LCU per international $) | D26: PA.NUS.PPP | AI26: 0.00068999308 | AJ26: 0.0021793859 | AK26: 0.0034003457 | AL26: 0.0050186596 | AM26: 0.0084862757 | AN26: 0.019612629 | AO26: 0.038199403 | AP26: 0.39825605 | AQ26: 0.51874828 | AR26: 0.5251644 | AS26: 0.53596339 | AT26: 0.55579205 | AU26: 0.54766392 | AV26: 0.55980036 | AW26: 0.5802374 | AX26: 0.59650592 | AY26: 0.61823298 | AZ26: 0.65629455 | BA26: 0.67769657 | BB26: 0.69323105 | BC26: 0.67708406 | BD26: 0.70111315 | BE26: 0.69285266 | BF26: 0.68004272 | BG26: 0.66127613 | BH26: 0.67874801 | BI26: 0.66669028 | BJ26: 0.67634393 | BK26: 0.68014457 | BL26: 0.67583104 | BM26: 0.67522853 | BN26: 0.68720125 | BO26: 0.73191032 | BP26: 0.73855397 | BQ26: 0.73855397 | BR26: 0.73855397
A27: Bahrain | B27: BHR | C27: PPP conversion factor, GDP (LCU per international $) | D27: PA.NUS.PPP | AI27: 0.13581507 | AJ27: 0.12889919 | AK27: 0.12157511 | AL27: 0.11516665 | AM27: 0.1210256 | AN27: 0.11983306 | AO27: 0.11791014 | AP27: 0.11699127 | AQ27: 0.10752627 | AR27: 0.10884241 | AS27: 0.12167521 | AT27: 0.11499298 | AU27: 0.11709952 | AV27: 0.12471091 | AW27: 0.13479328 | AX27: 0.14864636 | AY27: 0.15695023 | AZ27: 0.16570072 | BA27: 0.18104455 | BB27: 0.15655413 | BC27: 0.16618391 | BD27: 0.1786785 | BE27: 0.17528638 | BF27: 0.18021832 | BG27: 0.18316848 | BH27: 0.18578421 | BI27: 0.18867821 | BJ27: 0.18569624 | BK27: 0.19037086 | BL27: 0.181091 | BM27: 0.17128722 | BN27: 0.18574536 | BO27: 0.18688724 | BP27: 0.17127754 | BQ27: 0.17127754 | BR27: 0.17127754
A28: Bahamas, The | B28: BHS | C28: PPP conversion factor, GDP (LCU per international $) | D28: PA.NUS.PPP | AI28: 0.98148575 | AJ28: 0.97365079 | AK28: 0.98913639 | AL28: 0.95800136 | AM28: 0.95845317 | AN28: 0.9463031 | AO28: 0.93843647 | AP28: 0.94031129 | AQ28: 0.95821423 | AR28: 0.9916224 | AS28: 0.97860486 | AT28: 0.9604348 | AU28: 0.98319379 | AV28: 0.97529313 | AW28: 0.96110296 | AX28: 0.9790003 | AY28: 0.95757818 | AZ28: 0.95980369 | BA28: 0.95567829 | BB28: 0.93997623 | BC28: 0.92504427 | BD28: 0.89856344 | BE28: 0.91997803 | BF28: 0.91246804 | BG28: 0.91839683 | BH28: 0.95587181 | BI28: 0.94831267 | BJ28: 0.92979783 | BK28: 0.92660826 | BL28: 0.93145245 | BM28: 0.96229053 | BN28: 0.97756869 | BO28: 0.9525454 | BP28: 0.97735436 | BQ28: 0.97735436 | BR28: 0.97735436
... A31: Belize | B31: BLZ | C31: PPP conversion factor, GDP (LCU per international $) | D31: PA.NUS.PPP | AI31: 1.3398375 | AJ31: 1.2641687 | AK31: 1.2781485 | AL31: 1.2719912 | AM31: 1.2782516 | AN31: 1.3185538 | AO31: 1.3304365 | AP31: 1.2882637 | AQ31: 1.304623 | AR31: 1.264906 | AS31: 1.2543789 | AT31: 1.2027717 | AU31: 1.1928931 | AV31: 1.1211686 | AW31: 1.1146587 | AX31: 1.1133267 | AY31: 1.1150926 | AZ31: 1.1273264 | BA31: 1.1449214 | BB31: 1.1097593 | BC31: 1.1201028 | BD31: 1.1512283 | BE31: 1.2323835 | BF31: 1.2507779 | BG31: 1.291502 | BH31: 1.2904955 | BI31: 1.3067015 | BJ31: 1.3314517 | BK31: 1.2660507 | BL31: 1.1755499 | BM31: 1.0869588 | BN31: 1.0486203 | BO31: 1.0517925 | BP31: 1.1253835 | BQ31: 1.1253835 | BR31: 1.1253835
A32: Bermuda | B32: BMU | C32: PPP conversion factor, GDP (LCU per international $) | D32: PA.NUS.PPP | AI32: 0.87340338 | AJ32: 0.89916047 | AK32: 0.90386403 | AL32: 0.92881561 | AM32: 0.92721843 | AN32: 0.94612463 | AO32: 1.2019465 | AP32: 1.2291162 | AQ32: 1.2487784 | AR32: 1.2647497 | AS32: 1.1843427 | AT32: 1.1424034 | AU32: 1.2214455 | AV32: 1.2316318 | AW32: 1.255656 | AX32: 1.2998132 | AY32: 1.3287308 | AZ32: 1.3787399 | BA32: 1.4217848 | BB32: 1.4278158 | BC32: 1.4422179 | BD32: 1.3967968 | BE32: 1.4492389 | BF32: 1.4220487 | BG32: 1.4024674 | BH32: 1.380703 | BI32: 1.3523741 | BJ32: 1.3111362 | BK32: 1.3166686 | BL32: 1.2727233 | BM32: 1.2563837 | BN32: 1.2214632 | BO32: 1.1518231
A33: Bolivia | B33: BOL | C33: PPP conversion factor, GDP (LCU per international $) | D33: PA.NUS.PPP | AI33: 0.94828483 | AJ33: 1.0795237 | AK33: 1.1947848 | AL33: 1.2436502 | AM33: 1.314481 | AN33: 1.4346112 | AO33: 1.5719632 | AP33: 1.6334759 | AQ33: 1.7292202 | AR33: 1.7462109 | AS33: 1.7962452 | AT33: 1.7895417 | AU33: 1.8118641 | AV33: 1.8892551 | AW33: 1.9863702 | AX33: 2.0404006 | AY33: 2.2498138 | AZ33: 2.3519794 | BA33: 2.547068 | BB33: 2.470196 | BC33: 2.6547548 | BD33: 2.980912 | BE33: 3.0334812 | BF33: 3.0095376 | BG33: 2.9822215 | BH33: 2.8946197 | BI33: 2.7792996 | BJ33: 2.6845872 | BK33: 2.7020142 | BL33: 2.639061 | BM33: 2.582665 | BN33: 2.4739568 | BO33: 2.4296608 | BP33: 2.3840555 | BQ33: 2.3840555 | BR33: 2.3840555
A34: Brazil | B34: BRA | C34: PPP conversion factor, GDP (LCU per international $) | D34: PA.NUS.PPP | AI34: 1.1578222e-05 | AJ34: 5.7865243e-05 | AK34: 0.00060480434 | AL34: 0.012384065 | AM34: 0.28374942 | AN34: 0.53910816 | AO34: 0.62712607 | AP34: 0.66414398 | AQ34: 0.68910422 | AR34: 0.73391924 | AS34: 0.75789542 | AT34: 0.80217064 | AU34: 0.86729057 | AV34: 0.97034305 | AW34: 1.0181848 | AX34: 1.0605939 | AY34: 1.0985635 | AZ34: 1.1384567 | BA34: 1.2149875 | BB34: 1.2958528 | BC34: 1.388137 | BD34: 1.4732164 | BE34: 1.6091359 | BF34: 1.7085554 | BG34: 1.8248505 | BH34: 2.0058693 | BI34: 2.1559716 | BJ34: 2.2096791 | BK34: 2.1975915 | BL34: 2.2164452 | BM34: 2.2649112 | BN34: 2.3792741 | BO34: 2.4132659 | BP34: 2.4368759 | BQ34: 2.4368759 | BR34: 2.4368759
A35: Barbados | B35: BRB | C35: PPP conversion factor, GDP (LCU per international $) | D35: PA.NUS.PPP | AI35: 1.6190414 | AJ35: 1.6364793 | AK35: 1.6339759 | AL35: 1.6790676 | AM35: 1.6802947 | AN35: 1.6625113 | AO35: 1.6740646 | AP35: 1.6607749 | AQ35: 1.7852525 | AR35: 1.8383854 | AS35: 1.7738845 | AT35: 1.7739487 | AU35: 1.7626619 | AV35: 1.7478235 | AW35: 1.8012519 | AX35: 1.8629427 | AY35: 1.8812413 | AZ35: 1.9893618 | BA35: 1.9870241 | BB35: 1.9387098 | BC35: 1.9886785 | BD35: 2.018887 | BE35: 2.1223256 | BF35: 2.144778 | BG35: 2.1718545 | BH35: 2.1291276 | BI35: 2.116815 | BJ35: 2.2004437 | BK35: 2.1622267 | BL35: 2.1943839 | BM35: 2.3188248 | BN35: 2.3842034 | BO35: 2.3181569 | BP35: 2.3425548 | BQ35: 2.3425548 | BR35: 2.3425548
A36: Brunei Darussalam | B36: BRN | C36: PPP conversion factor, GDP (LCU per international $) | D36: PA.NUS.PPP | AI36: 0.44154786 | AJ36: 0.41498586 | AK36: 0.41274627 | AL36: 0.39128928 | AM36: 0.34953488 | AN36: 0.35219263 | AO36: 0.36138558 | AP36: 0.38575781 | AQ36: 0.33703471 | AR36: 0.37086237 | AS36: 0.46787249 | AT36: 0.43198262 | AU36: 0.42696414 | AV36: 0.4442576 | AW36: 0.50135132 | AX36: 0.57733445 | AY36: 0.61633659 | AZ36: 0.60680247 | BA36: 0.67089605 | BB36: 0.51948155 | BC36: 0.5988958 | BD36: 0.70520681 | BE36: 0.67262286 | BF36: 0.6614251 | BG36: 0.63997385 | BH36: 0.67147641 | BI36: 0.64981614 | BJ36: 0.62763661 | BK36: 0.64161497 | BL36: 0.59850478 | BM36: 0.53051335 | BN36: 0.5324986 | BO36: 0.61804231 | BP36: 0.51940604 | BQ36: 0.51940604 | BR36: 0.51940604
A37: Bhutan | B37: BTN | C37: PPP conversion factor, GDP (LCU per international $) | D37: PA.NUS.PPP | AI37: 5.7698805 | AJ37: 6.0801623 | AK37: 6.4751535 | AL37: 6.86372 | AM37: 7.5495905 | AN37: 8.0071426 | AO37: 8.5010976 | AP37: 9.4356114 | AQ37: 10.328788 | AR37: 10.813085 | AS37: 11.350751 | AT37: 11.693282 | AU37: 12.109088 | AV37: 12.305019 | AW37: 12.503549 | AX37: 12.908926 | AY37: 13.346131 | AZ37: 13.603273 | BA37: 14.09434 | BB37: 14.627667 | BC37: 15.330991 | BD37: 16.396805 | BE37: 17.140052 | BF37: 18.119423 | BG37: 18.652391 | BH37: 18.554035 | BI37: 18.789594 | BJ37: 19.15761 | BK37: 19.427458 | BL37: 19.512211 | BM37: 18.957947 | BN37: 19.610392 | BO37: 19.382088
A38: Botswana | B38: BWA | C38: PPP conversion factor, GDP (LCU per international $) | D38: PA.NUS.PPP | AI38: 0.86584948 | AJ38: 0.8808906 | AK38: 0.91844537 | AL38: 1.0143931 | AM38: 1.0871798 | AN38: 1.1410466 | AO38: 1.3010746 | AP38: 1.3428494 | AQ38: 1.4602832 | AR38: 1.6448809 | AS38: 1.8363789 | AT38: 1.9452332 | AU38: 1.9382106 | AV38: 1.9626301 | AW38: 2.1038646 | AX38: 2.3555124 | AY38: 2.4558097 | AZ38: 2.5351905 | BA38: 2.720393 | BB38: 3.1122198 | BC38: 3.3110943 | BD38: 3.6546581 | BE38: 3.9565851 | BF38: 4.1108705 | BG38: 4.2611191 | BH38: 4.3980169 | BI38: 4.5336462 | BJ38: 4.6824784 | BK38: 4.7866378 | BL38: 4.8334565 | BM38: 4.7371163 | BN38: 4.8198805 | BO38: 5.1610389 | BP38: 5.085393 | BQ38: 5.085393 | BR38: 5.085393
A39: Central African Republic | B39: CAF | C39: PPP conversion factor, GDP (LCU per international $) | D39: PA.NUS.PPP | AI39: 220.15677 | AJ39: 212.1249 | AK39: 213.16976 | AL39: 201.08523 | AM39: 244.94523 | AN39: 263.66169 | AO39: 249.74774 | AP39: 247.5355 | AQ39: 243.77066 | AR39: 250.1876 | AS39: 265.45694 | AT39: 260.71709 | AU39: 250.63828 | AV39: 249.07042 | AW39: 231.77948 | AX39: 234.14588 | AY39: 234.7142 | AZ39: 232.72371 | BA39: 244.48325 | BB39: 244.71371 | BC39: 251.95736 | BD39: 256.76135 | BE39: 261.70144 | BF39: 253.5181 | BG39: 289.52386 | BH39: 281.67845 | BI39: 277.7713 | BJ39: 284.03351 | BK39: 279.15509 | BL39: 267.2587 | BM39: 249.86327 | BN39: 241.88068 | BO39: 239.45579 | BP39: 238.88966 | BQ39: 238.88966 | BR39: 238.88966
A40: Canada | B40: CAN | C40: PPP conversion factor, GDP (LCU per international $) | D40: PA.NUS.PPP | AI40: 1.241556 | AJ40: 1.23759 | AK40: 1.227694 | AL40: 1.214689 | AM40: 1.206599 | AN40: 1.208429 | AO40: 1.20741 | AP40: 1.200565 | AQ40: 1.185044 | AR40: 1.19081 | AS40: 1.227599 | AT40: 1.220464 | AU40: 1.229333 | AV40: 1.225714 | AW40: 1.232662 | AX40: 1.213644 | AY40: 1.205365 | AZ40: 1.212099 | BA40: 1.23439 | BB40: 1.202244 | BC40: 1.22182 | BD40: 1.239904 | BE40: 1.244607 | BF40: 1.224 | BG40: 1.230358 | BH40: 1.248042 | BI40: 1.207045 | BJ40: 1.212304 | BK40: 1.206524 | BL40: 1.21786 | BM40: 1.201689 | BN40: 1.180039 | BO40: 1.164518 | BP40: 1.169928 | BQ40: 1.169928 | BR40: 1.169928
A41: Central Europe and the Baltics | B41: CEB | C41: PPP conversion factor, GDP (LCU per international $) | D41: PA.NUS.PPP
A42: Switzerland | B42: CHE | C42: PPP conversion factor, GDP (LCU per international $) | D42: PA.NUS.PPP | AI42: 1.932927 | AJ42: 1.970833 | AK42: 1.96786 | AL42: 1.966931 | AM42: 1.948616 | AN42: 1.922675 | AO42: 1.887199 | AP42: 1.844032 | AQ42: 1.827602 | AR42: 1.802836 | AS42: 1.78866 | AT42: 1.768621 | AU42: 1.70976 | AV42: 1.715154 | AW42: 1.691758 | AX42: 1.686548 | AY42: 1.598858 | AZ42: 1.531784 | BA42: 1.493049 | BB42: 1.470105 | BC42: 1.466316 | BD42: 1.397498 | BE42: 1.354072 | BF42: 1.312477 | BG42: 1.281761 | BH42: 1.235788 | BI42: 1.201964 | BJ42: 1.187726 | BK42: 1.178866 | BL42: 1.133809 | BM42: 1.104751 | BN42: 1.046474 | BO42: 0.981279 | BP42: 0.966273 | BQ42: 0.966273 | BR42: 0.966273
A43: Channel Islands | B43: CHI | C43: PPP conversion factor, GDP (LCU per international $) | D43: PA.NUS.PPP
